Workbook

Sheet 2019 FA Data
D3: 2 | E3: 3 | F3: 4 | G3: 5 | H3: 6 | I3: 7 | J3: 8 | K3: 9
D4: 2019 Consumption Data | L4: Total
A5: Distribution Utility | C5: Utility | D5: Residential kWh | E5: Commercial Non-Demand kWh | F5: Streetlights kWh | G5: Commercial Demand kWh | H5: Commercial Demand kW | I5: Industrial Non-Demand kWh | J5: Industrial Demand kWh | K5: Industrial Demand kW | L5: kWh | M5: kW
A6: Barton Village, Inc | B6: Barton Villlage, Inc Electric Department | C6: Barton | D6: 10123377 | E6: 1050281 | F6: 115951 | G6: 2327417 | H6: 7487 | I6: 0 | J6: 0 | K6: 0 | L6: =SUM(D6:G6,I6:J6) -> 13617026 | M6: =H6+K6 -> 7487
A7: Enosburg Falls | B7: Enosburg Falls Water & Light Dept. | C7: Enosburg Falls | D7: 13646733 | E7: 2442317 | F7: 128609 | G7: 10147575 | H7: 23481.6 | I7: 0 | J7: 0 | K7: 0 | L7: =SUM(D7:G7,I7:J7) -> 26365234 | M7: =H7+K7 -> 23481.6
A8: Green Mountain Power | B8: Green Mountain Power Corporation | C8: Green Mountain Power | D8: 1490143897 | E8: 189962700 | F8: 9662377 | G8: 1264600601 | H8: 3852051.3 | I8: 0 | J8: 599895104 | K8: 1133262 | L8: =SUM(D8:G8,I8:J8) -> 3554264679 | M8: =H8+K8 -> 4985313.3
A9: Hardwick Electric Department | B9: Hardwick Electric Dept, Town of | C9: Hardwick | D9: 23390271 | E9: 5056167 | F9: 104191.48 | G9: 5355407 | H9: 19825.964 | I9: 0 | J9: 0 | K9: 0 | L9: =SUM(D9:G9,I9:J9) -> 33906036 | M9: =H9+K9 -> 19825.964
A10: Hyde Park | B10: Hyde Park Electric Dept., Village of | C10: Hyde Park | D10: 7024184.5 | E10: 1923063 | F10: 70111 | G10: 1210520 | H10: 41788.4 | I10: 0 | J10: 0 | K10: 0 | L10: =SUM(D10:G10,I10:J10) -> 10227878 | M10: =H10+K10 -> 41788.4
A11: Jacksonville | B11: Jacksonville Electric Company, Village of | C11: Jacksonville | D11: 3470729 | E11: 552438 | F11: 52164 | G11: 865613 | H11: 4748 | I11: 0 | J11: 0 | K11: 0 | L11: =SUM(D11:G11,I11:J11) -> 4940944 | M11: =H11+K11 -> 4748
A12: Johnson | B12: Johnson Water & Light Dept., Village of | C12: Johnson | D12: 5225830 | E12: 1854106 | F12: 64258 | G12: 6164327 | H12: 13534 | I12: 0 | J12: 0 | K12: 0 | L12: =SUM(D12:G12,I12:J12) -> 13308521 | M12: =H12+K12 -> 13534
A13: Village of Ludlow Electric Light Dept | B13: Ludlow Electric Light Dept., Village of | C13: Ludlow | D13: 16788708 | E13: 5489466 | F13: 324996 | G13: 12855166 | H13: 42958.183 | I13: 0 | J13: 19853479 | K13: 76731 | L13: =SUM(D13:G13,I13:J13) -> 55311815 | M13: =H13+K13 -> 119689.18
A14: Lyndonville | B14: Lyndonville Electric Dept., Village of | C14: Lyndonville | D14: 28411514 | E14: 12187559 | F14: 477435 | G14: 17726842 | H14: 55604.28 | I14: 0 | J14: 0 | K14: 0 | L14: =SUM(D14:G14,I14:J14) -> 58803351 | M14: =H14+K14 -> 55604.28
A15: Morrisville Water & Light Department | B15: Morrisville Water & Light Dept., Village of | C15: Morrisville | D15: 21389476 | E15: 5430579 | F15: 70646 | G15: 18276573 | H15: 52476.4 | I15: 0 | J15: 0 | K15: 0 | L15: =SUM(D15:G15,I15:J15) -> 45167274 | M15: =H15+K15 -> 52476.4
A16: Northfield | B16: Northfield Elevtric Dept., Village of | C16: Northfield | D16: 10193675 | E16: 2577052 | F16: 89430 | G16: 7176697 | H16: 19300.288 | I16: 0 | J16: 8855839 | K16: 18598.458 | L16: =SUM(D16:G16,I16:J16) -> 28892693 | M16: =H16+K16 -> 37898.746
A17: Orleans Electric Departemnt | B17: Orleans Electric Dept., Village of | C17: Orleans | D17: 3938086 | E17: 1825887.1 | F17: 139088 | G17: 0 | H17: 0 | I17: 0 | J17: 6132492 | K17: 25547 | L17: =SUM(D17:G17,I17:J17) -> 12035553 | M17: =H17+K17 -> 25547
... A21: Washington Electric Co-op, Inc | B21: Washington Electric Cooperative, Inc. | C21: Washington Electric Coop (WEC) | D21: 61470226 | E21: 5116719 | F21: 152439 | G21: 3834136 | H21: 11604.848 | I21: 0 | J21: 0 | K21: 0 | L21: =SUM(D21:G21,I21:J21) -> 70573520 | M21: =H21+K21 -> 11604.848
A22: Total | C22: Total | D22: =SUM(D6:D21) -> 1.9671493e+09 | E22: =SUM(E6:E21) -> 3.1223804e+08 | F22: =SUM(F6:F21) -> 13255455 | G22: =SUM(G6:G21) -> 1476949060 | H22: =SUM(H6:H21) -> 4359777.7 | I22: =SUM(I6:I21) -> 5869669 | J22: =SUM(J6:J21) -> 730271104 | K22: =SUM(K6:K21) -> 1628440.5 | ... M22: =SUM(M6:M21) -> 5988218.2
C26: 2019 Calculated Revenue by Sector | D26: With Tax | E26: Net of Tax
C27: Residential | D27: 26973979 | E27: 26704239 | H27: With Tax | I27: Net of Tax | J27: kWh | K27: kW
C28: Commercial Non-Demand | D28: 3406517 | E28: 3372451.8 | G28: Residential | H28: =D27 -> 26973979 | I28: =E27 -> 26704239 | J28: =D22 -> 1.9671493e+09 | K28: =0 -> 0
C29: Commercial Demand (kWh) | D29: 10442030 | E29: 10337610 | G29: Commercial | H29: =SUM(D28:D30,D34) -> 18955899 | I29: =SUM(E28:E30,E34) -> 18766340 | J29: =E22+F22+G22 -> 1.8024426e+09 | K29: =H22 -> 4359777.7
C30: Commercial Demand (kW) | D30: 4962735 | E30: 4913107.7 | G30: Industrial | H30: =SUM(D31:D33) -> 5832835.6 | I30: =SUM(E31:E33) -> 5774507.2 | J30: =J22+I22 -> 736140773 | K30: =K22 -> 1628440.5
C31: Industrial Non-Demand | D31: 45196.46 | E31: 44744.49 | G31: Total | H31: =SUM(H28:H30) -> 51762714 | I31: =SUM(I28:I30) -> 51245086 | J31: =SUM(J28:J30) -> 4.5057326e+09
C32: Industrial Demand (kWh) | D32: 3812015.2 | E32: 3773895
C33: Industrial Demand (kW) | D33: 1975624 | E33: 1955867.7
C34: Street & Area Lights | D34: 144617.03 | E34: 143170.85
C35: Total | D35: 51762714 | E35: 51245086

Sheet 2019 Detailed True-up
A5: Commercial Efficiency Charge b | B5: Commercial Efficiency Charge | C5: 75209 | D5: 0.01091 | E5: 820.51
A6: Commercial Efficiency Charge c | B6: Commercial Efficiency Charge | C6: 203174 | D6: 0.00707 | E6: 1436.42 | I6: 2019 Actual Revenue | K6: 2019 Approved Budgets
A7: Commercial Efficiency Charge d | B7: Commercial Efficiency Charge | C7: 566 | D7: 1.13827 | E7: 644.26 | H7: Sector | I7: With Tax | J7: No Tax | K7: Rates | L7: Consumption | M7: Revenue | N7: Variance
A8: Street and Area Light Efficienc | B8: Street and Area Light Efficiency Charge | C8: 10441 | D8: 0.00966 | E8: 100.83 | G8: Residential Efficiency Charge | H8: Residential | I8: =SUMIF(A$5:A$1086,G8,E$5:E$1086) -> 27007336 | J8: =I8*0.99 -> 26737262 | K8: 0.01371 | L8: 1931666733 | M8: =L8*K8 -> 26483151 | N8: =I8-M8 -> 524184.92 | P8: =J8/J$16 -> 0.52180992 | Q8: =J21/J$29 -> 0.51643048
A9: Residential Efficiency Charge | B9: Residential Efficiency Charge | C9: 998607 | D9: 0.01413 | E9: 14110.32 | G9: Commercial Efficiency Charge b | H9: Commercial Non-Demand | I9: =SUMIF(A$5:A$1086,G9,E$5:E$1086) -> 3408238.7 | J9: =I9*0.99 -> 3374156.3 | K9: 0.01091 | L9: 3.1943173e+08 | M9: =L9*K9 -> 3485000.2 | N9: =I9-M9 -> -76761.495 | P9: =J9/J$16 -> 0.065850729 | Q9: =J22/J$29 -> 0.065406663
A10: Residential Efficiency Charge | B10: Residential Efficiency Charge | C10: 994345 | D10: 0.0130206 | E10: 12946.97 | G10: Commercial Efficiency Charge c | H10: Commecrial Demand kWh | I10: =SUMIF(A$5:A$1086,G10,E$5:E$1086) -> 10441994 | J10: =I10*0.99 -> 10337574 | K10: 0.00707 | L10: 1.5205517e+09 | M10: =L10*K10 -> 10750300 | N10: =I10-M10 -> -308306.22 | P10: =J10/J$16 -> 0.20175023 | Q10: =J23/J$29 -> 0.20176219
A11: Commercial Efficiency Charge b | B11: Commercial Efficiency Charge | C11: 79216 | D11: 0.01091 | E11: 864.25 | G11: Commercial Efficiency Charge d | H11: Commercial Demand kW | I11: =SUMIF(A$5:A$1086,G11,E$5:E$1086) -> 4919859.1 | J11: =I11*0.99 -> 4870660.5 | K11: 1.1383 | L11: 4836803.5 | M11: =L11*K11 -> 5505733.4 | N11: =I11-M11 -> -585874.32 | P11: =J11/J$16 -> 0.095056814 | Q11: =J24/J$29 -> 0.10333189
A12: Commercial Efficiency Charge c | B12: Commercial Efficiency Charge | C12: 190447 | D12: 0.00707 | E12: 1346.46 | G12: Industrial Efficiency Charge e | H12: Industrial Non-Demand | I12: =SUMIF(A$5:A$1086,G12,E$5:E$1086) -> 45196.46 | J12: =I12*0.99 -> 44744.495 | K12: 0.0077 | L12: 9972776 | M12: =L12*K12 -> 76790.375 | N12: =I12-M12 -> -31593.915 | P12: =J12/J$16 -> 0.00087324279 | Q12: =J25/J$29 -> 0.0015877346
A13: Street and Area Light Efficienc | B13: Street and Area Light Efficiency Charge | C13: 10441 | D13: 0.00966 | E13: 100.83 | G13: Industrial Efficiency Charge f | H13: Industrial Demand kWh | I13: =SUMIF(A$5:A$1086,G13,E$5:E$1086) -> 3814580.8 | J13: =I13*0.99 -> 3776435 | K13: 0.00522 | L13: 703687893 | M13: =L13*K13 -> 3673250.8 | N13: =I13-M13 -> 141330 | P13: =J13/J$16 -> 0.073701683 | Q13: =J26/J$29 -> 0.075948936
A14: Commercial Efficiency Charge d | B14: Commercial Efficiency Charge | C14: 600 | D14: 1.13827 | E14: 682.96 | G14: Industrial Efficiency Charge g | H14: Industrial Demand kW | I14: =SUMIF(A$5:A$1086,G14,E$5:E$1086) -> 1975622.3 | J14: =I14*0.99 -> 1955866.1 | K14: 1.2132 | L14: 1416502.9 | M14: =L14*K14 -> 1718501.3 | N14: =I14-M14 -> 257121.04 | P14: =J14/J$16 -> 0.038171086 | Q14: =J27/J$29 -> 0.035532108
A15: Residential Efficiency Charge | B15: Residential Efficiency Charge | C15: 855969 | D15: 0.01371 | E15: 11735.33 | G15: Street and Area Light Efficienc | H15: Street Lights | I15: =SUMIF(A$5:A$1086,G15,E$5:E$1086) -> 144210.33 | J15: =I15*0.99 -> 142768.23 | K15: =K9 -> 0.01091 | N15: =I15-M15 -> 144210.33
A16: Commercial Efficiency Charge b | B16: Commercial Efficiency Charge | C16: 86482 | D16: 0.01091 | E16: 943.52 | H16: Total Collections | I16: =SUM(I8:I15) -> 51757038 | J16: =SUM(J8:J15) -> 51239467 | M16: =SUM(M8:M15) -> 51692727 | N16: =SUM(N8:N15) -> 64310.337
A17: Commercial Efficiency Charge c | B17: Commercial Efficiency Charge | C17: 173739 | D17: 0.00707 | E17: 1228.34
A18: Commercial Efficiency Charge d | B18: Commercial Efficiency Charge | C18: 578 | D18: 1.1383 | E18: 657.94
A19: Street and Area Light Efficienc | B19: Street and Area Light Efficiency Charge | C19: 10703 | D19: 0.0096506 | E19: 103.29 | I19: 2020 Actual Revenue | K19: 2020 Approved Budgets | P19: 2021
A20: Residential Efficiency Charge | B20: Residential Efficiency Charge | C20: 757868 | D20: 0.01371 | E20: 10390.37 | H20: Sector | I20: With Tax | J20: No Tax | K20: Rates | L20: Consumption | M20: Revenue | N20: Variance | P20: Budgets
A21: Commercial Efficiency Charge b | B21: Commercial Efficiency Charge | C21: 69236 | D21: 0.01091 | E21: 755.36 | H21: Residential | I21: =J21/0.99 -> 23639021 | J21: 23402630 | K21: 0.01188 | L21: 2017249821 | M21: =L21*K21 -> 23964928 | N21: =I21-M21 -> -325907.27
A22: Commercial Efficiency Charge c | B22: Commercial Efficiency Charge | C22: 181164 | D22: 0.00707 | E22: 1280.83 | H22: Commercial Non-Demand | I22: =J22/0.99 -> 2993916 | J22: =M34*J$34 -> 2963976.8 | K22: 0.01024 | L22: 3.2159515e+08 | M22: =L22*K22 -> 3293134.3 | N22: =I22-M22 -> -299218.39
A23: Commercial Efficiency Charge d | B23: Commercial Efficiency Charge | C23: 574 | D23: 1.1383 | E23: 653.38 | H23: Commecrial Demand kWh | I23: =J23/0.99 -> 9235436 | J23: =M35*J$34 -> 9143081.6 | K23: 0.00662 | L23: 1.5331313e+09 | M23: =L23*K23 -> 10149329 | N23: =I23-M23 -> -913893.38
A24: Street and Area Light Efficienc | B24: Street and Area Light Efficiency Charge | C24: 9206 | D24: 0.01091 | E24: 100.44 | H24: Commercial Demand kW | I24: =J24/0.99 -> 4729900.2 | J24: =M36*J$34 -> 4682601.2 | K24: 1.13825 | L24: 4871856.8 | M24: =L24*K24 -> 5545391 | N24: =I24-M24 -> -815490.73
A25: Street and Area Light Efficienc | B25: Street and Area Light Efficiency Charge | C25: 9206 | D25: 0.01091 | E25: 100.44 | H25: Industrial Non-Demand | I25: =J25/0.99 -> 72676.753 | J25: =J$35*M37 -> 71949.985 | K25: 0.00757 | L25: 8702978 | M25: =L25*K25 -> 65881.543 | N25: =I25-M25 -> 6795.2093
A26: Commercial Efficiency Charge d | B26: Commercial Efficiency Charge | C26: 626 | D26: 1.1383 | E26: 712.58 | H26: Industrial Demand kWh | I26: =J26/0.99 -> 3476476.6 | J26: =J$35*M38 -> 3441711.8 | K26: 0.00521 | L26: 714469990 | M26: =L26*K26 -> 3722388.6 | N26: =I26-M26 -> -245912.08
A27: Commercial Efficiency Charge c | B27: Commercial Efficiency Charge | C27: 218053 | D27: 0.00707 | E27: 1541.64 | H27: Industrial Demand kW | I27: =J27/0.99 -> 1626442 | J27: =J$35*M39 -> 1610177.6 | K27: 1.21316 | L27: 1390845.4 | M27: =L27*K27 -> 1687318 | N27: =I27-M27 -> -60876.008
A28: Commercial Efficiency Charge b | B28: Commercial Efficiency Charge | C28: 127295 | D28: 0.01091 | E28: 1388.79 | H28: Street Lights | I28: 0 | J28: =I28*0.99 -> 0 | K28: =K22 -> 0.01024 | N28: =I28-M28 -> 0
A29: Residential Efficiency Charge | B29: Residential Efficiency Charge | C29: 839500 | D29: 0.01371 | E29: 11509.54 | H29: Total Collections | I29: =SUM(I21:I28) -> 45773868 | J29: =SUM(J21:J28) -> 45316129 | M29: =SUM(M21:M28) -> 48428371 | N29: =SUM(N21:N28) -> -2654502.6
A30: Commercial Efficiency Charge d | B30: Commercial Efficiency Charge | C30: 564 | D30: 1.1383156 | E30: 642.01
A31: Street and Area Light Efficienc | B31: Street and Area Light Efficiency Charge | C31: 9503 | D31: 0.01091 | E31: 103.68
A32: Commercial Efficiency Charge c | B32: Commercial Efficiency Charge | C32: 163173 | D32: 0.00707 | E32: 1153.63
A33: Commercial Efficiency Charge b | B33: Commercial Efficiency Charge | C33: 101117 | D33: 0.01091 | E33: 1103.19
A34: Residential Efficiency Charge | B34: Residential Efficiency Charge | C34: 804055 | D34: 0.01371 | E34: 11023.6 | J34: 16789660 | L34: CND | M34: =M9/SUM(M$9:M$11) -> 0.17653585
A35: Residential Efficiency Charge | B35: Residential Efficiency Charge | C35: 674248 | D35: 0.01371 | E35: 9243.94 | J35: 5123839.4 | L35: CD kWh | M35: =M10/SUM(M$9:M$11) -> 0.54456623
A36: Commercial Efficiency Charge b | B36: Commercial Efficiency Charge | C36: 99176 | D36: 0.01091 | E36: 1082.01 | L36: CD kW | M36: =M11/SUM(M$9:M$11) -> 0.27889792
A37: Commercial Efficiency Charge c | B37: Commercial Efficiency Charge | C37: 165212 | D37: 0.00707 | E37: 1168.05 | L37: I ND | M37: =M12/SUM(M$12:M$14) -> 0.014042201
A38: Commercial Efficiency Charge d | B38: Commercial Efficiency Charge | C38: 626 | D38: 1.1383156 | E38: 712.59 | L38: I D kWh | M38: =M13/SUM(M$12:M$14) -> 0.67170564
A39: Street and Area Light Efficienc | B39: Street and Area Light Efficiency Charge | C39: 9206 | D39: 0.01091 | E39: 100.44 | L39: I D kW | M39: =M14/SUM(M$12:M$14) -> 0.31425216
A40: Commercial Efficiency Charge d | B40: Commercial Efficiency Charge | C40: 727 | D40: 1.1383156 | E40: 827.56
A41: Street and Area Light Efficienc | B41: Street and Area Light Efficiency Charge | C41: 9269 | D41: 0.0109106 | E41: 101.13
A42: Commercial Efficiency Charge c | B42: Commercial Efficiency Charge | C42: 268808 | D42: 0.00707 | E42: 1900.47
A43: Commercial Efficiency Charge b | B43: Commercial Efficiency Charge | C43: 79597 | D43: 0.01091 | E43: 868.4
A44: Residential Efficiency Charge | B44: Residential Efficiency Charge | C44: 774225 | D44: 0.01371 | E44: 10614.62
A45: Commercial Efficiency Charge b | B45: Commercial Efficiency Charge | C45: 126447 | D45: 0.0109099 | E45: 1379.53
A46: Commercial Efficiency Charge c | B46: Commercial Efficiency Charge | C46: 218410 | D46: 0.00707 | E46: 1544.16
A47: Commercial Efficiency Charge d | B47: Commercial Efficiency Charge | C47: 713 | D47: 1.1382749 | E47: 811.59
A48: Street and Area Light Efficienc | B48: Street and Area Light Efficiency Charge | C48: 9566 | D48: 0.0109106 | E48: 104.37
A49: Residential Efficiency Charge | B49: Residential Efficiency Charge | C49: 1051264 | D49: 0.01371 | E49: 14412.83
A50: Street and Area Light Efficienc | B50: Street and Area Light Efficiency Charge | C50: 9341 | D50: 0.01091 | E50: 101.91
A51: Commercial Efficiency Charge d | B51: Commercial Efficiency Charge | C51: 658 | D51: 1.1382979 | E51: 749
... A1086: Residential Efficiency Charge | B1086: Residential Efficiency Charge | C1086: 5550276 | D1086: 0.01371 | E1086: 76094.28
E1087: =SUM(E5:E1086) -> 51757038

Sheet Sheet1
C5: 2019 Electric Sales | I5: 2021 EEC Rate Calculation
A6: Sector | B6: Units | C6: Revenue | D6: % Revenue by Sector | E6: Consumption | F6: % Consumption by Sector | I6: Budget | J6: Collections by Sector | K6: Consumption | L6: Rates | P6: 2020 Rates | Q6: % Change
A7: Residential | B7: kWh | C7: ='Util Rev and Load Data'!C40 -> 3.2178078e+08 | D7: =C7/C$16 -> 0.4778101 | E7: ='Util Rev and Load Data'!C86 -> 2.0173084e+09 | F7: =E7/E16 -> #DIV/0! | I7: ='EEC Calculation'!B41 -> 47158169 | J7: =I$7*D7 -> 22532649 | K7: ='EEC Calculation'!C68 -> 2.0173084e+09 | L7: =J7/K7 -> 0.011169661 | P7: ='EEC Rates Report'!C8 -> 0.01051418 | Q7: =L7/P7-1 -> 0.062342477
A8: Commercial
A9: Non Demand | B9: kWh | C9: ='Util Rev and Load Data'!G40+'Util Rev and Load Data'!H40 -> 58989806 | D9: =C9/C$16 -> 0.087593563 | E9: ='Util Rev and Load Data'!I86 -> 3.259209e+08 | F9: =E9/E$16 -> #DIV/0! | J9: =I$7*D9 -> 4130752 | K9: ='EEC Calculation'!C101 -> 3.186328e+08 | L9: =J9/K9 -> 0.012963989 | P9: ='EEC Rates Report'!C9 -> 0.012477734 | Q9: =L9/P9-1 -> 0.038969761
A10: Demand | B10: kWh | C10: ='Util Rev and Load Data'!K40 -> 1.3914374e+08 | D10: =C10/C$16 -> 0.2066136 | E10: ='Util Rev and Load Data'!K86 -> 1491129438 | F10: =E10/E$16 -> #DIV/0! | J10: =I$7*D10 -> 9743518.9 | K10: ='EEC Calculation'!B106 -> 1.358652e+09 | L10: =J10/K10 -> 0.0071714605 | P10: ='EEC Rates Report'!C14 -> 0.0079624133 | Q10: =L10/P10-1 -> -0.09933581
A11: Demand | B11: kW | C11: ='Util Rev and Load Data'!L40 -> 69849291 | D11: =C11/C$16 -> 0.10371874 | E11: ='Util Rev and Load Data'!L86 -> 4826265 | F11: =E11/E$16 -> #DIV/0! | J11: =I$7*D11 -> 4891185.8 | K11: ='EEC Calculation'!B109 -> 4069140 | L11: =J11/K11 -> 1.2020195 | P11: ='EEC Rates Report'!C15 -> 1.5076281 | Q11: =L11/P11-1 -> -0.20270821
A12: Industrial
A13: Non Demand | B13: kWh | C13: ='Util Rev and Load Data'!S40 -> 1216637 | D13: =C13/C$16 -> 0.001806576 | E13: ='Util Rev and Load Data'!S86 -> 5578093 | F13: =E13/E$16 -> #DIV/0! | J13: =I$7*D13 -> 85194.818 | K13: ='EEC Calculation'!C118 -> 6789470.1 | L13: =J13/K13 -> 0.012548081 | P13: ='EEC Rates Report'!C10 -> 0.0070952838 | Q13: =L13/P13-1 -> 0.76851004
A14: Demand | B14: kWh | C14: ='Util Rev and Load Data'!V40 -> 58358599 | D14: =C14/C$16 -> 0.086656288 | E14: ='Util Rev and Load Data'!V86 -> 727465365 | F14: =E14/E$16 -> #DIV/0! | J14: =I$7*D14 -> 4086551.9 | K14: ='EEC Calculation'!B123 -> 7.0059747e+08 | L14: =J14/K14 -> 0.0058329527 | P14: ='EEC Rates Report'!C17 -> 0.0047700573 | Q14: =L14/P14-1 -> 0.22282656
A15: Demand | B15: kW | C15: ='Util Rev and Load Data'!W40 -> 24110245 | D15: =C15/C$16 -> 0.035801139 | E15: ='Util Rev and Load Data'!W86 -> 1745708.2 | F15: =E15/E$16 -> #DIV/0! | J15: =I$7*D15 -> 1688316.2 | K15: ='EEC Calculation'!B126 -> 1526885.5 | L15: =J15/K15 -> 1.1057254 | P15: ='EEC Rates Report'!C18 -> 1.0669089 | Q15: =L15/P15-1 -> 0.036382182
A16: Totals | C16: =SUM(C7:C15) -> 6.734491e+08 | D16: =SUM(D7:D15) -> 1 | F16: =SUM(F7:F15) -> #DIV/0! | J16: =SUM(J7:J15) -> 47158169
C19: 2019 EEC Sales | I19: 2021 EEC Rate Calculation
A20: Sector | B20: Units | C20: Revenue | D20: % Revenue by Sector | E20: Consumption | I20: Budget | J20: Collections by Sector | K20: Consumption | L20: Rates | M20: Consumption Change % | P20: 2020 Rates | Q20: % Change | T20: Sector Shifts | U20: Intra-Sector Shifts
A21: Residential | B21: kWh | C21: ='2019 Detailed True-up'!J8 -> 26737262 | D21: =C21/C$30 -> 0.52180992 | E21: =E7 -> 2.0173084e+09 | F21: =C21*M21 -> 25400399 | G21: =F21/F$30 -> 0.51992471 | I21: =I7 -> 47158169 | J21: =I$21*G21 -> 24518697 | K21: =K7 -> 2.0173084e+09 | L21: =J21/K21 -> 0.012154164 | M21: =1-2.5*2% -> 0.95 | P21: =P7 -> 0.01051418 | Q21: =L21/P21-1 -> 0.15597829 | S21: =L21-P21 -> 0.0016399839 | T21: =-S21*K21 -> -3308353.3 | V21: =(J21+T21)/K21 -> 0.01051418 | W21: =V21/P21-1 -> 0
A22: Commercial
A23: Non Demand | B23: kWh | C23: ='2019 Detailed True-up'!J9+'2019 Detailed True-up'!J15 -> 3516924.5 | D23: =C23/C$30 -> 0.068637024 | E23: =E9 -> 3.259209e+08 | F23: =C23*M23 -> 3319976.8 | G23: =F23/F$30 -> 0.067957119 | J23: =I$21*G23 -> 3204733.3 | K23: =K9 -> 3.186328e+08 | L23: =J23/K23 -> 0.010057763 | M23: =1-0.028*2 -> 0.944 | P23: =P9 -> 0.012477734 | Q23: =L23/P23-1 -> -0.19394315 | S23: =J23/SUM(J$23:J$29) -> 0.14155513 | T23: =-T$21*S23 -> 468314.37 | V23: =(T23+J23)/K23 -> 0.011527525 | W23: =V23/P23-1 -> -0.076152379
A24: Demand | B24: kWh | C24: ='2019 Detailed True-up'!J10 -> 10337574 | D24: =C24/C$30 -> 0.20175023 | E24: =E10 -> 1491129438 | F24: =C24*M24 -> 9758670.1 | G24: =F24/F$30 -> 0.19975173 | J24: =I$21*G24 -> 9419925.9 | K24: =K10 -> 1.358652e+09 | L24: =J24/K24 -> 0.0069332884 | M24: =1-0.028*2 -> 0.944 | P24: =P10 -> 0.0079624133 | Q24: =L24/P24-1 -> -0.12924786 | S24: =J24/SUM(J$23:J$29) -> 0.41608417 | T24: =-T$21*S24 -> 1376553.4 | V24: =(T24+J24)/K24 -> 0.0079464643 | W24: =V24/P24-1 -> -0.0020030327
A25: Demand | B25: kW | C25: ='2019 Detailed True-up'!J11 -> 4870660.5 | D25: =C25/C$30 -> 0.095056814 | E25: =E11 -> 4826265 | F25: =C25*M25 -> 4597903.5 | G25: =F25/F$30 -> 0.0941152 | J25: =I$21*G25 -> 4438300.5 | K25: =K11 -> 4069140 | L25: =J25/K25 -> 1.090722 | M25: =1-0.028*2 -> 0.944 | P25: =P11 -> 1.5076281 | Q25: =L25/P25-1 -> -0.27653115 | S25: =J25/SUM(J$23:J$29) -> 0.19604258 | T25: =-T$21*S25 -> 648578.12 | V25: =(T25+J25)/K25 -> 1.2501115 | W25: =V25/P25-1 -> -0.17080914
A26: Industrial
A27: Non Demand | B27: kWh | C27: ='2019 Detailed True-up'!J12 -> 44744.495 | D27: =C27/C$30 -> 0.00087324279 | E27: =E13 -> 5578093 | F27: =C27*M27 -> 44744.495 | G27: =F27/F$30 -> 0.00091588201 | J27: =I$21*G27 -> 43191.319 | K27: =K13 -> 6789470.1 | L27: =J27/K27 -> 0.0063615154 | M27: 1 | P27: =P13 -> 0.0070952838 | Q27: =L27/P27-1 -> -0.10341636 | S27: =J27/SUM(J$23:J$29) -> 0.0019077883 | T27: =-T$21*S27 -> 6311.6376 | V27: =(T27+J27)/K27 -> 0.007291137 | W27: =V27/P27-1 -> 0.027603284
A28: Demand | B28: kWh | C28: ='2019 Detailed True-up'!J13 -> 3776435 | D28: =C28/C$30 -> 0.073701683 | E28: =E14 -> 727465365 | F28: =C28*M28 -> 3776435 | G28: =F28/F$30 -> 0.077300433 | J28: =I$21*G28 -> 3645346.9 | K28: =K14 -> 7.0059747e+08 | L28: =J28/K28 -> 0.0052031974 | M28: 1 | P28: =P14 -> 0.0047700573 | Q28: =L28/P28-1 -> 0.090803964 | S28: =J28/SUM(J$23:J$29) -> 0.16101731 | T28: =-T$21*S28 -> 532702.15 | V28: =(T28+J28)/K28 -> 0.0059635515 | W28: =V28/P28-1 -> 0.25020542
A29: Demand | B29: kW | C29: ='2019 Detailed True-up'!J14 -> 1955866.1 | D29: =C29/C$30 -> 0.038171086 | E29: =E15 -> 1745708.2 | F29: =C29*M29 -> 1955866.1 | G29: =F29/F$30 -> 0.040034926 | J29: =I$21*G29 -> 1887973.8 | K29: =K15 -> 1526885.5 | L29: =J29/K29 -> 1.2364868 | M29: 1 | P29: =P15 -> 1.0669089 | Q29: =L29/P29-1 -> 0.15894314 | S29: =J29/SUM(J$23:J$29) -> 0.083393016 | T29: =-T$21*S29 -> 275893.56 | V29: =(T29+J29)/K29 -> 1.4171772 | W29: =V29/P29-1 -> 0.32830192
A30: Totals | C30: =SUM(C21:C29) -> 51239467 | D30: =SUM(D21:D29) -> 1 | F30: =SUM(F21:F29) -> 48853995 | J30: =SUM(J21:J29) -> 47158169
K31: =K21+K23+K24+K27+K28 -> 4.4019801e+09
K32: =K25+K29 -> 5596025.6

Sheet Gross Consumption
Q3: We have 8020.54 kW of systems over 15 kW in size
A4: VEC NM Data | J4: Customers | Q4: 6797.92 kW of what we consider commercial accounts, 44 accounts total
J5: Type | K5: Total | L5: Residential | M5: Commercial | N5: C % | Q5: 1222.62 kW of residential accounts, 32 accounts total
J6: Solar | K6: =SUM(L6:M6) -> 1532 | L6: 1465 | M6: 67 | N6: =M6/K6 -> 0.043733681
J7: Wind | K7: =SUM(L7:M7) -> 36 | L7: 30 | M7: 6 | N7: =M7/K7 -> 0.16666667
J8: Other | K8: =SUM(L8:M8) -> 3 | L8: 1 | M8: 2 | N8: =M8/K8 -> 0.66666667
J9: All | K9: =SUM(K6:K8) -> 1571 | L9: =SUM(L6:L8) -> 1496 | M9: =SUM(M6:M8) -> 75 | N9: =M9/K9 -> 0.047740293 | Q9: kW | R9: kWh | S9: kWh/kW | T9: % of kW
P10: Massie (W) | Q10: 6.1 | R10: 6500 | S10: =R10/Q10 -> 1065.5738 | T10: =R10/(Q10*1000) -> 1.0655738
P11: NREL.gov | Q11: 1.5 | R11: 3600 | S11: =R11/Q11 -> 2400 | T11: =R11/(Q11*1000) -> 2.4
J14: Capacity kW "Small" <7/1/18 | N14: =K16/18169 -> 0.55854367 | P14: Energy kWh | V14: Energy kWh (behind the meter=56%; 6 months)
J15: Type | K15: Total | L15: Residential | M15: Commercial | N15: C % | P15: Type | Q15: Total | R15: Residential | S15: Commercial | T15: C % | V15: Type | W15: Total | X15: Residential | Y15: Commercial | Z15: C %
J16: Solar | K16: =SUM(L16:M16) -> 10148.18 | L16: =11157.86-1223 -> 9934.86 | M16: =7011.32-6798 -> 213.32 | N16: =M16/K16 -> 0.021020518 | P16: Solar | Q16: =SUM(R16:S16) -> 10813634 | R16: =L16*$S$10 -> 10586326 | S16: =M16*$S$10 -> 227308.2 | T16: =S16/Q16 -> 0.021020518 | V16: Solar | W16: =Q16*V107 -> 5114051.8 | X16: =R16*V107 -> 5006551.7 | Y16: =S16*V107 -> 107500.02 | Z16: =Y16/W16 -> 0.021020518
J17: Wind | K17: =SUM(L17:M17) -> 278.04 | L17: 190.54 | M17: 87.5 | N17: =M17/K17 -> 0.31470292 | P17: Wind | Q17: =SUM(R17:S17) -> 667296 | R17: =L17*S11 -> 457296 | S17: =M17*S11 -> 210000 | T17: =S17/Q17 -> 0.31470292 | V17: Wind | W17: 0 | X17: =W17*(1-N7) -> 0 | Y17: =W17-X17 -> 0 | Z17: =Y17/W17 -> #DIV/0!
J18: Other | K18: =SUM(L18:M18) -> 290.87 | L18: 9.12 | M18: 281.75 | N18: =M18/K18 -> 0.96864579 | P18: Other | Q18: =SUM(R18:S18) -> 290.87 | R18: 9.12 | S18: 281.75 | T18: =S18/Q18 -> 0.96864579 | V18: Other | W18: =SUM(X18:Y18) -> 290.87 | X18: 9.12 | Y18: 281.75 | Z18: =Y18/W18 -> 0.96864579
J19: All | K19: =SUM(K16:K18) -> 10717.09 | L19: =SUM(L16:L18) -> 10134.52 | M19: =SUM(M16:M18) -> 582.57 | N19: =M19/K19 -> 0.054358972 | P19: All | Q19: =SUM(Q16:Q18) -> 11481221 | R19: =SUM(R16:R18) -> 11043631 | S19: =SUM(S16:S18) -> 437589.95 | T19: =S19/Q19 -> 0.038113536 | V19: All | W19: =SUM(W16:W18) -> 5114342.6 | X19: =SUM(X16:X18) -> 5006560.9 | Y19: =SUM(Y16:Y18) -> 107781.77 | Z19: =Y19/W19 -> 0.021074413
A23: VPPSA NM Data
M26: 6 months | N26: =1-N9 -> 0.95225971 | O26: =1-N26 -> 0.047740293 | S26: 2019 | T26: Last 6 months | U26: Residential | V26: Commercial | W26: Small %
K27: 2019 | L27: Total Gross | M27: 0.47 | N27: R | O27: CN/D | R27: WEC | S27: ='2019 FA Data'!D21*0.036 -> 2212928.1 | T27: =S27*V$107 -> 1046551.8 | U27: =T27 -> 1046551.8 | V27: 0 | W27: 1 | X27: provided by WEC all data
K28: Barton | L28: 163295 | M28: =L28*M$27 -> 76748.65 | N28: =M28*N$26 -> 73084.647 | O28: =M28-N28 -> 3664.003 | R28: GMP | S28: =Y106*1000 -> 56138000 | T28: =S28*V$107 -> 26549135 | U28: =W107*1000 -> 24818225 | V28: =X107*1000 -> 1730910.1 | W28: =R55 -> 0.32927611 | X28: provided by GMP for systems active prior to 7/1/2018
K29: Enosburg Falls | L29: 171000 | M29: =L29*M$27 -> 80370 | N29: =M29*N$26 -> 76533.113 | O29: =M29-N29 -> 3836.8873 | R29: Hyde Park | S29: =8195337*0.036 -> 295032.13 | T29: =S29*V$107 -> 139528.44 | U29: =T29*0.95 -> 132552.02 | V29: =T29-U29 -> 6976.4222 | X29: estimated at 3.6% of retail residential sales
K30: Hardwick | L30: 433344 | M30: =L30*M$27 -> 203671.68 | N30: =M30*N$26 -> 193948.33 | O30: =M30-N30 -> 9723.3456 | R30: Stowe | S30: ='Util Rev and Load Data'!C82*0.036 -> 885958.4 | T30: =S30*V$107 -> 418993 | U30: =T30*0.95 -> 398043.35 | V30: =T30-U30 -> 20949.65 | X30: estimated at 3.6% of retail residential sales
K31: Jacksonville | L31: 53666 | M31: =L31*M$27 -> 25223.02 | N31: =M31*N$26 -> 24018.866 | O31: =M31-N31 -> 1204.1544 | R31: VPPSA | S31: =L39 -> 2079077 | T31: =M39 -> 977166.66 | U31: =N39 -> 930515.99 | V31: =O39 -> 46650.2 | W31: =0.2 -> 0.2 | X31: estimated by VPPSA
K32: Johnson | L32: 38012 | M32: =L32*M$27 -> 17865.64 | N32: =M32*N$26 -> 17012.729 | O32: =M32-N32 -> 852.91088 | R32: VEC | S32: =Q16 -> 10813634 | T32: =S32*V$107 -> 5114051.8 | U32: =X16 -> 5006551.7 | V32: =Y16 -> 107500.02 | W32: =0.56 -> 0.56 | X32: provided by VEC
K33: Ludlow | L33: 38257 | M33: =L33*M$27 -> 17980.79 | N33: =M33*N$26 -> 17122.382 | O33: =M33-N33 -> 858.40818 | U33: =SUM(U27:U32) -> 32332440 | V33: =SUM(V27:V32) -> 1912986.4
K34: Lyndonville | L34: 333189 | M34: =L34*M$27 -> 156598.83 | N34: =M34*N$26 -> 149122.76 | O34: =M34-N34 -> 7476.074 | R34: Total kWh added | T34: =SUM(T27:T33) -> 34245427
K35: Morrisville | L35: 479564 | M35: =L35*M$27 -> 225395.08 | N35: =M35*N$26 -> 214634.65 | O35: =M35-N35 -> 10760.427 | R35: 2nd half 2019 Res Sales | T35: =T36*V107 -> 9.5362417e+08 | U35: =T34/T35 -> 0.03591082 | V35: % of retail estimated sales
K36: Northfield | L36: 164693 | M36: =L36*M$27 -> 77405.71 | N36: =M36*N$26 -> 73710.339 | O36: =M36-N36 -> 3695.3713 | R36: 100% 2019 Residential Sales | T36: 2.0164331e+09
K37: Orleans | L37: 18776 | M37: =L37*M$27 -> 8824.72 | N37: =M37*N$26 -> 8403.4253 | O37: =M37-N37 -> 421.29472
K38: Swanton | L38: 185281 | M38: =L38*M$27 -> 87082.07 | N38: =M38*N$26 -> 82924.746 | O38: =M38-N38 -> 4157.3235
K39: Total | L39: =SUM(L28:L38) -> 2079077 | M39: =SUM(M27:M38) -> 977166.66 | N39: =SUM(N28:N38) -> 930515.99 | O39: =SUM(O28:O38) -> 46650.2 | R39: Assumptions:
R40: <15kw are behind the meter
R41: 95% <15kw are residential
R42: >15 kw are better off in front of the meter
A52: GMP | E52: Data as of 11/16/18
B53: Small 0-15kW | E53: Size | F53: Status | G53: Solar NM 1.0 | I53: Solar NM 2.0 | K53: Solar NM 2.1 | M53: Non-Solar NM | O53: NM Totals
B54: Medium >15kW – 150kW | G54: # | H54: Capacity (MW) | I54: # | J54: Capacity (MW) | K54: # | L54: Capacity (MW) | M54: # | N54: Capacity (MW) | O54: # | P54: Capacity (MW) | Q54: MW <7/1/18 | T54: kWh Prior to 7/1/18
B55: Large >150kW and up | E55: Small | F55: Active | G55: 6379 | H55: 38.9 | I55: 1923 | J55: 12.5 | K55: 139 | L55: 0.9 | M55: 82 | N55: 0.5 | O55: 8523 | P55: 52.8 | Q55: =H55+J55 -> 51.4 | R55: =Q55/Q$61 -> 0.32927611 | T55: =(H55+J55)*S10*1000 -> 54770492
F56: Proposed | G56: 1 | H56: 0 | I56: 373 | J56: 3.1 | K56: 234 | L56: 1.7 | M56: 3 | N56: 0 | O56: 611 | P56: 4.8
B57: Assume Small are only ones behind the meter | E57: Medium | F57: Active | G57: 416 | H57: 32.2 | I57: 76 | J57: 4.7 | K57: 2 | L57: 0 | M57: 17 | N57: 1.6 | O57: 511 | P57: 38.5 | Q57: =H57+J57 -> 36.9 | R57: =Q57/Q$61 -> 0.23638693
F58: Proposed | G58: 3 | H58: 0.3 | I58: 113 | J58: 10.9 | K58: 20 | L58: 0.7 | M58: 1 | N58: 0.1 | O58: 137 | P58: 12
E59: Large | F59: Active | G59: 120 | H59: 66 | I59: 4 | J59: 1.8 | K59: 0 | L59: 0 | M59: 12 | N59: 4 | O59: 136 | P59: 71.8 | Q59: =H59+J59 -> 67.8 | R59: =Q59/Q$61 -> 0.43433696
F60: Proposed | G60: 6 | H60: 2.9 | I60: 59 | J60: 28.6 | K60: 6 | L60: 2.5 | M60: 0 | N60: 0 | O60: 71 | P60: 34
E61: Total Active | G61: 6915 | H61: 137.1 | I61: 2003 | J61: 19 | K61: 141 | L61: 0.9 | M61: 111 | N61: 6.1 | O61: 9170 | P61: 163.1 | Q61: =H61+J61 -> 156.1 | R61: =L61/(Q61+L61) -> 0.0057324841 | S61: 0.6% are >7/1/2018
E62: Total Proposed | G62: 10 | H62: 3.2 | I62: 545 | J62: 42.6 | K62: 260 | L62: 4.9 | M62: 4 | N62: 0.1 | O62: 819 | P62: 50.8
E63: Combined Total | G63: 6925 | H63: 140.3 | I63: 2548 | J63: 6261 | K63: 401 | L63: 5.8 | M63: 115 | N63: 6.2 | O63: 9989 | P63: 213.9
B65: 96% from Solar PV
B66: 93% are "small"
B72: GMP Table from
W91: MWh Own Use
W92: Residential | X92: Commercial | Y92: Sum for EEC
T93: Month | U93: Load Factor | V93: % of Total | W93: 52478 | X93: 3660 | Y93: =SUM(W93:X93) -> 56138
T94: Jan | U94: 0.077 | V94: =U94/U$106 -> 0.044354839 | W94: =$V94*W$93 -> 2327.6532 | X94: =$V94*X$93 -> 162.33871 | Y94: =SUM(W94:X94) -> 2489.9919
T95: Feb | U95: 0.108 | V95: =U95/U$106 -> 0.062211982 | W95: =$V95*W$93 -> 3264.7604 | X95: =$V95*X$93 -> 227.69585 | Y95: =SUM(W95:X95) -> 3492.4562
T96: Mar | U96: 0.141 | V96: =U96/U$106 -> 0.081221198 | W96: =$V96*W$93 -> 4262.326 | X96: =$V96*X$93 -> 297.26959 | Y96: =SUM(W96:X96) -> 4559.5956
T97: Apr | U97: 0.188 | V97: =U97/U$106 -> 0.10829493 | W97: =$V97*W$93 -> 5683.1014 | X97: =$V97*X$93 -> 396.35945 | Y97: =SUM(W97:X97) -> 6079.4608
T98: May | U98: 0.195 | V98: =U98/U$106 -> 0.11232719 | W98: =$V98*W$93 -> 5894.7062 | X98: =$V98*X$93 -> 411.11751 | Y98: =SUM(W98:X98) -> 6305.8237
T99: Jun | U99: 0.206 | V99: =U99/U$106 -> 0.11866359 | W99: =$V99*W$93 -> 6227.2281 | X99: =$V99*X$93 -> 434.30876 | Y99: =SUM(W99:X99) -> 6661.5369
T100: Jul | U100: 0.203 | V100: =U100/U$106 -> 0.11693548 | W100: =$V100*W$93 -> 6136.5403 | X100: =$V100*X$93 -> 427.98387 | Y100: =SUM(W100:X100) -> 6564.5242
T101: Aug | U101: 0.195 | V101: =U101/U$106 -> 0.11232719 | W101: =$V101*W$93 -> 5894.7062 | X101: =$V101*X$93 -> 411.11751 | Y101: =SUM(W101:X101) -> 6305.8237
T102: Sep | U102: 0.157 | V102: =U102/U$106 -> 0.090437788 | W102: =$V102*W$93 -> 4745.9942 | X102: =$V102*X$93 -> 331.0023 | Y102: =SUM(W102:X102) -> 5076.9965
T103: Oct | U103: 0.125 | V103: =U103/U$106 -> 0.072004608 | W103: =$V103*W$93 -> 3778.6578 | X103: =$V103*X$93 -> 263.53687 | Y103: =SUM(W103:X103) -> 4042.1947
T104: Nov | U104: 0.084 | V104: =U104/U$106 -> 0.048387097 | W104: =$V104*W$93 -> 2539.2581 | X104: =$V104*X$93 -> 177.09677 | Y104: =SUM(W104:X104) -> 2716.3548
T105: Dec | U105: 0.057 | V105: =U105/U$106 -> 0.032834101 | W105: =$V105*W$93 -> 1723.068 | X105: =$V105*X$93 -> 120.17281 | Y105: =SUM(W105:X105) -> 1843.2408
T106: Annual | U106: =SUM(U94:U105) -> 1.736 | V106: =SUM(V94:V105) -> 1 | W106: =SUM(W94:W105) -> 52478 | X106: =SUM(X94:X105) -> 3660 | Y106: =SUM(Y94:Y105) -> 56138
T107: 2nd Half | V107: =SUM(V100:V105) -> 0.47292627 | W107: =SUM(W100:W105) -> 24818.225 | X107: =SUM(X100:X105) -> 1730.9101 | Y107: =SUM(Y100:Y105) -> 26549.135
W108: =W107/Y107 -> 0.93480352 | X108: =X107/Y107 -> 0.06519648

Sheet 2018-2020 C&I Comp
A8: Utility Sales Year | B8: Industrial Non-Demand kWh | C8: Industrial Demand kWh | D8: Industrial Demand On-Peak kW | E8: Total Industrial kWh | F8: kWh Change | H8: Industrial Non-Demand kWh Revenue | I8: Industrial Demand kWh Revenue | J8: Industrial Demand On-Peak kW Revenue | K8: Total Industrial Revenue | L8: Revenue Change | N8: $/kWh | P8: $/kW
A9: Actual 2016 | B9: 7951752 | C9: 727398788 | D9: 1558525 | E9: =C9+B9 -> 735350540 | H9: 338928 | I9: 54187521 | J9: 22198986 | K9: =SUM(H9:J9) -> 76725435 | N9: =(I9+H9)/E9 -> 0.074150281 | P9: =J9/D9 -> 14.243587
A10: Actual 2017 | B10: 9972776 | C10: 703687893 | D10: 1416502.9 | E10: =C10+B10 -> 713660669 | F10: =E10/E9-1 -> -0.029495961 | H10: 819118 | I10: 51376605 | J10: 21813347 | K10: =SUM(H10:J10) -> 74009071 | L10: =K10/K9-1 -> -0.035403698 | N10: =(I10+H10)/E10 -> 0.073138013 | O10: =N10/N9-1 -> -0.013651566 | P10: =J10/D10 -> 15.399437 | Q10: =P10/P9-1 -> 0.081148847
A11: Actual 2018 | B11: 8702978 | C11: 714469990 | D11: 1390845.4 | E11: =C11+B11 -> 723172968 | F11: =E11/E10-1 -> 0.013328882 | H11: 842442 | I11: 52070330 | J11: 21750354 | K11: =SUM(H11:J11) -> 74663126 | L11: =K11/K10-1 -> 0.0088375047 | N11: =(I11+H11)/E11 -> 0.073167519 | O11: =N11/N10-1 -> 0.0004034263 | P11: =J11/D11 -> 15.638226 | Q11: =P11/P10-1 -> 0.015506291
A12: Actual 2019 | B12: 5578093 | C12: 727465365 | D12: 1745708.2 | E12: =C12+B12 -> 733043458 | F12: =E12/E11-1 -> 0.013648865 | H12: ='Util Rev and Load Data'!S42 -> 1216637 | I12: ='Util Rev and Load Data'!V42 -> 58358599 | J12: ='Util Rev and Load Data'!W42 -> 24110245 | K12: =SUM(H12:J12) -> 83685481 | L12: =K12/K11-1 -> 0.12084083 | N12: =(I12+H12)/E12 -> 0.081271083 | O12: =N12/N11-1 -> 0.11075357 | P12: =J12/D12 -> 13.811154 | Q12: =P12/P11-1 -> -0.11683372
A13: Projected 2020 | B13: 6568991.2 | C13: 6.7784651e+08 | D13: 1526885.5 | E13: =C13+B13 -> 6.844155e+08 | F13: =E13/E12-1 -> -0.066337072 | H13: =H12/B12*B13 -> 1432761.7 | I13: =I12/C12*C13 -> 54378084 | J13: =J12/D12*D13 -> 21088051 | K13: =SUM(H13:J13) -> 76898896 | L13: =K13/K12-1 -> -0.081096318 | N13: =(I13+H13)/E13 -> 0.081545268 | O13: =N13/N12-1 -> 0.0033737062 | P13: =J13/D13 -> 13.811154 | Q13: =P13/P12-1 -> 0
A17: Utility Sales Year | B17: Commercial Non-Demand kWh | C17: Commercial Demand kWh | D17: Commercial Demand On-Peak kW | E17: Total Commercial kWh | F17: kWh Change | H17: Commercial Non-Demand kWh Revenue | I17: Commercial Demand kWh Revenue | J17: Commercial Demand On-Peak kW Revenue | K17: Total Commercial Revenue | L17: Revenue Change | N17: $/kWh | P17: $/kW
A18: Actual 2016 | B18: 371655561 | C18: 1527382956 | D18: 5164505 | E18: =C18+B18 -> 1899038517 | H18: 55567412 | I18: 131188104 | J18: 63193395 | K18: =SUM(H18:J18) -> 249948911 | N18: =(I18+H18)/E18 -> 0.098342142 | P18: =J18/D18 -> 12.236099
A19: Actual 2017 | B19: 3.1940373e+08 | C19: 1.5205517e+09 | D19: 4836803.5 | E19: =C19+B19 -> 1.8399554e+09 | F19: =E19/E18-1 -> -0.03111211 | H19: 55445976 | I19: 1.3081897e+08 | J19: 63687239 | K19: =SUM(H19:J19) -> 2.4995219e+08 | L19: =K19/K18-1 -> 1.3100602e-05 | N19: =(I19+H19)/E19 -> 0.1012334 | O19: =N19/N18-1 -> 0.029400008 | P19: =J19/D19 -> 13.167216 | Q19: =P19/P18-1 -> 0.07609593
A20: Actual 2018 | B20: 3.2156115e+08 | C20: 1.5331313e+09 | D20: 4871856.8 | E20: =C20+B20 -> 1.8546925e+09 | F20: =E20/E19-1 -> 0.008009462 | H20: 55566697 | I20: 1.2958258e+08 | J20: 65266311 | K20: =SUM(H20:J20) -> 2.5041559e+08 | L20: =K20/K19-1 -> 0.0018539846 | N20: =(I20+H20)/E20 -> 0.099827483 | O20: =N20/N19-1 -> -0.013887896 | P20: =J20/D20 -> 13.396599 | Q20: =P20/P19-1 -> 0.017420732
A21: Actual 2019 | B21: =325920903.142882-1912896 -> 3.2400801e+08 | C21: 1491129438 | D21: 4826265 | E21: =C21+B21 -> 1.8151374e+09 | F21: =E21/E20-1 -> -0.021327001 | H21: ='Util Rev and Load Data'!G42+'Util Rev and Load Data'!H42 -> 58989806 | I21: ='Util Rev and Load Data'!K42 -> 1.3914374e+08 | J21: ='Util Rev and Load Data'!L42 -> 69849291 | K21: =SUM(H21:J21) -> 2.6798284e+08 | L21: =K21/K20-1 -> 0.070152351 | N21: =(I21+H21)/E21 -> 0.10915622 | O21: =N21/N20-1 -> 0.093448599 | P21: =J21/D21 -> 14.472742 | Q21: =P21/P20-1 -> 0.080329601
A22: Projected 2020 | B22: ='EEC Calculation'!K71 -> 315935328 | C22: ='EEC Calculation'!K72 -> 1347149932 | D22: ='EEC Calculation'!K68 -> 4069140 | E22: =C22+B22 -> 1663085260 | F22: =E22/E21-1 -> -0.083768965 | H22: =H21/B21*B22 -> 57520071 | I22: =I21/C21*C22 -> 1.2570839e+08 | J22: =J21/D21*D22 -> 58891616 | K22: =SUM(H22:J22) -> 2.4212008e+08 | L22: =K22/K21-1 -> -0.096509017 | N22: =(I22+H22)/E22 -> 0.11017382 | O22: =N22/N21-1 -> 0.0093224253 | P22: =J22/D22 -> 14.472742 | Q22: =P22/P21-1 -> 0
A25: Utility Sales Year | B25: Residential kWh
A26: Actual 2018 | B26: 2017249821
A27: Actual 2019 | B27: 1.9849759e+09
A28: Projected 2020 | B28: 2.0769354e+09

Sheet 2018-2019 Comp
B5: Residential | F5: Commercial (less than 1,000 kw) | R5: Industrial (1,000 or greater kW)
A6: 2019 | G6: Non Demand Customers | K6: Demand Customers | R6: Non Demand | U6: Demand Customers | AA6: Total | AB6: Other
C7: Energy and | G7: Energy & | L7: Capacity (Billed) | P7: Total | S7: Energy & | W7: Capacity (Billed) | AA7: Industrial | AB7: Revenue | AC7: Total Company
A8: Company | C8: Capacity | G8: Capacity | H8: Lights | I8: Total | K8: Energy | L8: On-Peak | M8: Off Peak | N8: Total | P8: Commercial | S8: Capacity | V8: Energy | W8: On-Peak | X8: Off Peak | Y8: Total
A9: Unit of Measure | C9: kWh | G9: kWh | H9: kWh | I9: kWh | K9: kWh | L9: kW | M9: kW | N9: kW | P9: kWh | S9: kWh | V9: kWh | W9: kW | X9: kW | Y9: kW | AA9: kWh | AB9: kWh | AC9: kWh | AD9: kW
A10: Cell Formula | I10: G+H | N10: L+M | P10: I+K | Y10: W+X | AA10: S+V | AC10: C+P+AA+AB | AD10: N+Y
A11: Authorized EEC Exclusions
A13: GMP | C13: 0 | G13: 0 | H13: 0 | I13: =+G13+H13 -> 0 | K13: 0 | L13: 0 | M13: 0 | N13: =+L13+M13 -> 0 | O13: 0 | P13: =+I13+K13 -> 0 | S13: 0 | V13: 404984526 | W13: 639781 | X13: 604649 | Y13: =+W13+X13 -> 1244430 | AA13: =+S13+V13 -> 404984526 | AB13: 0 | AC13: =+C13+P13+AA13+AB13 -> 404984526 | AD13: =+N13+Y13 -> 1244430
V14: 186523954 | W14: 318851 | X14: 312790 | Y14: =+W14+X14 -> 631641 | AA14: =+S14+V14 -> 186523954 | AB14: 0 | AC14: =+C14+P14+AA14+AB14 -> 186523954 | AD14: =+N14+Y14 -> 631641
A16: Total Exclusions (see Note 2) | C16: =+C13 -> 0 | I16: =+G16+H16 -> 0 | N16: =+L16+M16 -> 0 | P16: =+I16+K16 -> 0 | S16: =+S13 -> 0 | V16: =SUM(V13:V15) -> 591508480 | W16: =SUM(W13:W15) -> 958632 | X16: =SUM(X13:X15) -> 917439 | Y16: =SUM(Y13:Y15) -> 1876071 | Z16: =SUM(Z13:Z15) -> 0 | AA16: =SUM(AA13:AA15) -> 591508480 | AC16: =SUM(AC13:AC15) -> 591508480 | AD16: =SUM(AD13:AD15) -> 1876071
A18: kWh and kW Subject To EEC Charge:
A19: Barton | C19: 10176904 | G19: 1020967.9 | H19: 115951 | I19: =+G19+H19 -> 1136918.9 | K19: 2332694 | L19: 7531 | M19: 0 | N19: =+L19+M19 -> 7531 | P19: =+I19+K19 -> 3469612.9 | S19: 0 | V19: =VLOOKUP($A19,'2019 FA Data'!$C$6:$K$21,8) -> 0 | W19: =VLOOKUP($A19,'2019 FA Data'!$C$6:$K$21,9) -> 0 | X19: 0 | Y19: =+W19+X19 -> 0 | AA19: =+S19+V19 -> 0 | AB19: 0 | AC19: =+C19+P19+AA19+AB19 -> 13646516 | AD19: =+N19+Y19 -> 7531
A20: Enosburg Falls | C20: 13735692 | G20: 2330953.8 | H20: 126686 | I20: =+G20+H20 -> 2457639.8 | K20: 10154065 | L20: 23474.8 | M20: 0 | N20: =+L20+M20 -> 23474.8 | P20: =+I20+K20 -> 12611705 | S20: 0 | V20: =VLOOKUP($A20,'2019 FA Data'!$C$6:$K$21,8) -> 0 | W20: =VLOOKUP($A20,'2019 FA Data'!$C$6:$K$21,9) -> 0 | X20: 0 | Y20: =+W20+X20 -> 0 | AA20: =+S20+V20 -> 0 | AB20: 0 | AC20: =+C20+P20+AA20+AB20 -> 26347397 | AD20: =+N20+Y20 -> 23474.8
A21: Green Mountain Power | C21: 1.5281645e+09 | G21: 1.9209057e+08 | H21: 9592000 | I21: =+G21+H21 -> 2.0168257e+08 | K21: 1277876137 | L21: 4092514 | M21: 2353651 | N21: =+L21+M21 -> 6446165 | P21: =+I21+K21 -> 1.4795587e+09 | S21: 0 | V21: 587276733 | W21: 1433190 | X21: 1563793 | Y21: =+W21+X21 -> 2996983 | AA21: =+S21+V21 -> 587276733 | AB21: 0 | AC21: =+C21+P21+AA21+AB21 -> 3.595e+09 | AD21: =+N21+Y21 -> 9443148
A22: Hardwick | C22: 23596599 | G22: 10343.985 | H22: 104191.48 | I22: =+G22+H22 -> 114535.46 | K22: =VLOOKUP($A22,'2019 FA Data'!$C$6:$K$21,5) -> 5355407 | L22: =VLOOKUP($A22,'2019 FA Data'!$C$6:$K$21,6) -> 19825.964 | M22: 0 | N22: =+L22+M22 -> 19825.964 | P22: =+I22+K22 -> 5469942.5 | S22: =VLOOKUP($A22,'2019 FA Data'!$C$6:$K$21,7) -> 0 | V22: =VLOOKUP($A22,'2019 FA Data'!$C$6:$K$21,8) -> 0 | W22: =VLOOKUP($A22,'2019 FA Data'!$C$6:$K$21,9) -> 0 | X22: 0 | Y22: =+W22+X22 -> 0 | AA22: =+S22+V22 -> 0 | AB22: 0 | AC22: =+C22+P22+AA22+AB22 -> 29066541 | AD22: =+N22+Y22 -> 19825.964
A23: Hyde Park | C23: 7586337 | G23: 2256753 | H23: 43984 | I23: =+G23+H23 -> 2300737 | K23: =3754074-G23 -> 1497321 | L23: 47639 | M23: 0 | N23: =+L23+M23 -> 47639 | P23: =+I23+K23 -> 3798058 | S23: =VLOOKUP($A23,'2019 FA Data'!$C$6:$K$21,7) -> 0 | V23: =VLOOKUP($A23,'2019 FA Data'!$C$6:$K$21,8) -> 0 | W23: =VLOOKUP($A23,'2019 FA Data'!$C$6:$K$21,9) -> 0 | X23: 0 | Y23: =+W23+X23 -> 0 | AA23: =+S23+V23 -> 0 | AB23: 0 | AC23: =+C23+P23+AA23+AB23 -> 11384395 | AD23: =+N23+Y23 -> 47639
A24: Jacksonville | C24: 3494439 | G24: 556319.02 | H24: 52164 | I24: =+G24+H24 -> 608483.02 | K24: 865613 | L24: 4748 | M24: 0 | N24: =+L24+M24 -> 4748 | P24: =+I24+K24 -> 1474096 | S24: =VLOOKUP($A24,'2019 FA Data'!$C$6:$K$21,7) -> 0 | V24: =VLOOKUP($A24,'2019 FA Data'!$C$6:$K$21,8) -> 0 | W24: =VLOOKUP($A24,'2019 FA Data'!$C$6:$K$21,9) -> 0 | X24: 0 | Y24: =+W24+X24 -> 0 | AA24: =+S24+V24 -> 0 | AB24: 0 | AC24: =+C24+P24+AA24+AB24 -> 4968535 | AD24: =+N24+Y24 -> 4748
A25: Johnson | C25: 5088001.6 | G25: 1462518.4 | H25: 62979 | I25: =+G25+H25 -> 1525497.4 | K25: 1632596 | L25: 3996 | M25: 0 | N25: =+L25+M25 -> 3996 | P25: =+I25+K25 -> 3158093.4 | S25: =VLOOKUP($A25,'2019 FA Data'!$C$6:$K$21,7) -> 0 | V25: =VLOOKUP($A25,'2019 FA Data'!$C$6:$K$21,8) -> 0 | W25: =VLOOKUP($A25,'2019 FA Data'!$C$6:$K$21,9) -> 0 | X25: 0 | Y25: =+W25+X25 -> 0 | AA25: =+S25+V25 -> 0 | AB25: 0 | AC25: =+C25+P25+AA25+AB25 -> 8246095 | AD25: =+N25+Y25 -> 3996
A26: Ludlow | C26: 16841095 | G26: 5492248.2 | H26: 347690 | I26: =+G26+H26 -> 5839938.2 | K26: 11814012 | L26: 42958 | M26: 0 | N26: =+L26+M26 -> 42958 | P26: =+I26+K26 -> 17653950 | S26: =VLOOKUP($A26,'2019 FA Data'!$C$6:$K$21,7) -> 0 | V26: 20863595 | W26: 76731 | X26: 0 | Y26: =+W26+X26 -> 76731 | AA26: =+S26+V26 -> 20863595 | AB26: 0 | AC26: =+C26+P26+AA26+AB26 -> 55358640 | AD26: =+N26+Y26 -> 119689
A27: Lyndonville | C27: 28570156 | G27: 7953.2702 | H27: 477435 | I27: =+G27+H27 -> 485388.27 | K27: =VLOOKUP($A27,'2019 FA Data'!$C$6:$K$21,5) -> 17726842 | L27: =VLOOKUP($A27,'2019 FA Data'!$C$6:$K$21,6) -> 55604.28 | M27: 0 | N27: =+L27+M27 -> 55604.28 | P27: =+I27+K27 -> 18212231 | S27: =VLOOKUP($A27,'2019 FA Data'!$C$6:$K$21,7) -> 0 | V27: =VLOOKUP($A27,'2019 FA Data'!$C$6:$K$21,8) -> 0 | W27: =VLOOKUP($A27,'2019 FA Data'!$C$6:$K$21,9) -> 0 | X27: 0 | Y27: =+W27+X27 -> 0 | AA27: =+S27+V27 -> 0 | AB27: 0 | AC27: =+C27+P27+AA27+AB27 -> 46782386 | AD27: =+N27+Y27 -> 55604.28
A28: Morrisville | C28: 21688732 | G28: 5449607.3 | H28: 38145 | I28: =+G28+H28 -> 5487752.3 | K28: 18243106 | L28: 52354 | M28: 0 | N28: =+L28+M28 -> 52354 | P28: =+I28+K28 -> 23730858 | S28: =VLOOKUP($A28,'2019 FA Data'!$C$6:$K$21,7) -> 0 | V28: =VLOOKUP($A28,'2019 FA Data'!$C$6:$K$21,8) -> 0 | W28: =VLOOKUP($A28,'2019 FA Data'!$C$6:$K$21,9) -> 0 | X28: 0 | Y28: =+W28+X28 -> 0 | AA28: =+S28+V28 -> 0 | AB28: 0 | AC28: =+C28+P28+AA28+AB28 -> 45419590 | AD28: =+N28+Y28 -> 52354
A29: Northfield | C29: 10272090 | G29: 3931.246 | H29: 89430 | I29: =+G29+H29 -> 93361.246 | K29: =VLOOKUP($A29,'2019 FA Data'!$C$6:$K$21,5) -> 7176697 | L29: =VLOOKUP($A29,'2019 FA Data'!$C$6:$K$21,6) -> 19300.288 | M29: 0 | N29: =+L29+M29 -> 19300.288 | P29: =+I29+K29 -> 7270058.2 | S29: =VLOOKUP($A29,'2019 FA Data'!$C$6:$K$21,7) -> 0 | V29: =VLOOKUP($A29,'2019 FA Data'!$C$6:$K$21,8) -> 8855839 | W29: =VLOOKUP($A29,'2019 FA Data'!$C$6:$K$21,9) -> 18598.458 | X29: 0 | Y29: =+W29+X29 -> 18598.458 | AA29: =+S29+V29 -> 8855839 | AB29: 0 | AC29: =+C29+P29+AA29+AB29 -> 26397988 | AD29: =+N29+Y29 -> 37898.746
A30: Orleans | C30: 3947026.8 | G30: 2001897.2 | H30: 124446 | I30: =+G30+H30 -> 2126343.2 | K30: =VLOOKUP($A30,'2019 FA Data'!$C$6:$K$21,5) -> 0 | L30: =VLOOKUP($A30,'2019 FA Data'!$C$6:$K$21,6) -> 0 | M30: 0 | N30: =+L30+M30 -> 0 | P30: =+I30+K30 -> 2126343.2 | S30: =VLOOKUP($A30,'2019 FA Data'!$C$6:$K$21,7) -> 0 | V30: 6624000 | W30: =VLOOKUP($A30,'2019 FA Data'!$C$6:$K$21,9) -> 25547 | X30: 0 | Y30: =+W30+X30 -> 25547 | AA30: =+S30+V30 -> 6624000 | AB30: 0 | AC30: =+C30+P30+AA30+AB30 -> 12697370 | AD30: =+N30+Y30 -> 25547
A31: Stowe | C31: 24609956 | G31: 7041489 | H31: 47599 | I31: =+G31+H31 -> 7089088 | K31: =VLOOKUP($A31,'2019 FA Data'!$C$6:$K$21,5) -> 35790331 | L31: =VLOOKUP($A31,'2019 FA Data'!$C$6:$K$21,6) -> 103570.73 | M31: 0 | N31: =+L31+M31 -> 103570.73 | P31: =+I31+K31 -> 42879419 | S31: =VLOOKUP($A31,'2019 FA Data'!$C$6:$K$21,7) -> 0 | V31: =VLOOKUP($A31,'2019 FA Data'!$C$6:$K$21,8) -> 7767120 | W31: =VLOOKUP($A31,'2019 FA Data'!$C$6:$K$21,9) -> 32260 | X31: 0 | Y31: =+W31+X31 -> 32260 | AA31: =+S31+V31 -> 7767120 | AB31: 0 | AC31: =+C31+P31+AA31+AB31 -> 75256495 | AD31: =+N31+Y31 -> 135830.73
A32: Swanton | C32: 26231935 | G32: 3174334.7 | H32: 126916 | I32: =+G32+H32 -> 3301250.7 | K32: 23698018 | L32: 88468 | M32: 0 | N32: =+L32+M32 -> 88468 | P32: =+I32+K32 -> 26999269 | S32: =VLOOKUP($A32,'2019 FA Data'!$C$6:$K$21,7) -> 0 | V32: =VLOOKUP($A32,'2019 FA Data'!$C$6:$K$21,8) -> 0 | W32: =VLOOKUP($A32,'2019 FA Data'!$C$6:$K$21,9) -> 0 | X32: 0 | Y32: =+W32+X32 -> 0 | AA32: =+S32+V32 -> 0 | AB32: 0 | AC32: =+C32+P32+AA32+AB32 -> 53231204 | AD32: =+N32+Y32 -> 88468
A33: Vermont Electric Coop (VEC). | C33: 2.2741676e+08 | G33: 65097069 | H33: 1639471 | I33: =+G33+H33 -> 66736540 | K33: 71719171 | L33: 297499 | M33: 0 | N33: =+L33+M33 -> 297499 | P33: =+I33+K33 -> 1.3845571e+08 | S33: 5578093 | V33: 93458257 | W33: 147739 | X33: 0 | Y33: =+W33+X33 -> 147739 | AA33: =+S33+V33 -> 99036350 | AB33: 0 | AC33: =+C33+P33+AA33+AB33 -> 4.6490882e+08 | AD33: =+N33+Y33 -> 445238
A34: Washington Electric Coop (WEC) | C34: 57231916 | G34: 5045134 | H34: 159479 | I34: =+G34+H34 -> 5204613 | K34: 0 | L34: 0 | M34: 0 | N34: =+L34+M34 -> 0 | P34: =+I34+K34 -> 5204613 | S34: =VLOOKUP($A34,'2019 FA Data'!$C$6:$K$21,7) -> 0 | V34: 3641765 | W34: 11604.848 | X34: 0 | Y34: =+W34+X34 -> 11604.848 | AA34: =+S34+V34 -> 3641765 | AB34: 0 | AC34: =+C34+P34+AA34+AB34 -> 66078294 | AD34: =+N34+Y34 -> 11604.848
A35: Total Subject to EEC Charge | C35: =SUM(C19:C34) -> 2.0086522e+09 | G35: =SUM(G19:G34) -> 2.9304209e+08 | H35: =SUM(H19:H34) -> 13148566 | I35: =G35+H35 -> 3.0619065e+08 | K35: =SUM(K19:K34) -> 1.485882e+09 | L35: =SUM(L19:L34) -> 4859483.1 | M35: =SUM(M19:M34) -> 2353651 | N35: =+L35+M35 -> 7213134.1 | P35: =SUM(P19:P34) -> 1.7920727e+09 | S35: =SUM(S19:S34) -> 5578093 | V35: =SUM(V19:V34) -> 728487309 | W35: =SUM(W19:W34) -> 1745670.3 | X35: =SUM(X19:X34) -> 1563793 | Y35: =SUM(Y19:Y34) -> 3309463.3 | AA35: =SUM(AA19:AA34) -> 734065402 | AB35: =SUM(AB19:AB34) -> 0 | AC35: =SUM(AC19:AC34) -> 4.5347902e+09 | AD35: =SUM(AD19:AD34) -> 10522597
A37: Total Statewide | C37: =C16+C35 -> 2.0086522e+09 | G37: =G16+G35 -> 2.9304209e+08 | H37: =H16+H35 -> 13148566 | I37: =I16+I35 -> 3.0619065e+08 | K37: =K16+K35 -> 1.485882e+09 | L37: =L16+L35 -> 4859483.1 | M37: =M16+M35 -> 2353651 | N37: =N16+N35 -> 7213134.1 | P37: =P16+P35 -> 1.7920727e+09 | S37: =S16+S35 -> 5578093 | V37: =V16+V35 -> 1319995789 | W37: =W16+W35 -> 2704302.3 | X37: =X16+X35 -> 2481232 | Y37: =Y16+Y35 -> 5185534.3 | AA37: =AA16+AA35 -> 1325573882 | AB37: =AB16+AB35 -> 0 | AC37: =AC16+AC35 -> 5.1262987e+09 | AD37: =AD16+AD35 -> 12398668
B40: Residential | F40: Commercial (less than 1,000 kw) | R40: Industrial (1,000 or greater kW)
A41: 2018 | G41: Non Demand Customers | K41: Demand Customers | R41: Non Demand | U41: Demand Customers | AA41: Total | AB41: Other
C42: Energy and | G42: Energy & | L42: Capacity (Billed) | P42: Total | S42: Energy & | W42: Capacity (Billed) | AA42: Industrial | AB42: Revenue | AC42: Total Company
A43: Company | C43: Capacity | G43: Capacity | H43: Lights | I43: Total | K43: Energy | L43: On-Peak | M43: Off Peak | N43: Total | P43: Commercial | S43: Capacity | V43: Energy | W43: On-Peak | X43: Off Peak | Y43: Total
A44: Unit of Measure | C44: kWh | G44: kWh | H44: kWh | I44: kWh | K44: kWh | L44: kW | M44: kW | N44: kW | P44: kWh | S44: kWh | V44: kWh | W44: kW | X44: kW | Y44: kW | AA44: kWh | AB44: kWh | AC44: kWh | AD44: kW
A45: Cell Formula | I45: G+H | N45: L+M | P45: I+K | Y45: W+X | AA45: S+V | AC45: C+P+AA+AB | AD45: N+Y
A46: Authorized EEC Exclusions
A48: GMP | C48: 0 | G48: 0 | H48: 0 | I48: =+G48+H48 -> 0 | K48: 0 | L48: 0 | M48: 0 | N48: =+L48+M48 -> 0 | O48: 0 | P48: =+I48+K48 -> 0 | S48: 0 | V48: 404984526 | W48: 639781 | X48: 604649 | Y48: =+W48+X48 -> 1244430 | AA48: =+S48+V48 -> 404984526 | AB48: 0 | AC48: =+C48+P48+AA48+AB48 -> 404984526 | AD48: =+N48+Y48 -> 1244430
V49: 186523954 | W49: 318851 | X49: 312790 | Y49: =+W49+X49 -> 631641 | AA49: =+S49+V49 -> 186523954 | AB49: 0 | AC49: =+C49+P49+AA49+AB49 -> 186523954 | AD49: =+N49+Y49 -> 631641
A51: Total Exclusions (see Note 2) | C51: =+C48 -> 0 | I51: =+G51+H51 -> 0 | N51: =+L51+M51 -> 0 | P51: =+I51+K51 -> 0 | S51: =+S48 -> 0 | V51: =SUM(V48:V50) -> 591508480 | W51: =SUM(W48:W50) -> 958632 | X51: =SUM(X48:X50) -> 917439 | Y51: =SUM(Y48:Y50) -> 1876071 | Z51: =SUM(Z48:Z50) -> 0 | AA51: =SUM(AA48:AA50) -> 591508480 | AC51: =SUM(AC48:AC50) -> 591508480 | AD51: =SUM(AD48:AD50) -> 1876071
A53: kWh and kW Subject To EEC Charge:
A54: Barton | C54: 10185244 | G54: 1018901 | H54: 127277 | I54: =+G54+H54 -> 1146178 | K54: 2314700 | L54: 7914 | M54: 0 | N54: =+L54+M54 -> 7914 | P54: =+I54+K54 -> 3460878 | S54: 0 | V54: =VLOOKUP($A54,'2019 FA Data'!$C$6:$K$21,8) -> 0 | W54: =VLOOKUP($A54,'2019 FA Data'!$C$6:$K$21,9) -> 0 | X54: 0 | Y54: =+W54+X54 -> 0 | AA54: =+S54+V54 -> 0 | AB54: 0 | AC54: =+C54+P54+AA54+AB54 -> 13646122 | AD54: =+N54+Y54 -> 7914
A55: Enosburg Falls | C55: 14497055 | G55: 2297852 | H55: 152603 | I55: =+G55+H55 -> 2450455 | K55: 9900588 | L55: 23943.86 | M55: 0 | N55: =+L55+M55 -> 23943.86 | P55: =+I55+K55 -> 12351043 | S55: 0 | V55: =VLOOKUP($A55,'2019 FA Data'!$C$6:$K$21,8) -> 0 | W55: =VLOOKUP($A55,'2019 FA Data'!$C$6:$K$21,9) -> 0 | X55: 0 | Y55: =+W55+X55 -> 0 | AA55: =+S55+V55 -> 0 | AB55: 0 | AC55: =+C55+P55+AA55+AB55 -> 26848098 | AD55: =+N55+Y55 -> 23943.86
A56: Green Mountain Power | C56: 1530597000 | G56: 183975374 | H56: 10167000 | I56: =+G56+H56 -> 194142374 | K56: 1332729626 | L56: 4118304 | M56: 2368482 | N56: =+L56+M56 -> 6486786 | P56: =+I56+K56 -> 1526872000 | S56: 0 | V56: 573254520 | W56: 1100184 | X56: 1228682 | Y56: =+W56+X56 -> 2328866 | AA56: =+S56+V56 -> 573254520 | AB56: 0 | AC56: =+C56+P56+AA56+AB56 -> 3630723520 | AD56: =+N56+Y56 -> 8815652
A57: Hardwick | C57: 23528620 | G57: 4990052 | H57: 180956 | I57: =+G57+H57 -> 5171008 | K57: 4846138 | L57: 15842.11 | M57: 0 | N57: =+L57+M57 -> 15842.11 | P57: =+I57+K57 -> 10017146 | S57: =VLOOKUP($A57,'2019 FA Data'!$C$6:$K$21,7) -> 0 | V57: 0 | W57: 0 | X57: 0 | Y57: =+W57+X57 -> 0 | AA57: =+S57+V57 -> 0 | AB57: 0 | AC57: =+C57+P57+AA57+AB57 -> 33545766 | AD57: =+N57+Y57 -> 15842.11
A58: Hyde Park | C58: 8181006 | G58: 2180000 | H58: 39718 | I58: =+G58+H58 -> 2219718 | K58: 1372940.2 | L58: 4668.2987 | M58: 0 | N58: =+L58+M58 -> 4668.2987 | P58: =+I58+K58 -> 3592658.2 | S58: =VLOOKUP($A58,'2019 FA Data'!$C$6:$K$21,7) -> 0 | V58: 0 | W58: 0 | X58: 0 | Y58: =+W58+X58 -> 0 | AA58: =+S58+V58 -> 0 | AB58: 0 | AC58: =+C58+P58+AA58+AB58 -> 11773664 | AD58: =+N58+Y58 -> 4668.2987
A59: Jacksonville | C59: 3502190 | G59: 568351 | H59: 17043.15 | I59: =+G59+H59 -> 585394.15 | K59: 899706 | L59: 5007 | M59: 0 | N59: =+L59+M59 -> 5007 | P59: =+I59+K59 -> 1485100.1 | S59: =VLOOKUP($A59,'2019 FA Data'!$C$6:$K$21,7) -> 0 | V59: 0 | W59: 0 | X59: 0 | Y59: =+W59+X59 -> 0 | AA59: =+S59+V59 -> 0 | AB59: 0 | AC59: =+C59+P59+AA59+AB59 -> 4987290.2 | AD59: =+N59+Y59 -> 5007
A60: Johnson | C60: 5152903 | G60: 1594005 | H60: 65597 | I60: =+G60+H60 -> 1659602 | K60: 5696986 | L60: 13336 | M60: 0 | N60: =+L60+M60 -> 13336 | P60: =+I60+K60 -> 7356588 | S60: =VLOOKUP($A60,'2019 FA Data'!$C$6:$K$21,7) -> 0 | V60: 0 | W60: 0 | X60: 0 | Y60: =+W60+X60 -> 0 | AA60: =+S60+V60 -> 0 | AB60: 0 | AC60: =+C60+P60+AA60+AB60 -> 12509491 | AD60: =+N60+Y60 -> 13336
A61: Ludlow | C61: 17141759 | G61: 5567395 | H61: 347690 | I61: =+G61+H61 -> 5915085 | K61: 11396430 | L61: 52666.32 | M61: 0 | N61: =+L61+M61 -> 52666.32 | P61: =+I61+K61 -> 17311515 | S61: =VLOOKUP($A61,'2019 FA Data'!$C$6:$K$21,7) -> 0 | V61: 20126143 | W61: 58128.78 | X61: 0 | Y61: =+W61+X61 -> 58128.78 | AA61: =+S61+V61 -> 20126143 | AB61: 0 | AC61: =+C61+P61+AA61+AB61 -> 54579417 | AD61: =+N61+Y61 -> 110795.1
A62: Lyndonville | C62: 31156590 | G62: 10936043 | H62: 477849 | I62: =+G62+H62 -> 11413892 | K62: 15962108 | L62: 56023.49 | M62: 0 | N62: =+L62+M62 -> 56023.49 | P62: =+I62+K62 -> 27376000 | S62: =VLOOKUP($A62,'2019 FA Data'!$C$6:$K$21,7) -> 0 | V62: 0 | W62: 0 | X62: 0 | Y62: =+W62+X62 -> 0 | AA62: =+S62+V62 -> 0 | AB62: 0 | AC62: =+C62+P62+AA62+AB62 -> 58532590 | AD62: =+N62+Y62 -> 56023.49
A63: Morrisville | C63: 21688925 | G63: 5653721 | H63: 37441 | I63: =+G63+H63 -> 5691162 | K63: 18408785 | L63: 52606.4 | N63: =+L63+M63 -> 52606.4 | P63: =+I63+K63 -> 24099947 | S63: =VLOOKUP($A63,'2019 FA Data'!$C$6:$K$21,7) -> 0 | V63: 0 | W63: 0 | X63: 0 | Y63: =+W63+X63 -> 0 | AA63: =+S63+V63 -> 0 | AB63: 0 | AC63: =+C63+P63+AA63+AB63 -> 45788872 | AD63: =+N63+Y63 -> 52606.4
A64: Northfield | C64: 10189153 | G64: 2420080 | H64: 89238 | I64: =+G64+H64 -> 2509318 | K64: 6992925 | L64: 19622.672 | M64: 0 | N64: =+L64+M64 -> 19622.672 | P64: =+I64+K64 -> 9502243 | S64: =VLOOKUP($A64,'2019 FA Data'!$C$6:$K$21,7) -> 0 | V64: 8525879 | W64: 18126.646 | X64: 0 | Y64: =+W64+X64 -> 18126.646 | AA64: =+S64+V64 -> 8525879 | AB64: 0 | AC64: =+C64+P64+AA64+AB64 -> 28217275 | AD64: =+N64+Y64 -> 37749.318
A65: Orleans | C65: 4164360 | G65: 2043329 | H65: 150368 | I65: =+G65+H65 -> 2193697 | N65: =+L65+M65 -> 0 | P65: =+I65+K65 -> 2193697 | S65: =VLOOKUP($A65,'2019 FA Data'!$C$6:$K$21,7) -> 0 | V65: 7332000 | W65: 25970 | X65: 0 | Y65: =+W65+X65 -> 25970 | AA65: =+S65+V65 -> 7332000 | AB65: 0 | AC65: =+C65+P65+AA65+AB65 -> 13690057 | AD65: =+N65+Y65 -> 25970
A66: Stowe | C66: 23333051 | G66: 7434709 | H66: 45839 | I66: =+G66+H66 -> 7480548 | K66: 36053655 | L66: 92031 | M66: 0 | N66: =+L66+M66 -> 92031 | P66: =+I66+K66 -> 43534203 | S66: =VLOOKUP($A66,'2019 FA Data'!$C$6:$K$21,7) -> 0 | V66: 8297320 | W66: 31488 | X66: 0 | Y66: =+W66+X66 -> 31488 | AA66: =+S66+V66 -> 8297320 | AB66: 0 | AC66: =+C66+P66+AA66+AB66 -> 75164574 | AD66: =+N66+Y66 -> 123519
A67: Swanton | C67: 26699555 | G67: 4149076 | H67: 136025 | I67: =+G67+H67 -> 4285101 | K67: 23635134 | L67: 83990.61 | M67: 0 | N67: =+L67+M67 -> 83990.61 | P67: =+I67+K67 -> 27920235 | S67: =VLOOKUP($A67,'2019 FA Data'!$C$6:$K$21,7) -> 0 | V67: 0 | W67: 0 | X67: 0 | Y67: =+W67+X67 -> 0 | AA67: =+S67+V67 -> 0 | AB67: 0 | AC67: =+C67+P67+AA67+AB67 -> 54619790 | AD67: =+N67+Y67 -> 83990.61
A68: Vermont Electric Coop (VEC). | C68: 225683948 | G68: 67906555 | H68: 1618292 | I68: =+G68+H68 -> 69524847 | K68: 62921602 | L68: 325901 | M68: 0 | N68: =+L68+M68 -> 325901 | P68: =+I68+K68 -> 132446449 | S68: 8702978 | V68: 93161478 | W68: 145675 | X68: 0 | Y68: =+W68+X68 -> 145675 | AA68: =+S68+V68 -> 101864456 | AB68: 0 | AC68: =+C68+P68+AA68+AB68 -> 459994853 | AD68: =+N68+Y68 -> 471576
A69: Washington Electric Coop (WEC) | C69: 61548462 | G69: 5172772 | I69: =+G69+H69 -> 5172772 | N69: =+L69+M69 -> 0 | P69: =+I69+K69 -> 5172772 | S69: =VLOOKUP($A69,'2019 FA Data'!$C$6:$K$21,7) -> 0 | V69: 3772650 | W69: 11273 | X69: 0 | Y69: =+W69+X69 -> 11273 | AA69: =+S69+V69 -> 3772650 | AB69: 0 | AC69: =+C69+P69+AA69+AB69 -> 70493884 | AD69: =+N69+Y69 -> 11273
A70: Total Subject to EEC Charge | C70: =SUM(C54:C69) -> 2017249821 | G70: =SUM(G54:G69) -> 3.0790822e+08 | H70: =SUM(H54:H69) -> 13652936 | I70: =G70+H70 -> 3.2156115e+08 | K70: =SUM(K54:K69) -> 1.5331313e+09 | L70: =SUM(L54:L69) -> 4871856.8 | M70: =SUM(M54:M69) -> 2368482 | N70: =+L70+M70 -> 7240338.8 | P70: =SUM(P54:P69) -> 1.8546925e+09 | S70: =SUM(S54:S69) -> 8702978 | V70: =SUM(V54:V69) -> 714469990 | W70: =SUM(W54:W69) -> 1390845.4 | X70: =SUM(X54:X69) -> 1228682 | Y70: =SUM(Y54:Y69) -> 2619527.4 | AA70: =SUM(AA54:AA69) -> 723172968 | AB70: =SUM(AB54:AB69) -> 0 | AC70: =SUM(AC54:AC69) -> 4.5951153e+09 | AD70: =SUM(AD54:AD69) -> 9859866.2
A72: Total Statewide | C72: =C51+C70 -> 2017249821 | G72: =G51+G70 -> 3.0790822e+08 | H72: =H51+H70 -> 13652936 | I72: =I51+I70 -> 3.2156115e+08 | K72: =K51+K70 -> 1.5331313e+09 | L72: =L51+L70 -> 4871856.8 | M72: =M51+M70 -> 2368482 | N72: =N51+N70 -> 7240338.8 | P72: =P51+P70 -> 1.8546925e+09 | S72: =S51+S70 -> 8702978 | V72: =V51+V70 -> 1305978470 | W72: =W51+W70 -> 2349477.4 | X72: =X51+X70 -> 2146121 | Y72: =Y51+Y70 -> 4495598.4 | AA72: =AA51+AA70 -> 1314681448 | AB72: =AB51+AB70 -> 0 | AC72: =AC51+AC70 -> 5.1866237e+09 | AD72: =AD51+AD70 -> 11735937
B76: Residential | F76: Commercial (less than 1,000 kw) | R76: Industrial (1,000 or greater kW)
A77: Change from 2018 to 2019 | G77: Non Demand Customers | K77: Demand Customers | R77: Non Demand | U77: Demand Customers | AA77: Total | AB77: Other
C78: Energy and | G78: Energy & | L78: Capacity (Billed) | P78: Total | S78: Energy & | W78: Capacity (Billed) | AA78: Industrial | AB78: Revenue | AC78: Total Company
A79: Company | C79: Capacity | G79: Capacity | H79: Lights | I79: Total | K79: Energy | L79: On-Peak | M79: Off Peak | N79: Total | P79: Commercial | S79: Capacity | V79: Energy | W79: On-Peak | X79: Off Peak | Y79: Total
A80: Unit of Measure | C80: kWh | G80: kWh | H80: kWh | I80: kWh | K80: kWh | L80: kW | M80: kW | N80: kW | P80: kWh | S80: kWh | V80: kWh | W80: kW | X80: kW | Y80: kW | AA80: kWh | AB80: kWh | AC80: kWh | AD80: kW
A81: Cell Formula | I81: G+H | N81: L+M | P81: I+K | Y81: W+X | AA81: S+V | AC81: C+P+AA+AB | AD81: N+Y
A82: Authorized EEC Exclusions
A84: GMP | C84: 0 | G84: 0 | H84: 0 | I84: =+G84+H84 -> 0 | K84: 0 | L84: 0 | M84: 0 | N84: =+L84+M84 -> 0 | O84: 0 | P84: =+I84+K84 -> 0 | S84: 0 | V84: 404984526 | W84: 639781 | X84: 604649 | Y84: =+W84+X84 -> 1244430 | AA84: =+S84+V84 -> 404984526 | AB84: 0 | AC84: =+C84+P84+AA84+AB84 -> 404984526 | AD84: =+N84+Y84 -> 1244430
V85: 186523954 | W85: 318851 | X85: 312790 | Y85: =+W85+X85 -> 631641 | AA85: =+S85+V85 -> 186523954 | AB85: 0 | AC85: =+C85+P85+AA85+AB85 -> 186523954 | AD85: =+N85+Y85 -> 631641
A87: Total Exclusions (see Note 2) | C87: =+C84 -> 0 | I87: =+G87+H87 -> 0 | N87: =+L87+M87 -> 0 | P87: =+I87+K87 -> 0 | S87: =+S84 -> 0 | V87: =SUM(V84:V86) -> 591508480 | W87: =SUM(W84:W86) -> 958632 | X87: =SUM(X84:X86) -> 917439 | Y87: =SUM(Y84:Y86) -> 1876071 | Z87: =SUM(Z84:Z86) -> 0 | AA87: =SUM(AA84:AA86) -> 591508480 | AC87: =SUM(AC84:AC86) -> 591508480 | AD87: =SUM(AD84:AD86) -> 1876071
A89: kWh and kW Subject To EEC Charge:
A90: Barton | C90: =C19-C54 -> -8340.3756 | G90: =G19-G54 -> 2066.8756 | H90: =H19-H54 -> -11326 | I90: =+G90+H90 -> -9259.1244 | K90: =K19-K54 -> 17994 | L90: =L19-L54 -> -383 | M90: =M19-M54 -> 0 | N90: =+L90+M90 -> -383 | P90: =+I90+K90 -> 8734.8756 | S90: =S19-S54 -> 0 | V90: =V19-V54 -> 0 | W90: =W19-W54 -> 0 | X90: =X19-X54 -> 0 | Y90: =+W90+X90 -> 0 | AA90: =+S90+V90 -> 0 | AB90: 0 | AC90: =+C90+P90+AA90+AB90 -> 394.5 | AD90: =+N90+Y90 -> -383
A91: Enosburg Falls | C91: =C20-C55 -> -761362.8 | G91: =G20-G55 -> 33101.795 | H91: =H20-H55 -> -25917 | I91: =+G91+H91 -> 7184.795 | K91: =K20-K55 -> 253477 | L91: =L20-L55 -> -469.06 | M91: =M20-M55 -> 0 | N91: =+L91+M91 -> -469.06 | P91: =+I91+K91 -> 260661.8 | S91: =S20-S55 -> 0 | V91: =V20-V55 -> 0 | W91: =W20-W55 -> 0 | X91: =X20-X55 -> 0 | Y91: =+W91+X91 -> 0 | AA91: =+S91+V91 -> 0 | AB91: 0 | AC91: =+C91+P91+AA91+AB91 -> -500701 | AD91: =+N91+Y91 -> -469.06
A92: Green Mountain Power | C92: =C21-C56 -> -2432459 | G92: =G21-G56 -> 8115193.9 | H92: =H21-H56 -> -575000 | I92: =+G92+H92 -> 7540193.9 | K92: =K21-K56 -> -54853489 | L92: =L21-L56 -> -25790 | M92: =M21-M56 -> -14831 | N92: =+L92+M92 -> -40621 | P92: =+I92+K92 -> -47313295 | S92: =S21-S56 -> 0 | V92: =V21-V56 -> 14022213 | W92: =W21-W56 -> 333006 | X92: =X21-X56 -> 335111 | Y92: =+W92+X92 -> 668117 | AA92: =+S92+V92 -> 14022213 | AB92: 0 | AC92: =+C92+P92+AA92+AB92 -> -35723541 | AD92: =+N92+Y92 -> 627496
A93: Hardwick | C93: =C22-C57 -> 67979.015 | G93: =G22-G57 -> -4979708 | H93: =H22-H57 -> -76764.52 | I93: =+G93+H93 -> -5056472.5 | K93: =K22-K57 -> 509269 | L93: =L22-L57 -> 3983.854 | M93: =M22-M57 -> 0 | N93: =+L93+M93 -> 3983.854 | P93: =+I93+K93 -> -4547203.5 | S93: =S22-S57 -> 0 | V93: =V22-V57 -> 0 | W93: =W22-W57 -> 0 | X93: =X22-X57 -> 0 | Y93: =+W93+X93 -> 0 | AA93: =+S93+V93 -> 0 | AB93: 0 | AC93: =+C93+P93+AA93+AB93 -> -4479224.5 | AD93: =+N93+Y93 -> 3983.854
A94: Hyde Park | C94: =C23-C58 -> -594669 | G94: =G23-G58 -> 76753.036 | H94: =H23-H58 -> 4266 | I94: =+G94+H94 -> 81019.036 | K94: =K23-K58 -> 124380.79 | L94: =L23-L58 -> 42970.701 | M94: =M23-M58 -> 0 | N94: =+L94+M94 -> 42970.701 | P94: =+I94+K94 -> 205399.83 | S94: =S23-S58 -> 0 | V94: =V23-V58 -> 0 | W94: =W23-W58 -> 0 | X94: =X23-X58 -> 0 | Y94: =+W94+X94 -> 0 | AA94: =+S94+V94 -> 0 | AB94: 0 | AC94: =+C94+P94+AA94+AB94 -> -389269.17 | AD94: =+N94+Y94 -> 42970.701
A95: Jacksonville | C95: =C24-C59 -> -7751.0153 | G95: =G24-G59 -> -12031.985 | H95: =H24-H59 -> 35120.85 | I95: =+G95+H95 -> 23088.865 | K95: =K24-K59 -> -34093 | L95: =L24-L59 -> -259 | M95: =M24-M59 -> 0 | N95: =+L95+M95 -> -259 | P95: =+I95+K95 -> -11004.135 | S95: =S24-S59 -> 0 | V95: =V24-V59 -> 0 | W95: =W24-W59 -> 0 | X95: =X24-X59 -> 0 | Y95: =+W95+X95 -> 0 | AA95: =+S95+V95 -> 0 | AB95: 0 | AC95: =+C95+P95+AA95+AB95 -> -18755.15 | AD95: =+N95+Y95 -> -259
A96: Johnson | C96: =C25-C60 -> -64901.352 | G96: =G25-G60 -> -131486.65 | H96: =H25-H60 -> -2618 | I96: =+G96+H96 -> -134104.65 | K96: =K25-K60 -> -4064390 | L96: =L25-L60 -> -9340 | M96: =M25-M60 -> 0 | N96: =+L96+M96 -> -9340 | P96: =+I96+K96 -> -4198494.6 | S96: =S25-S60 -> 0 | V96: =V25-V60 -> 0 | W96: =W25-W60 -> 0 | X96: =X25-X60 -> 0 | Y96: =+W96+X96 -> 0 | AA96: =+S96+V96 -> 0 | AB96: 0 | AC96: =+C96+P96+AA96+AB96 -> -4263396 | AD96: =+N96+Y96 -> -9340
A97: Ludlow | C97: =C26-C61 -> -300663.7 | G97: =G26-G61 -> -75146.841 | H97: =H26-H61 -> 0 | I97: =+G97+H97 -> -75146.841 | K97: =K26-K61 -> 417582.04 | L97: =L26-L61 -> -9708.32 | M97: =M26-M61 -> 0 | N97: =+L97+M97 -> -9708.32 | P97: =+I97+K97 -> 342435.2 | S97: =S26-S61 -> 0 | V97: =V26-V61 -> 737452 | W97: =W26-W61 -> 18602.22 | X97: =X26-X61 -> 0 | Y97: =+W97+X97 -> 18602.22 | AA97: =+S97+V97 -> 737452 | AB97: 0 | AC97: =+C97+P97+AA97+AB97 -> 779223.5 | AD97: =+N97+Y97 -> 8893.9
A98: Lyndonville | C98: =C27-C62 -> -2586434.5 | G98: =G27-G62 -> -10928090 | H98: =H27-H62 -> -414 | I98: =+G98+H98 -> -10928504 | K98: =K27-K62 -> 1764734.3 | L98: =L27-L62 -> -419.21 | M98: =M27-M62 -> 0 | N98: =+L98+M98 -> -419.21 | P98: =+I98+K98 -> -9163769.4 | S98: =S27-S62 -> 0 | V98: =V27-V62 -> 0 | W98: =W27-W62 -> 0 | X98: =X27-X62 -> 0 | Y98: =+W98+X98 -> 0 | AA98: =+S98+V98 -> 0 | AB98: 0 | AC98: =+C98+P98+AA98+AB98 -> -11750204 | AD98: =+N98+Y98 -> -419.21
A99: Morrisville | C99: =C28-C63 -> -193.26289 | G99: =G28-G63 -> -204113.74 | H99: =H28-H63 -> 704 | I99: =+G99+H99 -> -203409.74 | K99: =K28-K63 -> -165679 | L99: =L28-L63 -> -252.4 | M99: =M28-M63 -> 0 | N99: =+L99+M99 -> -252.4 | P99: =+I99+K99 -> -369088.74 | S99: =S28-S63 -> 0 | V99: =V28-V63 -> 0 | W99: =W28-W63 -> 0 | X99: =X28-X63 -> 0 | Y99: =+W99+X99 -> 0 | AA99: =+S99+V99 -> 0 | AB99: 0 | AC99: =+C99+P99+AA99+AB99 -> -369282 | AD99: =+N99+Y99 -> -252.4
A100: Northfield | C100: =C29-C64 -> 82937.254 | G100: =G29-G64 -> -2416148.8 | H100: =H29-H64 -> 192 | I100: =+G100+H100 -> -2415956.8 | K100: =K29-K64 -> 183772 | L100: =L29-L64 -> -322.384 | M100: =M29-M64 -> 0 | N100: =+L100+M100 -> -322.384 | P100: =+I100+K100 -> -2232184.8 | S100: =S29-S64 -> 0 | V100: =V29-V64 -> 329960 | W100: =W29-W64 -> 471.812 | X100: =X29-X64 -> 0 | Y100: =+W100+X100 -> 471.812 | AA100: =+S100+V100 -> 329960 | AB100: 0 | AC100: =+C100+P100+AA100+AB100 -> -1819287.5 | AD100: =+N100+Y100 -> 149.428
A101: Orleans | C101: =C30-C65 -> -217333.19 | G101: =G30-G65 -> -41431.814 | H101: =H30-H65 -> -25922 | I101: =+G101+H101 -> -67353.814 | K101: =K30-K65 -> 0 | L101: =L30-L65 -> 0 | M101: =M30-M65 -> 0 | N101: =+L101+M101 -> 0 | P101: =+I101+K101 -> -67353.814 | S101: =S30-S65 -> 0 | V101: =V30-V65 -> -708000 | W101: =W30-W65 -> -423 | X101: =X30-X65 -> 0 | Y101: =+W101+X101 -> -423 | AA101: =+S101+V101 -> -708000 | AB101: 0 | AC101: =+C101+P101+AA101+AB101 -> -992687 | AD101: =+N101+Y101 -> -423
... A105: Washington Electric Coop (WEC) | C105: =C34-C69 -> -4316546.5 | G105: =G34-G69 -> -127638 | H105: =H34-H69 -> 159479 | I105: =+G105+H105 -> 31841 | K105: =K34-K69 -> 0 | L105: =L34-L69 -> 0 | M105: =M34-M69 -> 0 | N105: =+L105+M105 -> 0 | P105: =+I105+K105 -> 31841 | S105: =S34-S69 -> 0 | V105: =V34-V69 -> -130885 | W105: =W34-W69 -> 331.848 | X105: =X34-X69 -> 0 | Y105: =+W105+X105 -> 331.848 | AA105: =+S105+V105 -> -130885 | AB105: 0 | AC105: =+C105+P105+AA105+AB105 -> -4415590.5 | AD105: =+N105+Y105 -> 331.848
A106: Total Subject to EEC Charge | C106: =SUM(C90:C105) -> -8597645.7 | G106: =SUM(G90:G105) -> -14866127 | H106: =SUM(H90:H105) -> -504369.67 | I106: =G106+H106 -> -15370497 | K106: =SUM(K90:K105) -> -47249313 | L106: =SUM(L90:L105) -> -12373.699 | M106: =SUM(M90:M105) -> -14831 | N106: =+L106+M106 -> -27204.699 | P106: =SUM(P90:P105) -> -62619810 | S106: =SUM(S90:S105) -> -3124885 | V106: =SUM(V90:V105) -> 14017319 | W106: =SUM(W90:W105) -> 354824.88 | X106: =SUM(X90:X105) -> 335111 | Y106: =SUM(Y90:Y105) -> 689935.88 | AA106: =SUM(AA90:AA105) -> 10892434 | AB106: =SUM(AB90:AB105) -> 0 | AC106: =SUM(AC90:AC105) -> -60325022 | AD106: =SUM(AD90:AD105) -> 662731.18
A108: Total Statewide | C108: =C87+C106 -> -8597645.7 | G108: =G87+G106 -> -14866127 | H108: =H87+H106 -> -504369.67 | I108: =I87+I106 -> -15370497 | K108: =K87+K106 -> -47249313 | L108: =L87+L106 -> -12373.699 | M108: =M87+M106 -> -14831 | N108: =N87+N106 -> -27204.699 | P108: =P87+P106 -> -62619810 | S108: =S87+S106 -> -3124885 | V108: =V87+V106 -> 605525799 | W108: =W87+W106 -> 1313456.9 | X108: =X87+X106 -> 1252550 | Y108: =Y87+Y106 -> 2566006.9 | AA108: =AA87+AA106 -> 602400914 | AB108: =AB87+AB106 -> 0 | AC108: =AC87+AC106 -> 5.3118346e+08 | AD108: =AD87+AD106 -> 2538802.2

Sheet Util Rev and Load Data
A1: EFFICIENCY VERMONT
A2: ENERGY EFFICIENCY CHARGE
A3: RATE CALCULATION
A4: RATE YEAR 2021
A5: INFORMATION REQUIREMENT SUMMARY
A6: PER PUC RULE 5.300
A7: STATEWIDE SUMMARY
A8: A | B8: B | C8: C | D8: D | E8: E | F8: F | G8: G | H8: H | I8: I | J8: J | K8: K | L8: L | M8: M | N8: N | O8: O | P8: P | Q8: Q | R8: R | S8: S | T8: T | U8: U | V8: V. | W8: W | X8: X | Y8: Y | Z8: Z | AA8: AA | AB8: AB | AC8: AC | AD8: AD
A9: 2019 REVENUES (See Note 1)
B10: Residential | F10: Commercial (less than 1,000 kW) | R10: Industrial (1,000 or greater kW)
F11: Non Demand Customers | J11: Demand Customers | R11: Non Demand Customers | U11: Demand Customers | AD11: Annual
B12: Customer | C12: Energy and | F12: Customer | G12: Energy & | J12: Customer | L12: Capacity (Billed) | P12: Total | R12: Customer | S12: Energy & | U12: Customer | W12: Capacity (Billed) | AA12: Total | AB12: Other | AC12: Total | AD12: Report and or
A13: Company | B13: Charge | C13: Capacity | D13: Total | F13: Charge | G13: Capacity | H13: Lights | I13: Total | J13: Charge | K13: Energy | L13: On-Peak | M13: Off Peak | N13: Total | O13: Total Demand | P13: Commercial | R13: Charge | S13: Capacity | T13: Total | U13: Charge | V13: Energy | W13: On-Peak | X13: Off Peak | Y13: Total | Z13: Total Demand | AA13: Industrial | AB13: Revenue | AC13: Company | AD13: FERC Form 1
A14: Unit of Measure | B14: $ | C14: $ | D14: $ | F14: $ | G14: $ | H14: $ | I14: $ | J14: $ | K14: $ | L14: $ | M14: $ | N14: $ | O14: $ | P14: $ | R14: $ | S14: $ | T14: $ | U14: $ | V14: $ | W14: $ | X14: $ | Y14: $ | Z14: $ | AA14: $ | AB14: $ | AC14: $ | AD14: $
A15: Cell Formula | D15: B+C | I15: F+G+H | N15: L+M | O15: J+K+N | P15: I+O | T15: R+S | Y15: W+X | Z15: U+V+Y | AA15: T+Z | AC15: D+P+AA+AB
A16: Authorized EEC Exclusions
A18: GMP Customers | B18: 0 | C18: 0 | D18: =+C18+B18 -> 0 | F18: 0 | G18: 0 | H18: 0 | I18: =+F18+G18+H18 -> 0 | J18: 0 | K18: 0 | L18: 0 | M18: 0 | N18: =+L18+M18 -> 0 | O18: =+J18+K18+N18 -> 0 | P18: =+I18+O18 -> 0 | R18: 0 | S18: 0 | T18: =+S18+R18 -> 0 | U18: 64005 | V18: 42587678 | W18: 6408791 | X18: 2823956 | Y18: =+W18+X18 -> 9232747 | Z18: =+U18+V18+Y18 -> 51884430 | AA18: =+T18+Z18 -> 51884430 | AC18: =D18+P18+AA18+AB18 -> 51884430
A19: GMP Customer 2 | B19: 0 | C19: 0 | D19: =+C19+B19 -> 0 | F19: 0 | G19: 0 | H19: 0 | I19: =+F19+G19+H19 -> 0 | J19: 0 | K19: 0 | L19: 0 | M19: 0 | N19: =+L19+M19 -> 0 | O19: =+J19+K19+N19 -> 0 | P19: =+I19+O19 -> 0 | R19: 0 | S19: 0 | T19: =+S19+R19 -> 0 | Y19: =+W19+X19 -> 0 | Z19: =+U19+V19+Y19 -> 0 | AA19: =+T19+Z19 -> 0 | AC19: =D19+P19+AA19+AB19 -> 0
A21: Total Exclusions (see Note 2) | D21: =+D18 -> 0 | I21: =+I18 -> 0 | N21: =+N18 -> 0 | O21: =+O18 -> 0 | P21: =+P18 -> 0 | T21: =+T18 -> 0 | Y21: =+Y19+Y18 -> 9232747 | Z21: =+Z19+Z18 -> 51884430 | AA21: =+AA19+AA18 -> 51884430 | AC21: =+AC19+AC18 -> 51884430
A23: Retail Sales Subject To EEC Charge:
A24: Barton | B24: 246497.56 | C24: 1746784.5 | D24: =+C24+B24 -> 1993282 | F24: 24398.4 | G24: 194182.54 | H24: 34252.94 | I24: =+F24+G24+H24 -> 252833.88 | J24: 25816.32 | K24: 349141.68 | L24: 92480.68 | M24: 0 | N24: =+L24+M24 -> 92480.68 | O24: =+J24+K24+N24 -> 467438.68 | P24: =+I24+O24 -> 720272.56 | R24: 0 | S24: 0 | T24: =+S24+R24 -> 0 | U24: 0 | V24: 0 | W24: 0 | X24: 0 | Y24: =+W24+X24 -> 0 | Z24: =+U24+V24+Y24 -> 0 | AA24: =+T24+Z24 -> 0 | AB24: 0 | AC24: =D24+P24+AA24+AB24 -> 2713554.6
A25: Enosburg Falls | B25: 171411.75 | C25: 2022161 | D25: =+C25+B25 -> 2193572.8 | F25: 31972.98 | G25: 348495.62 | H25: 26797.32 | I25: =+F25+G25+H25 -> 407265.92 | J25: 13207.68 | K25: 1072277.2 | L25: 297697.59 | M25: 0 | N25: =+L25+M25 -> 297697.59 | O25: =+J25+K25+N25 -> 1383182.5 | P25: =+I25+O25 -> 1790448.4 | R25: 0 | S25: 0 | T25: =+S25+R25 -> 0 | U25: 0 | V25: 0 | W25: 0 | X25: 0 | Y25: =+W25+X25 -> 0 | Z25: =+U25+V25+Y25 -> 0 | AA25: =+T25+Z25 -> 0 | AB25: 0 | AC25: =D25+P25+AA25+AB25 -> 3984021.2
A26: Green Mountain Power | B26: 39709169 | C26: 246947115 | D26: =+C26+B26 -> 286656284 | F26: 6055572 | G26: 34639961 | H26: 4506950 | I26: =+F26+G26+H26 -> 45202483 | J26: 7481796 | K26: 119141151 | L26: 61645883 | M26: 9056269 | N26: =+L26+M26 -> 70702152 | O26: =+J26+K26+N26 -> 197325099 | P26: =+I26+O26 -> 242527582 | R26: 0 | S26: 0 | T26: =+S26+R26 -> 0 | U26: 382773 | V26: 47424450 | W26: 19804569 | X26: 4337415 | Y26: =+W26+X26 -> 24141984 | Z26: =+U26+V26+Y26 -> 71949207 | AA26: =+T26+Z26 -> 71949207 | AB26: 0 | AC26: =D26+P26+AA26+AB26 -> 601133073
A27: Hardwick | B27: 527932.35 | C27: 3702907.9 | D27: =+C27+B27 -> 4230840.3 | F27: 72025.85 | G27: 847828.15 | H27: 44613 | I27: =+F27+G27+H27 -> 964467 | J27: 48727.98 | K27: 516563.28 | L27: 346032.7 | M27: 0 | N27: =+L27+M27 -> 346032.7 | O27: =+J27+K27+N27 -> 911323.96 | P27: =+I27+O27 -> 1875791 | R27: 0 | S27: 0 | T27: =+S27+R27 -> 0 | U27: 0 | V27: 0 | W27: 0 | X27: 0 | Y27: =+W27+X27 -> 0 | Z27: =+U27+V27+Y27 -> 0 | AA27: =+T27+Z27 -> 0 | AB27: 0 | AC27: =D27+P27+AA27+AB27 -> 6106631.2
A28: Hyde Park | B28: 216714.4 | C28: 1258567.1 | D28: =+C28+B28 -> 1475281.5 | F28: 34539.12 | G28: 584675.63 | H28: 11456.41 | I28: =+F28+G28+H28 -> 630671.16 | J28: 9817.32 | K28: 97575.77 | L28: 0 | M28: 0 | N28: =+L28+M28 -> 0 | O28: =+J28+K28+N28 -> 107393.09 | P28: =+I28+O28 -> 738064.25 | R28: 0 | S28: 0 | T28: =+S28+R28 -> 0 | U28: 0 | V28: 0 | W28: 0 | X28: 0 | Y28: =+W28+X28 -> 0 | Z28: =+U28+V28+Y28 -> 0 | AA28: =+T28+Z28 -> 0 | AB28: 0 | AC28: =D28+P28+AA28+AB28 -> 2213345.7
A29: Jacksonville | B29: 62779.69 | C29: 527167.39 | D29: =+C29+B29 -> 589947.08 | F29: 4065.57 | G29: 97540.54 | H29: 3280.08 | I29: =+F29+G29+H29 -> 104886.19 | J29: 984.96 | K29: 79189.96 | L29: 63908.08 | M29: 0 | N29: =+L29+M29 -> 63908.08 | O29: =+J29+K29+N29 -> 144083 | P29: =+I29+O29 -> 248969.19 | R29: 0 | S29: 0 | T29: =+S29+R29 -> 0 | U29: 0 | V29: 0 | W29: 0 | X29: 0 | Y29: =+W29+X29 -> 0 | Z29: =+U29+V29+Y29 -> 0 | AA29: =+T29+Z29 -> 0 | AB29: 0 | AC29: =D29+P29+AA29+AB29 -> 838916.27
A30: Johnson | B30: 117503 | C30: 775451 | D30: =+C30+B30 -> 892954 | F30: 32787 | G30: 276772 | H30: 15152 | I30: =+F30+G30+H30 -> 324711 | J30: 13487 | K30: 615115 | L30: 301663 | M30: 0 | N30: =+L30+M30 -> 301663 | O30: =+J30+K30+N30 -> 930265 | P30: =+I30+O30 -> 1254976 | R30: 0 | S30: 0 | T30: =+S30+R30 -> 0 | U30: 0 | V30: 0 | W30: 0 | X30: 0 | Y30: =+W30+X30 -> 0 | Z30: =+U30+V30+Y30 -> 0 | AA30: =+T30+Z30 -> 0 | AB30: 0 | AC30: =D30+P30+AA30+AB30 -> 2147930
A31: Ludlow | B31: 350029 | C31: 1911281 | D31: =+C31+B31 -> 2261310 | F31: 198953 | G31: 829203 | H31: 126811 | I31: =+F31+G31+H31 -> 1154967 | J31: 86319 | K31: 889496 | L31: 933897 | M31: 0 | N31: =+L31+M31 -> 933897 | O31: =+J31+K31+N31 -> 1909712 | P31: =+I31+O31 -> 3064679 | R31: 0 | S31: 0 | T31: =+S31+R31 -> 0 | U31: 122739 | V31: 1657280 | W31: 1142148 | X31: 0 | Y31: =+W31+X31 -> 1142148 | Z31: =+U31+V31+Y31 -> 2922167 | AA31: =+T31+Z31 -> 2922167 | AB31: 0 | AC31: =D31+P31+AA31+AB31 -> 8248156
A32: Lyndonville | B32: 542698 | C32: 4271118 | D32: =+C32+B32 -> 4813816 | F32: 163136.75 | G32: 1677267.2 | H32: 99757 | I32: =+F32+G32+H32 -> 1940161 | J32: 85142.71 | K32: 1344767.8 | L32: 928706.53 | M32: 0 | N32: =+L32+M32 -> 928706.53 | O32: =+J32+K32+N32 -> 2358617 | P32: =+I32+O32 -> 4298778 | R32: 0 | S32: 0 | T32: =+S32+R32 -> 0 | U32: 0 | V32: 0 | W32: 0 | X32: 0 | Y32: =+W32+X32 -> 0 | Z32: =+U32+V32+Y32 -> 0 | AA32: =+T32+Z32 -> 0 | AB32: 0 | AC32: =D32+P32+AA32+AB32 -> 9112594
A33: Morrisville | B33: 368857 | C33: 3005656 | D33: =+C33+B33 -> 3374513 | F33: 73904 | G33: 802995 | H33: 22597 | I33: =+F33+G33+H33 -> 899496 | J33: 62829 | K33: 2135603 | L33: 563428 | M33: 0 | N33: =+L33+M33 -> 563428 | O33: =+J33+K33+N33 -> 2761860 | P33: =+I33+O33 -> 3661356 | R33: 0 | S33: 0 | T33: =+S33+R33 -> 0 | U33: 0 | V33: 0 | W33: 0 | X33: 0 | Y33: =+W33+X33 -> 0 | Z33: =+U33+V33+Y33 -> 0 | AA33: =+T33+Z33 -> 0 | AB33: 0 | AC33: =D33+P33+AA33+AB33 -> 7035869
A34: Northfield | B34: 155746.44 | C34: 1248827.5 | D34: =+C34+B34 -> 1404573.9 | F34: 37280.53 | G34: 344172.76 | H34: 25796.15 | I34: =+F34+G34+H34 -> 407249.44 | J34: 5808.36 | K34: 663660.57 | L34: 170860.85 | M34: 0 | N34: =+L34+M34 -> 170860.85 | O34: =+J34+K34+N34 -> 840329.78 | P34: =+I34+O34 -> 1247579.2 | R34: 0 | S34: 0 | T34: =+S34+R34 -> 0 | U34: 6088.68 | V34: 975963.65 | W34: 123186.62 | X34: 0 | Y34: =+W34+X34 -> 123186.62 | Z34: =+U34+V34+Y34 -> 1105238.9 | AA34: =+T34+Z34 -> 1105238.9 | AB34: 0 | AC34: =D34+P34+AA34+AB34 -> 3757392.1
A35: Orleans | B35: 68745 | C35: 442118 | D35: =+C35+B35 -> 510863 | F35: 25202 | G35: 258344 | H35: 20553 | I35: =+F35+G35+H35 -> 304099 | J35: 0 | K35: 0 | L35: 0 | M35: 0 | N35: =+L35+M35 -> 0 | O35: =+J35+K35+N35 -> 0 | P35: =+I35+O35 -> 304099 | R35: 0 | S35: 0 | T35: =+S35+R35 -> 0 | U35: 15817 | V35: 667633 | W35: 326746 | X35: 0 | Y35: =+W35+X35 -> 326746 | Z35: =+U35+V35+Y35 -> 1010196 | AA35: =+T35+Z35 -> 1010196 | AB35: 0 | AC35: =D35+P35+AA35+AB35 -> 1825158
... A39: Washington Electric Coop (WEC) | B39: 1801554.8 | C39: 11930801 | D39: =+C39+B39 -> 13732356 | F39: 97057.41 | G39: 1041309.8 | H39: 85287.1 | I39: =+F39+G39+H39 -> 1223654.3 | J39: 0 | K39: 0 | L39: 0 | M39: 0 | N39: =+L39+M39 -> 0 | O39: =+J39+K39+N39 -> 0 | P39: =+I39+O39 -> 1223654.3 | R39: 0 | S39: 0 | T39: =+S39+R39 -> 0 | U39: 3543.48 | V39: 397334.9 | W39: 180665.92 | X39: 0 | Y39: =+W39+X39 -> 180665.92 | Z39: =+U39+V39+Y39 -> 581544.3 | AA39: =+T39+Z39 -> 581544.3 | AB39: 0 | AC39: =D39+P39+AA39+AB39 -> 15537555
A40: Total Subject to EEC Charge | B40: =SUM(B24:B39) -> 52481327 | C40: =SUM(C24:C39) -> 3.2178078e+08 | D40: =B40+C40 -> 3.7426211e+08 | F40: =SUM(F24:F39) -> 7970880.5 | G40: =SUM(G24:G39) -> 53259836 | H40: =SUM(H24:H39) -> 5729970.1 | I40: =F40+G40+H40 -> 66960686 | J40: =SUM(J24:J39) -> 8111840 | K40: =SUM(K24:K39) -> 1.3914374e+08 | L40: =SUM(L24:L39) -> 69849291 | M40: =SUM(M24:M39) -> 9056269 | N40: =L40+M40 -> 78905560 | O40: =J40+K40+N40 -> 2.2616114e+08 | P40: =I40+O40 -> 2.9312183e+08 | R40: =SUM(R24:R39) -> 16471 | S40: =SUM(S24:S39) -> 1216637 | T40: =R40+S40 -> 1233108 | U40: =SUM(U24:U39) -> 664680.9 | V40: =SUM(V24:V39) -> 58358599 | W40: =SUM(W24:W39) -> 24110245 | X40: =SUM(X24:X39) -> 4337415 | Y40: =W40+X40 -> 28447660 | Z40: =U40+V40+Y40 -> 87470940 | AA40: =T40+Z40 -> 88704048 | AB40: =SUM(AB24:AB39) -> 0 | AC40: =SUM(AC24:AC39) -> 7.5608798e+08 | AD40: =SUM(AD24:AD39) -> 0
A42: All Other Utilities | B42: =B40 -> 52481327 | C42: =C40 -> 3.2178078e+08 | D42: =D40 -> 3.7426211e+08 | F42: =F40 -> 7970880.5 | G42: =G40 -> 53259836 | H42: =H40 -> 5729970.1 | I42: =I40 -> 66960686 | J42: =J40 -> 8111840 | K42: =K40 -> 1.3914374e+08 | L42: =L40 -> 69849291 | M42: =M40 -> 9056269 | ... P42: =P40 -> 2.9312183e+08 | R42: =R40 -> 16471 | S42: =S40 -> 1216637 | T42: =T40 -> 1233108 | U42: =U40 -> 664680.9 | V42: =V40 -> 58358599 | W42: =W40 -> 24110245 | X42: =X40 -> 4337415 | Y42: =Y40 -> 28447660 | ... AD42: =AD40 -> 0
A44: Total Statewide | B44: xxx | C44: xxx | D44: =D40+D21 -> 3.7426211e+08 | F44: xxx | G44: xxx | H44: =H40+H21 -> 5729970.1 | I44: xxx | J44: xxx | K44: xxx | L44: xxx | M44: xxx | N44: xxx | O44: xxx | P44: =P40+P21 -> 2.9312183e+08 | R44: xxx | S44: xxx | T44: xxx | U44: xxx | V44: xxx | W44: xxx | X44: xxx | Y44: xxx | Z44: xxx | AA44: =AA40+AA21 -> 1.4058848e+08 | AC44: =AC40+AC21 -> 8.0797241e+08
A46: As Reported To FERC/Annual Report | B46: xxx | C46: xxx | F46: xxx | G46: xxx | I46: xxx | J46: xxx | K46: xxx | L46: xxx | M46: xxx | N46: xxx | O46: xxx | R46: xxx | S46: xxx | T46: xxx | U46: xxx | V46: xxx | W46: xxx | X46: xxx | Y46: xxx | Z46: xxx
A48: Difference | B48: xxx | C48: xxx | D48: =D44-D46 -> 3.7426211e+08 | F48: xxx | G48: xxx | H48: =H44-H46 -> 5729970.1 | I48: xxx | J48: xxx | K48: xxx | L48: xxx | M48: xxx | N48: xxx | O48: xxx | P48: =P44-P46 -> 2.9312183e+08 | R48: xxx | S48: xxx | T48: xxx | U48: xxx | V48: xxx | W48: xxx | X48: xxx | Y48: xxx | Z48: xxx | AA48: =AA44-AA46 -> 1.4058848e+08 | AB48: =AB44-AB46 -> 0 | AC48: =AC44-AC46 -> 8.0797241e+08
A54: A | B54: B | C54: C | D54: D | E54: E | F54: F | G54: G | H54: H | I54: I | J54: J | K54: K | L54: L | M54: M | N54: N | O54: O | P54: P | Q54: Q | R54: R | S54: S | T54: T | U54: U | V54: V. | W54: W | X54: X | Y54: Y | Z54: Z | AA54: AA | AB54: AB | AC54: AC | AD54: AD
A55: 2019 BILLING DETERMINANTS (See Note 1)
B56: Residential | F56: Commercial (less than 1,000 kw) | R56: Industrial (1,000 or greater kW)
G57: Non Demand Customers | K57: Demand Customers | R57: Non Demand | U57: Demand Customers | AA57: Total | AB57: Other
C58: Energy and | G58: Energy & | L58: Capacity (Billed) | P58: Total | S58: Energy & | W58: Capacity (Billed) | AA58: Industrial | AB58: Revenue | AC58: Total Company
A59: Company | C59: Capacity | G59: Capacity | H59: Lights | I59: Total | K59: Energy | L59: On-Peak | M59: Off Peak | N59: Total | P59: Commercial | S59: Capacity | V59: Energy | W59: On-Peak | X59: Off Peak | Y59: Total
A60: Unit of Measure | C60: kWh | G60: kWh | H60: kWh | I60: kWh | K60: kWh | L60: kW | M60: kW | N60: kW | P60: kWh | S60: kWh | V60: kWh | W60: kW | X60: kW | Y60: kW | AA60: kWh | AB60: kWh | AC60: kWh | AD60: kW
A61: Cell Formula | I61: G+H | N61: L+M | P61: I+K | Y61: W+X | AA61: S+V | AC61: C+P+AA+AB | AD61: N+Y
A62: Authorized EEC Exclusions
A64: GMP | C64: 0 | G64: 0 | H64: 0 | I64: =+G64+H64 -> 0 | K64: 0 | L64: 0 | M64: 0 | N64: =+L64+M64 -> 0 | O64: 0 | P64: =+I64+K64 -> 0 | S64: 0 | V64: 404984526 | W64: 639781 | X64: 604649 | Y64: =+W64+X64 -> 1244430 | AA64: =+S64+V64 -> 404984526 | AB64: 0 | AC64: =+C64+P64+AA64+AB64 -> 404984526 | AD64: =+N64+Y64 -> 1244430
V65: 186523954 | W65: 318851 | X65: 312790 | Y65: =+W65+X65 -> 631641 | AA65: =+S65+V65 -> 186523954 | AB65: 0 | AC65: =+C65+P65+AA65+AB65 -> 186523954 | AD65: =+N65+Y65 -> 631641
A67: Total Exclusions (see Note 2) | C67: =+C64 -> 0 | I67: =+G67+H67 -> 0 | N67: =+L67+M67 -> 0 | P67: =+I67+K67 -> 0 | S67: =+S64 -> 0 | V67: =SUM(V64:V66) -> 591508480 | W67: =SUM(W64:W66) -> 958632 | X67: =SUM(X64:X66) -> 917439 | Y67: =SUM(Y64:Y66) -> 1876071 | Z67: =SUM(Z64:Z66) -> 0 | AA67: =SUM(AA64:AA66) -> 591508480 | AC67: =SUM(AC64:AC66) -> 591508480 | AD67: =SUM(AD64:AD66) -> 1876071
A69: kWh and kW Subject To EEC Charge: | AE69: 2019 kWh | AF69: Change kWh | AG69: Change % | AH69: Reason
A70: Barton | C70: =VLOOKUP($A70,'Gross Consumption'!$K$28:$O$38,4)+10099154 -> 10172239 | G70: =VLOOKUP($A70,'Gross Consumption'!$K$28:$O$38,5)+1017070 -> 1020734 | H70: =VLOOKUP($A70,'2019 FA Data'!$C$6:$K$21,4) -> 115951 | I70: =+G70+H70 -> 1136685 | K70: 2332694 | L70: 7531 | M70: 0 | N70: =+L70+M70 -> 7531 | P70: =+I70+K70 -> 3469379 | S70: 0 | V70: =VLOOKUP($A70,'2019 FA Data'!$C$6:$K$21,8) -> 0 | W70: =VLOOKUP($A70,'2019 FA Data'!$C$6:$K$21,9) -> 0 | X70: 0 | Y70: =+W70+X70 -> 0 | AA70: =+S70+V70 -> 0 | AB70: 0 | AC70: =+C70+P70+AA70+AB70 -> 13641618 | AD70: =+N70+Y70 -> 7531 | AE70: 13646122 | AF70: =AC70-AE70 -> -4504.35 | AG70: =AC70/AE70-1 -> -0.00033008279
A71: Enosburg Falls | C71: =VLOOKUP($A71,'Gross Consumption'!$K$28:$O$38,4)+13654274 -> 13730807 | G71: =VLOOKUP($A71,'Gross Consumption'!$K$28:$O$38,5)+2326872 -> 2330708.9 | H71: 126686 | I71: =+G71+H71 -> 2457394.9 | K71: 10154065 | L71: 23474.8 | M71: 0 | N71: =+L71+M71 -> 23474.8 | P71: =+I71+K71 -> 12611460 | S71: 0 | V71: =VLOOKUP($A71,'2019 FA Data'!$C$6:$K$21,8) -> 0 | W71: =VLOOKUP($A71,'2019 FA Data'!$C$6:$K$21,9) -> 0 | X71: 0 | Y71: =+W71+X71 -> 0 | AA71: =+S71+V71 -> 0 | AB71: 0 | AC71: =+C71+P71+AA71+AB71 -> 26342267 | AD71: =+N71+Y71 -> 23474.8 | AE71: 26848098 | AF71: =AC71-AE71 -> -505831 | AG71: =AC71/AE71-1 -> -0.018840478 | AH71: Res -675K; CD +270K
A72: Green Mountain Power | C72: =1501327000+'Gross Consumption'!T28*0.98 -> 1.5273452e+09 | G72: =191542863+'Gross Consumption'!T28*0.02 -> 1.9207385e+08 | H72: 9592000 | I72: =+G72+H72 -> 2.0166585e+08 | K72: 1277876137 | L72: 4092514 | M72: 2353651 | N72: =+L72+M72 -> 6446165 | P72: =+I72+K72 -> 1.479542e+09 | S72: 0 | V72: 587276733 | W72: 1433190 | X72: 1563793 | Y72: =+W72+X72 -> 2996983 | AA72: =+S72+V72 -> 587276733 | AB72: 0 | AC72: =+C72+P72+AA72+AB72 -> 3.5941639e+09 | AD72: =+N72+Y72 -> 9443148 | AE72: 3630757520 | AF72: =AC72-AE72 -> -36593652 | AG72: =AC72/AE72-1 -> -0.010078793 | AH72: R -30M; CND +7M; CD -55M; ID +14M
A73: Hardwick | C73: =VLOOKUP($A73,'Gross Consumption'!$K$28:$O$38,4)+23390271 -> 23584219 | G73: =VLOOKUP($A73,'Gross Consumption'!$K$28:$O$38,5)+5056167 -> 5065890.3 | H73: =VLOOKUP($A73,'2019 FA Data'!$C$6:$K$21,4) -> 104191.48 | I73: =+G73+H73 -> 5170081.8 | K73: 5355407 | L73: =VLOOKUP($A73,'2019 FA Data'!$C$6:$K$21,6) -> 19825.964 | M73: 0 | N73: =+L73+M73 -> 19825.964 | P73: =+I73+K73 -> 10525489 | S73: =VLOOKUP($A73,'2019 FA Data'!$C$6:$K$21,7) -> 0 | V73: =VLOOKUP($A73,'2019 FA Data'!$C$6:$K$21,8) -> 0 | W73: =VLOOKUP($A73,'2019 FA Data'!$C$6:$K$21,9) -> 0 | X73: 0 | Y73: =+W73+X73 -> 0 | AA73: =+S73+V73 -> 0 | AB73: 0 | AC73: =+C73+P73+AA73+AB73 -> 34109708 | AD73: =+N73+Y73 -> 19825.964 | AE73: 33545766 | AF73: =AC73-AE73 -> 563942.16 | AG73: =AC73/AE73-1 -> 0.016811128 | AH73: CD +500K
A74: Hyde Park | C74: =8195337+'Gross Consumption'!T29 -> 8334865.4 | G74: 2256753 | H74: 43984 | I74: =+G74+H74 -> 2300737 | K74: 1433440 | L74: 4892 | M74: 0 | N74: =+L74+M74 -> 4892 | P74: =+I74+K74 -> 3734177 | S74: =VLOOKUP($A74,'2019 FA Data'!$C$6:$K$21,7) -> 0 | V74: =VLOOKUP($A74,'2019 FA Data'!$C$6:$K$21,8) -> 0 | W74: =VLOOKUP($A74,'2019 FA Data'!$C$6:$K$21,9) -> 0 | X74: 0 | Y74: =+W74+X74 -> 0 | AA74: =+S74+V74 -> 0 | AB74: 0 | AC74: =+C74+P74+AA74+AB74 -> 12069042 | AD74: =+N74+Y74 -> 4892 | AE74: 11773664 | AF74: =AC74-AE74 -> 295378.28 | AG74: =AC74/AE74-1 -> 0.02508805 | AH74: CN/D +75K; SL +4K; CD +60K
A75: Jacksonville | C75: =VLOOKUP($A75,'Gross Consumption'!$K$28:$O$38,4)+3468887 -> 3492905.9 | G75: =VLOOKUP($A75,'Gross Consumption'!$K$28:$O$38,5)+552438 -> 553642.15 | H75: =VLOOKUP($A75,'2019 FA Data'!$C$6:$K$21,4) -> 52164 | I75: =+G75+H75 -> 605806.15 | K75: 865613 | L75: 4748 | M75: 0 | N75: =+L75+M75 -> 4748 | P75: =+I75+K75 -> 1471419.2 | S75: =VLOOKUP($A75,'2019 FA Data'!$C$6:$K$21,7) -> 0 | V75: =VLOOKUP($A75,'2019 FA Data'!$C$6:$K$21,8) -> 0 | W75: =VLOOKUP($A75,'2019 FA Data'!$C$6:$K$21,9) -> 0 | X75: 0 | Y75: =+W75+X75 -> 0 | AA75: =+S75+V75 -> 0 | AB75: 0 | AC75: =+C75+P75+AA75+AB75 -> 4964325 | AD75: =+N75+Y75 -> 4748 | AE75: 4987290.2 | AF75: =AC75-AE75 -> -22965.13 | AG75: =AC75/AE75-1 -> -0.0046047311 | AH75: CD -35K; SL up 35K
A76: Johnson | C76: =VLOOKUP($A76,'Gross Consumption'!$K$28:$O$38,4)+5134304 -> 5151316.7 | G76: =VLOOKUP($A76,'Gross Consumption'!$K$28:$O$38,5)+1614205 -> 1615057.9 | H76: 63661 | I76: =+G76+H76 -> 1678718.9 | K76: 5770337 | L76: 13541 | M76: 0 | N76: =+L76+M76 -> 13541 | P76: =+I76+K76 -> 7449055.9 | S76: =VLOOKUP($A76,'2019 FA Data'!$C$6:$K$21,7) -> 0 | V76: =VLOOKUP($A76,'2019 FA Data'!$C$6:$K$21,8) -> 0 | W76: =VLOOKUP($A76,'2019 FA Data'!$C$6:$K$21,9) -> 0 | X76: 0 | Y76: =+W76+X76 -> 0 | AA76: =+S76+V76 -> 0 | AB76: 0 | AC76: =+C76+P76+AA76+AB76 -> 12600373 | AD76: =+N76+Y76 -> 13541 | AE76: 12509491 | AF76: =AC76-AE76 -> 90881.64 | AG76: =AC76/AE76-1 -> 0.007265015 | AH76: R-50K; CN/D-135K; CD-4MkWh and 10K kW
A77: Ludlow | C77: =VLOOKUP($A77,'Gross Consumption'!$K$28:$O$38,4)+16822880 -> 16840002 | G77: =VLOOKUP($A77,'Gross Consumption'!$K$28:$O$38,5)+5491335 -> 5492193.4 | H77: 324996 | I77: =+G77+H77 -> 5817189.4 | K77: 12851887 | L77: 42958 | M77: 0 | N77: =+L77+M77 -> 42958 | P77: =+I77+K77 -> 18669076 | S77: =VLOOKUP($A77,'2019 FA Data'!$C$6:$K$21,7) -> 0 | V77: 19848414 | W77: 76731 | X77: 0 | Y77: =+W77+X77 -> 76731 | AA77: =+S77+V77 -> 19848414 | AB77: 0 | AC77: =+C77+P77+AA77+AB77 -> 55357493 | AD77: =+N77+Y77 -> 119689 | AE77: 54579417 | AF77: =AC77-AE77 -> 778075.79 | AG77: =AC77/AE77-1 -> 0.014255846 | AH77: Ind
A78: Lyndonville | C78: =VLOOKUP($A78,'Gross Consumption'!$K$28:$O$38,4)+30981386 -> 31130509 | G78: =VLOOKUP($A78,'Gross Consumption'!$K$28:$O$38,5)+12187559 -> 12195035 | H78: 477436 | I78: =+G78+H78 -> 12672471 | K78: 17724798 | L78: 55604 | M78: 0 | N78: =+L78+M78 -> 55604 | P78: =+I78+K78 -> 30397269 | S78: =VLOOKUP($A78,'2019 FA Data'!$C$6:$K$21,7) -> 0 | V78: =VLOOKUP($A78,'2019 FA Data'!$C$6:$K$21,8) -> 0 | W78: =VLOOKUP($A78,'2019 FA Data'!$C$6:$K$21,9) -> 0 | X78: 0 | Y78: =+W78+X78 -> 0 | AA78: =+S78+V78 -> 0 | AB78: 0 | AC78: =+C78+P78+AA78+AB78 -> 61527778 | AD78: =+N78+Y78 -> 55604 | AE78: 58532590 | AF78: =AC78-AE78 -> 2995187.8 | AG78: =AC78/AE78-1 -> 0.051171285 | AH78: CN/D +1.2M; CD +1.8M
A79: Morrisville | C79: =VLOOKUP($A79,'Gross Consumption'!$K$28:$O$38,4)+21460397 -> 21675032 | G79: =VLOOKUP($A79,'Gross Consumption'!$K$28:$O$38,5)+5438160 -> 5448920.4 | H79: 38145 | I79: =+G79+H79 -> 5487065.4 | K79: 18243106 | L79: 52354 | M79: 0 | N79: =+L79+M79 -> 52354 | P79: =+I79+K79 -> 23730171 | S79: =VLOOKUP($A79,'2019 FA Data'!$C$6:$K$21,7) -> 0 | V79: =VLOOKUP($A79,'2019 FA Data'!$C$6:$K$21,8) -> 0 | W79: =VLOOKUP($A79,'2019 FA Data'!$C$6:$K$21,9) -> 0 | X79: 0 | Y79: =+W79+X79 -> 0 | AA79: =+S79+V79 -> 0 | AB79: 0 | AC79: =+C79+P79+AA79+AB79 -> 45405203 | AD79: =+N79+Y79 -> 52354 | AE79: 45788872 | AF79: =AC79-AE79 -> -383668.92 | AG79: =AC79/AE79-1 -> -0.0083790865 | AH79: Small reductions-Gross made most back
A80: Northfield | C80: =VLOOKUP($A80,'Gross Consumption'!$K$28:$O$38,4)+10186640 -> 10260350 | G80: =VLOOKUP($A80,'Gross Consumption'!$K$28:$O$38,5)+2384371 -> 2388066.4 | H80: 89453 | I80: =+G80+H80 -> 2477519.4 | K80: 7314434 | L80: 19284.52 | M80: 0 | N80: =+L80+M80 -> 19284.52 | P80: =+I80+K80 -> 9791953.4 | S80: =VLOOKUP($A80,'2019 FA Data'!$C$6:$K$21,7) -> 0 | V80: 8849076 | W80: 18636.402 | X80: 0 | Y80: =+W80+X80 -> 18636.402 | AA80: =+S80+V80 -> 8849076 | AB80: 0 | AC80: =+C80+P80+AA80+AB80 -> 28901380 | AD80: =+N80+Y80 -> 37920.922 | AE80: 28217275 | AF80: =AC80-AE80 -> 684104.71 | AG80: =AC80/AE80-1 -> 0.024244181 | AH80: R +75K; CD +320K; Ind +325K
A81: Orleans | C81: =VLOOKUP($A81,'Gross Consumption'!$K$28:$O$38,4)+3938087 -> 3946490.4 | G81: =VLOOKUP($A81,'Gross Consumption'!$K$28:$O$38,5)+2001449 -> 2001870.3 | H81: 124446 | I81: =+G81+H81 -> 2126316.3 | K81: =VLOOKUP($A81,'2019 FA Data'!$C$6:$K$21,5) -> 0 | L81: =VLOOKUP($A81,'2019 FA Data'!$C$6:$K$21,6) -> 0 | M81: 0 | N81: =+L81+M81 -> 0 | P81: =+I81+K81 -> 2126316.3 | S81: =VLOOKUP($A81,'2019 FA Data'!$C$6:$K$21,7) -> 0 | V81: 6624000 | W81: =VLOOKUP($A81,'2019 FA Data'!$C$6:$K$21,9) -> 25547 | X81: 0 | Y81: =+W81+X81 -> 25547 | AA81: =+S81+V81 -> 6624000 | AB81: 0 | AC81: =+C81+P81+AA81+AB81 -> 12696807 | AD81: =+N81+Y81 -> 25547 | AE81: 13690057 | AF81: =AC81-AE81 -> -993250.28 | AG81: =AC81/AE81-1 -> -0.072552677 | AH81: EA -700K; R -225K, C -70K
A82: Stowe | C82: =VLOOKUP($A82,'2019 FA Data'!$C$6:$K$21,2)*1.019 -> 24609956 | G82: =VLOOKUP($A82,'2019 FA Data'!$C$6:$K$21,3) -> 7041489 | H82: =VLOOKUP($A82,'2019 FA Data'!$C$6:$K$21,4) -> 47599 | I82: =+G82+H82 -> 7089088 | K82: =VLOOKUP($A82,'2019 FA Data'!$C$6:$K$21,5) -> 35790331 | L82: =VLOOKUP($A82,'2019 FA Data'!$C$6:$K$21,6) -> 103570.73 | M82: 0 | N82: =+L82+M82 -> 103570.73 | P82: =+I82+K82 -> 42879419 | S82: =VLOOKUP($A82,'2019 FA Data'!$C$6:$K$21,7) -> 0 | V82: =VLOOKUP($A82,'2019 FA Data'!$C$6:$K$21,8) -> 7767120 | W82: =VLOOKUP($A82,'2019 FA Data'!$C$6:$K$21,9) -> 32260 | X82: 0 | Y82: =+W82+X82 -> 32260 | AA82: =+S82+V82 -> 7767120 | AB82: 0 | AC82: =+C82+P82+AA82+AB82 -> 75256495 | AD82: =+N82+Y82 -> 135830.73 | AE82: 75164574 | AF82: =AC82-AE82 -> 91920.615 | AG82: =AC82/AE82-1 -> 0.0012229247 | AH82: R +1.3M; CN/D -400K, SL -2K; CD -260K; I -530K
A83: Swanton | C83: =VLOOKUP($A83,'Gross Consumption'!$K$28:$O$38,4)+26143717 -> 26226642 | G83: =VLOOKUP($A83,'Gross Consumption'!$K$28:$O$38,5)+3169912 -> 3174069.3 | H83: 126916 | I83: =+G83+H83 -> 3300985.3 | K83: 23698018 | L83: 88468 | M83: 0 | N83: =+L83+M83 -> 88468 | P83: =+I83+K83 -> 26999003 | S83: =VLOOKUP($A83,'2019 FA Data'!$C$6:$K$21,7) -> 0 | V83: =VLOOKUP($A83,'2019 FA Data'!$C$6:$K$21,8) -> 0 | W83: =VLOOKUP($A83,'2019 FA Data'!$C$6:$K$21,9) -> 0 | X83: 0 | Y83: =+W83+X83 -> 0 | AA83: =+S83+V83 -> 0 | AB83: 0 | AC83: =+C83+P83+AA83+AB83 -> 53225645 | AD83: =+N83+Y83 -> 88468 | AE83: 54619790 | AF83: =AC83-AE83 -> -1394144.9 | AG83: =AC83/AE83-1 -> -0.025524538 | AH83: R-0.5M; CN/D-1M; CD +5,000 kW
A84: Vermont Electric Coop (VEC). | C84: =222123584+'Gross Consumption'!X19 -> 2.2713014e+08 | G84: =64983133+'Gross Consumption'!Y19 -> 65090915 | H84: 1639471 | I84: =+G84+H84 -> 66730386 | K84: 71719171 | L84: 297499 | M84: 0 | N84: =+L84+M84 -> 297499 | P84: =+I84+K84 -> 1.3844956e+08 | S84: 5578093 | V84: 93458257 | W84: 147739 | X84: 0 | Y84: =+W84+X84 -> 147739 | AA84: =+S84+V84 -> 99036350 | AB84: 0 | AC84: =+C84+P84+AA84+AB84 -> 4.6461605e+08 | AD84: =+N84+Y84 -> 445238 | AE84: 459994853 | AF84: =AC84-AE84 -> 4621198.6 | AG84: =AC84/AE84-1 -> 0.010046196 | AH84: R -3M; CN/D -3M; CD +9M; IN/D -3.2M
A85: Washington Electric Coop (WEC) | C85: =61470276*(1+'Gross Consumption'!U35) -> 63677724 | G85: 5045134 | H85: 159479 | I85: =+G85+H85 -> 5204613 | K85: 0 | L85: 0 | M85: 0 | N85: =+L85+M85 -> 0 | P85: =+I85+K85 -> 5204613 | S85: =VLOOKUP($A85,'2019 FA Data'!$C$6:$K$21,7) -> 0 | V85: 3641765 | W85: 11604.848 | X85: 0 | Y85: =+W85+X85 -> 11604.848 | AA85: =+S85+V85 -> 3641765 | AB85: 0 | AC85: =+C85+P85+AA85+AB85 -> 72524102 | AD85: =+N85+Y85 -> 11604.848 | AE85: 70493884 | AF85: =AC85-AE85 -> 2030218 | AG85: =AC85/AE85-1 -> 0.028799918 | AH85: All in Res
A86: Total Subject to EEC Charge | C86: =SUM(C70:C85) -> 2.0173084e+09 | G86: =SUM(G70:G85) -> 3.1279432e+08 | H86: =SUM(H70:H85) -> 13126578 | I86: =G86+H86 -> 3.259209e+08 | K86: =SUM(K70:K85) -> 1491129438 | L86: =SUM(L70:L85) -> 4826265 | M86: =SUM(M70:M85) -> 2353651 | N86: =+L86+M86 -> 7179916 | P86: =SUM(P70:P85) -> 1.8170503e+09 | S86: =SUM(S70:S85) -> 5578093 | V86: =SUM(V70:V85) -> 727465365 | W86: =SUM(W70:W85) -> 1745708.2 | X86: =SUM(X70:X85) -> 1563793 | Y86: =SUM(Y70:Y85) -> 3309501.2 | AA86: =SUM(AA70:AA85) -> 733043458 | AB86: =SUM(AB70:AB85) -> 0 | AC86: =SUM(AC70:AC85) -> 4.5674022e+09 | AD86: =SUM(AD70:AD85) -> 10489417
A88: Total Statewide | C88: =C67+C86 -> 2.0173084e+09 | G88: =G67+G86 -> 3.1279432e+08 | H88: =H67+H86 -> 13126578 | I88: =I67+I86 -> 3.259209e+08 | K88: =K67+K86 -> 1491129438 | L88: =L67+L86 -> 4826265 | M88: =M67+M86 -> 2353651 | N88: =N67+N86 -> 7179916 | P88: =P67+P86 -> 1.8170503e+09 | S88: =S67+S86 -> 5578093 | V88: =V67+V86 -> 1318973845 | W88: =W67+W86 -> 2704340.2 | X88: =X67+X86 -> 2481232 | Y88: =Y67+Y86 -> 5185572.2 | AA88: =AA67+AA86 -> 1324551938 | AB88: =AB67+AB86 -> 0 | AC88: =AC67+AC86 -> 5.1589106e+09 | AD88: =AD67+AD86 -> 12365488
A91: As Reported To FERC/Annual Report | G91: xxx | I91: xxx | K91: xxx | L91: xxx | M91: xxx | N91: xxx | P91: =AC91-AA91-C91 -> 0 | S91: xxx | V91: xxx | W91: xxx | X91: xxx | Y91: xxx | AD91: xxx
A93: Difference | G93: xxx | H93: =H88-H91 -> 13126578 | I93: xxx | K93: xxx | L93: xxx | M93: xxx | N93: xxx | P93: =P88-P91 -> 1.8170503e+09 | S93: xxx | V93: xxx | W93: xxx | X93: xxx | Y93: xxx | AA93: =AA88-AA91 -> 1324551938 | AB93: =#REF!-AB91 -> #REF! | AC93: =AC88-AC91 -> 5.1589106e+09 | AD93: xxx
A96: Note 1: The following definitions shall apply for "Commercial" and "Industrial" Customer/Rate Classes; Commercial-less than 1,000 kw per month for all months during the preceding calendar year; Industrial-1,000 kW or more per month for any month during the preceding calendar year.
A97: "Rate Classes" and "Total Company" revenues and kWh as reported here and as reported to FERC should agree, however, if they do not the information reported here must be in accordance with the definitions shown above and any differences reconciled and reported on the Reconciliation Worksheets within this Workbook.
A99: Note 2: Authorized Exclusions (if any) apply only where Public Utility Commission Approval has been specifically granted:

Sheet EEC Uncollectibles
A1: EFFICIENCY VERMONT
A2: 2021-2023 EEC Rate Calculation
A3: Uncollectible Calculation
C5: 2019 | D5: 2019 | E5: 2019 | G5: 2020 | I5: 2020 | J5: 2020 | K5: 2020 | M5: 2021 | O5: 2021 | P5: 2021 | Q5: 2021 | S5: 2022
C6: Estimated | D6: Actual | E6: True-Up | G6: Estimated | I6: Estimated | J6: Actual | K6: True-Up | M6: Estimated | O6: Estimated | P6: Actual | Q6: True-Up | S6: Estimated
C7: (Note A) | D7: Note (B) | E7: Note (C) | G7: Note (D) | I7: (Note A) | J7: Note (B) | K7: Note (C) | M7: Note (D) | O7: (Note A) | P7: Note (B) | Q7: Note (C) | S7: Note (D)
B8: Barton Village Inc. Electric Dept | C8: 0 | D8: 0 | E8: =C8-D8 -> 0 | G8: =+D8 -> 0 | I8: =G8*3 -> 0 | J8: =I8 -> 0 | K8: =I8-J8 -> 0 | M8: =+J8 -> 0 | O8: =M8 -> 0 | P8: =O8 -> 0 | Q8: =O8-P8 -> 0 | S8: =+P8 -> 0
B9: Enosburg Falls Water & Light Dept | C9: -457.89 | D9: -427.02 | E9: =+D9-C9 -> 30.87 | G9: =+D9 -> -427.02 | I9: -440 | J9: =I9 -> -440 | K9: =+J9-I9 -> 0 | M9: =+J9 -> -440 | O9: =M9 -> -440 | P9: =O9 -> -440 | Q9: =+P9-O9 -> 0 | S9: =+P9 -> -440
B10: Green Mountain Power | C10: -117613.25 | D10: -132567.16 | E10: =+D10-C10 -> -14953.91 | G10: =+D10 -> -132567.16 | I10: -155986 | J10: =I10 -> -155986 | K10: =+J10-I10 -> 0 | M10: =+J10 -> -155986 | O10: =M10 -> -155986 | P10: =O10 -> -155986 | Q10: =+P10-O10 -> 0 | S10: =+P10 -> -155986
B11: Hardwick Electric Dept | C11: 0 | D11: 0 | E11: =+D11-C11 -> 0 | G11: =+D11 -> 0 | I11: =G11 -> 0 | J11: =I11 -> 0 | K11: =+J11-I11 -> 0 | M11: =+J11 -> 0 | O11: =M11 -> 0 | P11: =O11 -> 0 | Q11: =+P11-O11 -> 0 | S11: =+P11 -> 0
B12: Hyde Park Electric Dept | C12: 0 | D12: 0 | E12: =+D12-C12 -> 0 | G12: =+D12 -> 0 | I12: =G12 -> 0 | J12: =I12 -> 0 | K12: =+J12-I12 -> 0 | M12: =+J12 -> 0 | O12: =M12 -> 0 | P12: =O12 -> 0 | Q12: =+P12-O12 -> 0 | S12: =+P12 -> 0
B13: Jacksonville Electric Company | C13: 0 | D13: 0 | E13: =+D13-C13 -> 0 | G13: =+D13 -> 0 | I13: =G13 -> 0 | J13: =I13 -> 0 | K13: =+J13-I13 -> 0 | M13: =+J13 -> 0 | O13: =M13 -> 0 | P13: =O13 -> 0 | Q13: =+P13-O13 -> 0 | S13: =+P13 -> 0
B14: Johnson Electric Dept | C14: -474.59 | D14: -309.59 | E14: =+D14-C14 -> 165 | G14: =+D14 -> -309.59 | I14: 0 | J14: =I14 -> 0 | K14: =+J14-I14 -> 0 | M14: =+J14 -> 0 | O14: =M14 -> 0 | P14: =O14 -> 0 | Q14: =+P14-O14 -> 0 | S14: =+P14 -> 0
B15: Ludlow Electric Light Dept | C15: -599.55 | D15: 0 | E15: =+D15-C15 -> 599.55 | G15: =+D15 -> 0 | I15: =G15 -> 0 | J15: =I15 -> 0 | K15: =+J15-I15 -> 0 | M15: =+J15 -> 0 | O15: =M15 -> 0 | P15: =O15 -> 0 | Q15: =+P15-O15 -> 0 | S15: =+P15 -> 0
B16: Lyndonville Electric Dept | C16: 0 | D16: 0 | E16: =+D16-C16 -> 0 | G16: =+D16 -> 0 | I16: -1567.7828 | J16: =I16 -> -1567.7828 | K16: =+J16-I16 -> 0 | M16: =+J16 -> -1567.7828 | O16: =M16 -> -1567.7828 | P16: =O16 -> -1567.7828 | Q16: =+P16-O16 -> 0 | S16: =+P16 -> -1567.7828
B17: Morrisville Water & Light Dept | C17: -677.88 | D17: 0 | E17: =+D17-C17 -> 677.88 | G17: =+D17 -> 0 | I17: -982 | J17: =I17 -> -982 | K17: =+J17-I17 -> 0 | M17: =+J17 -> -982 | O17: =M17 -> -982 | P17: =O17 -> -982 | Q17: =+P17-O17 -> 0 | S17: =+P17 -> -982
B18: Northfield Electric Dept | C18: 0 | D18: 0 | E18: =+D18-C18 -> 0 | G18: =+D18 -> 0 | I18: =G18 -> 0 | J18: =I18 -> 0 | K18: =+J18-I18 -> 0 | M18: =+J18 -> 0 | O18: =M18 -> 0 | P18: =O18 -> 0 | Q18: =+P18-O18 -> 0 | S18: =+P18 -> 0
B19: Orleans Electric Dept | C19: 0 | D19: 0 | E19: =+D19-C19 -> 0 | G19: =+D19 -> 0 | I19: =G19 -> 0 | J19: =I19 -> 0 | K19: =+J19-I19 -> 0 | M19: =+J19 -> 0 | O19: =M19 -> 0 | P19: =O19 -> 0 | Q19: =+P19-O19 -> 0 | S19: =+P19 -> 0
B20: Stowe Electric Dept | C20: -73.63 | D20: -77.5 | E20: =+D20-C20 -> -3.87 | G20: =+D20 -> -77.5 | I20: 0 | J20: =I20 -> 0 | K20: =+J20-I20 -> 0 | M20: =+J20 -> 0 | O20: =M20 -> 0 | P20: =O20 -> 0 | Q20: =+P20-O20 -> 0 | S20: =+P20 -> 0
B21: Swanton Village Inc. Electric Dept | C21: -1370.2 | D21: 0 | E21: =+D21-C21 -> 1370.2 | G21: =+D21 -> 0 | I21: -427.04 | J21: =I21 -> -427.04 | K21: =+J21-I21 -> 0 | M21: =+J21 -> -427.04 | O21: =M21 -> -427.04 | P21: =O21 -> -427.04 | Q21: =+P21-O21 -> 0 | S21: =+P21 -> -427.04
B22: Vermont Electric Co-Operative | C22: -4620.72 | D22: =-1927.98-553 -> -2480.98 | E22: =+D22-C22 -> 2139.74 | G22: =+D22 -> -2480.98 | I22: -2110 | J22: =I22 -> -2110 | K22: =+J22-I22 -> 0 | M22: =+J22 -> -2110 | O22: =M22 -> -2110 | P22: =O22 -> -2110 | Q22: =+P22-O22 -> 0 | S22: =+P22 -> -2110
B23: Washington Electric Co-Operative | C23: 0 | D23: 0 | E23: =+D23-C23 -> 0 | G23: =+D23 -> 0 | I23: -940.99 | J23: =I23 -> -940.99 | K23: =+J23-I23 -> 0 | M23: =+J23 -> -940.99 | O23: =M23 -> -940.99 | P23: =O23 -> -940.99 | Q23: =+P23-O23 -> 0 | S23: =+P23 -> -940.99
B25: Total of all Elec. Utilities | C25: =+SUM(C8:C23) -> -125887.71 | D25: =+SUM(D8:D23) -> -135862.25 | E25: =+D25-C25 -> -9974.54 | G25: =SUM(G8:G23) -> -135862.25 | I25: =+SUM(I8:I23) -> -162453.81 | J25: =+SUM(J8:J23) -> -162453.81 | K25: =+J25-I25 -> 0 | M25: =SUM(M8:M23) -> -162453.81 | O25: =+SUM(O8:O23) -> -162453.81 | P25: =+SUM(P8:P23) -> -162453.81 | Q25: =+P25-O25 -> 0 | S25: =SUM(S8:S23) -> -162453.81
A29: Note A | B29: From prior year EEC calculation
A30: Note B | B30: From Utility Invoice
A31: Note C | B31: Negative Difference indicates a need to increase collections by that amount.
A32: Note D | B32: Positive Difference indicates a need to decrease collections by that amount.

Sheet Net Meter Est
A6: Estimated Impact on the EEC rates from adding Net Metered kWh sales back into EEC collections
A9: Sector | B9: 2019 kWh Sales | C9: Est Net Metered kWh | D9: Gross Sales | E9: Applied Weighting of NM capacity | F9: Forecasted Declines from 2019 Sales | G9: Adjusted Sales | H9: Adjusted Sales Allocation
A10: Residential | B10: 1967149313 | C10: =89500000*2*0.33/2 -> 29535000 | D10: =C10+B10 -> 1996684313 | E10: =C10/C$15 -> 0.94608879 | F10: ='EEC Calculation'!H67 -> 0 | G10: =D10+F10 -> 1996684313 | H10: =G10/G$15 -> 0.45408239
A11: Commercial Non Demand | B11: =312238037+13255455 -> 325493492 | C11: =5100000*2*0.33/2 -> 1683000 | D11: =C11+B11 -> 327176492 | E11: =C11/C$15 -> 0.053911205 | F11: ='EEC Calculation'!H74*'Util Rev and Load Data'!I86/'Util Rev and Load Data'!P86 -> -25069489 | G11: =D11+F11 -> 3.02107e+08 | H11: =G11/G$15 -> 0.068704637
A12: Commercial Demand | B12: =1476949060 -> 1476949060 | C12: =20500000*0 -> 0 | D12: =C12+B12 -> 1476949060 | E12: =C12/C$15 -> 0 | F12: ='EEC Calculation'!H74-'Net Meter Est'!F11 -> -1.1469609e+08 | G12: =D12+F12 -> 1.362253e+09 | H12: =G12/G$15 -> 0.30980115
A13: Industrial Non Demand | B13: 5869669 | C13: =600000*0 -> 0 | D13: =C13+B13 -> 5869669 | E13: =C13/C$15 -> 0 | F13: 0 | G13: =D13+F13 -> 5869669 | H13: =G13/G$15 -> 0.0013348697
A14: Industrial Demand | B14: 730271104 | C14: =5800000*0 -> 0 | D14: =C14+B14 -> 730271104 | E14: =C14/C$15 -> 0 | F14: 0 | G14: =D14+F14 -> 730271104 | H14: =G14/G$15 -> 0.16607695
A15: Total kWh | B15: =SUM(B10:B14) -> 4505732638 | C15: =SUM(C10:C14) -> 31218000 | D15: =SUM(D10:D14) -> 4536950638 | E15: =SUM(E10:E14) -> 1 | F15: =SUM(F10:F14) -> -1.3976558e+08 | G15: =SUM(G10:G14) -> 4.3971851e+09 | H15: =SUM(H10:H14) -> 1
A18: According to EAN dashboard, solar PV installed at the end of 2017 equaled:
B19: Sites | C19: 9426
B20: kW | C20: 243178
B21: Avg kW per site | C21: =C20/C19 -> 25.798642
B24: R | C24: =C10 -> 29535000 | E24: =E10 -> 0.94608879 | F24: =F10/F$15 -> 0 | H24: =H10 -> 0.45408239
B25: C | C25: =C11+C12 -> 1683000 | E25: =E11+E12 -> 0.053911205 | F25: =(F11+F12)/F15 -> 1 | H25: =H11+H12 -> 0.37850578
B26: I | C26: =C13+C14 -> 0 | E26: =E13+E14 -> 0 | F26: =F13+F14 -> 0 | H26: =H13+H14 -> 0.16741182
E36: .

Sheet EEC Collection True-Up
A1: EFFICIENCY VERMONT | T1: Oct | U1: Nov
A2: EEC Collection True-Up By Rate Class | S2: Hyde Park | T2: 10919 | U2: 11091
N3: Source | O3: EEF Fiscal Agent June 2020 Financial Report
O4: FY 1/20 - 12/20 | R4: These values are net of taxes at the new rate of 1.025%
O5: VTEEU | Q5: Additional 2019 | R5: Actual Values | X5: Forecast (did not use this-instead did custom forecast) | AD5: Fiscal Year
O6: CODE | P6: NAME | Q6: True-ups | R6: JAN | S6: FEB | T6: MAR | U6: APR | V6: MAY | W6: JUN | X6: JUL | Y6: AUG | Z6: SEP | AA6: OCT | AB6: NOV | AC6: DEC | AD6: To Date
B7: 2019 | C7: Over/under-collection | O7: VTE001 | P7: Barton Village, Inc. Electric Dept. | Q7: 0 | R7: 16030.436 | S7: 14020.046 | T7: 13200.702 | U7: 12043.238 | V7: 11818.351 | W7: 14035.259 | X7: ='2020 Collection Forecast'!I48 -> 11730.303 | Y7: ='2020 Collection Forecast'!J48 -> 12776.182 | Z7: ='2020 Collection Forecast'!K48 -> 16326.332 | AA7: ='2020 Collection Forecast'!L48 -> 10366.613 | AB7: ='2020 Collection Forecast'!M48 -> 12211.925 | AC7: ='2020 Collection Forecast'!N48 -> 14267.858 | AD7: =SUM(Q7:AC7) -> 158827.25
O8: VTE005 | P8: Enosburg Falls Water & Light Dept. | Q8: 0 | R8: 26166.179 | S8: 23132.774 | T8: 24254.873 | U8: 25837.117 | V8: 20412.484 | W8: 22446.854 | X8: ='2020 Collection Forecast'!I49 -> 25330.138 | Y8: ='2020 Collection Forecast'!J49 -> 24899.579 | Z8: ='2020 Collection Forecast'!K49 -> 21027.65 | AA8: ='2020 Collection Forecast'!L49 -> 20872.692 | AB8: ='2020 Collection Forecast'!M49 -> 20531.746 | AC8: ='2020 Collection Forecast'!N49 -> 24532.194 | AD8: =SUM(Q8:AC8) -> 279444.28
B9: Rule 5.304 (D) | C9: 2019 EEC calculation | E9: 2019 Estimated Results | I9: 2019 Estimate in | J9: 2019 | K9: 2019 | O9: VTE006 | P9: Green Mountain Power Corporation | Q9: 0 | R9: 3306619.8 | S9: 3073265.4 | T9: 2854568.9 | U9: 2631865.3 | V9: 2772306.6 | W9: 3246512.9 | X9: ='2020 Collection Forecast'!I50 -> 3422906.3 | Y9: ='2020 Collection Forecast'!J50 -> 2820052.2 | Z9: ='2020 Collection Forecast'!K50 -> 2714811.9 | AA9: ='2020 Collection Forecast'!L50 -> 2843999.4 | AB9: ='2020 Collection Forecast'!M50 -> 3231697.7 | AC9: ='2020 Collection Forecast'!N50 -> 3353326.9 | AD9: =SUM(Q9:AC9) -> 36271933
B10: Prior Year | C10: Projected | D10: Projected | E10: Actual | F10: Calculated EEC | G10: Allocated Actual | H10: Variance | I10: 2020 | J10: Over/(Under) | K10: EEC | O10: VTE007 | P10: Hardwick Electric Dept., Town of | Q10: 0 | R10: 37307.161 | S10: 34072.649 | T10: 32350.939 | U10: 38787.699 | V10: 29385.58 | W10: 29385.58 | X10: ='2020 Collection Forecast'!I51 -> 31561.591 | Y10: ='2020 Collection Forecast'!J51 -> 32005.372 | Z10: ='2020 Collection Forecast'!K51 -> 29314.583 | AA10: ='2020 Collection Forecast'!L51 -> 37716.288 | AB10: ='2020 Collection Forecast'!M51 -> 29768.972 | AC10: ='2020 Collection Forecast'!N51 -> 33791.399 | AD10: =SUM(Q10:AC10) -> 395447.81
C11: Collection | D11: kWh | E11: kWh | F11: Collection | G11: Collection | I11: EEC calculation | J11: Collection to be | K11: Rates | O11: VTE008 | P11: Hyde Park Electric Dept., Village of | Q11: 22012.48 | R11: 14075.363 | S11: 12471.137 | T11: 10672.722 | U11: 10639.981 | V11: 11099.012 | W11: 9800.6123 | X11: ='2020 Collection Forecast'!I52 -> 11235.483 | Y11: ='2020 Collection Forecast'!J52 -> 32951.188 | Z11: ='2020 Collection Forecast'!K52 -> 10759.551 | AA11: ='2020 Collection Forecast'!L52 -> 0 | AB11: ='2020 Collection Forecast'!M52 -> 0 | AC11: ='2020 Collection Forecast'!N52 -> 12911.7 | AD11: =SUM(Q11:AC11) -> 158629.23
B12: Sector | C12: w/o Tax | F12: w/ Tax | G12: w/o Tax | J12: Adjusted in 2020 | O12: VTE009 | P12: Jacksonville Electric Company, Village of | Q12: 0 | R12: 5207.342 | S12: 6190.9753 | T12: 4742.9414 | U12: 4745.9502 | V12: 4569.5012 | W12: 4569.5012 | X12: ='2020 Collection Forecast'!I53 -> 4404.2787 | Y12: ='2020 Collection Forecast'!J53 -> 4695.7202 | Z12: ='2020 Collection Forecast'!K53 -> 4672.4097 | AA12: ='2020 Collection Forecast'!L53 -> 4050.831 | AB12: ='2020 Collection Forecast'!M53 -> 4955.0863 | AC12: ='2020 Collection Forecast'!N53 -> 5327.2874 | AD12: =SUM(Q12:AC12) -> 58131.825
O13: VTE010 | P13: Johnson Water & Light Dept., Village of | Q13: 0 | R13: 11969.136 | S13: 12957.856 | T13: 12096.457 | U13: 10137.97 | V13: 8923.5951 | W13: 8923.5951 | X13: ='2020 Collection Forecast'!I54 -> 11560.871 | Y13: ='2020 Collection Forecast'!J54 -> 10861.107 | Z13: ='2020 Collection Forecast'!K54 -> 10977.272 | AA13: ='2020 Collection Forecast'!L54 -> 10341.256 | AB13: ='2020 Collection Forecast'!M54 -> 12522.305 | AC13: ='2020 Collection Forecast'!N54 -> 10719.018 | AD13: =SUM(Q13:AC13) -> 131990.44
B14: Residential EEC | C14: =D14*K14*0.99 -> 26218319 | D14: 1931666733 | E14: ='Util Rev and Load Data'!C86 -> 2.0173084e+09 | F14: =+E14*K14 -> 27657298 | G14: =26704239.32-492-3381 -> 26700366 | H14: =+G14-C14 -> 482046.92 | I14: 431148.5 | J14: =+H14-I14 -> 50898.416 | K14: 0.01371 | L14: $/kWh | O14: VTE011 | P14: Ludlow Electric Light Dept., Village of | Q14: 0 | R14: 73583.191 | S14: 64236.873 | T14: 49515.619 | U14: 34052.339 | V14: 31060.148 | W14: 33922.953 | X14: ='2020 Collection Forecast'!I55 -> 0 | Y14: ='2020 Collection Forecast'!J55 -> 78146.593 | Z14: ='2020 Collection Forecast'!K55 -> 35259.89 | AA14: ='2020 Collection Forecast'!L55 -> 0 | AB14: ='2020 Collection Forecast'!M55 -> 0 | AC14: ='2020 Collection Forecast'!N55 -> 151807.1 | AD14: =SUM(Q14:AC14) -> 551584.71
B15: Commercial EEC | C15: =D15*K15*0.99 -> 19873477 | D15: 1.8399834e+09 | E15: ='Util Rev and Load Data'!P86 -> 1.8170503e+09 | F15: =+E15*K15 -> 19824019 | G15: =18766339.92-2376 -> 18763964 | H15: =+G15-C15 -> -1109513 | I15: 370846.84 | J15: =+H15-I15 -> -1480359.9 | K15: 0.01091 | L15: $/kWh | O15: VTE012 | P15: Lyndonville Electric Dept., Village of | Q15: 0 | R15: 63084.725 | S15: 56193.215 | T15: 52472.131 | U15: 47976.152 | V15: 43916.83 | W15: 56400.158 | X15: ='2020 Collection Forecast'!I56 -> 59841.392 | Y15: ='2020 Collection Forecast'!J56 -> 49127.439 | Z15: ='2020 Collection Forecast'!K56 -> 47953.631 | AA15: ='2020 Collection Forecast'!L56 -> 58935.832 | AB15: ='2020 Collection Forecast'!M56 -> 67876.991 | AC15: ='2020 Collection Forecast'!N56 -> 67999.449 | AD15: =SUM(Q15:AC15) -> 671777.94
B16: Industrial EEC | C16: =D16*K16*0.99 -> 5440235.3 | D16: 713660669 | E16: ='Util Rev and Load Data'!AA86 -> 733043458 | F16: =+E16*K16 -> 5644434.6 | G16: =5774507.21-731 -> 5773776.2 | H16: =+G16-C16 -> 333540.93 | I16: 102105.45 | J16: =+H16-I16 -> 231435.48 | K16: 0.0077 | L16: $/kWh | O16: VTE013 | P16: Morrisville Water & Light Dept., Village of | Q16: 0 | R16: 41503.048 | S16: 41100.754 | T16: 39058.91 | U16: 36322.321 | V16: 39137.56 | W16: 45650.123 | X16: ='2020 Collection Forecast'!I57 -> 47679.807 | Y16: ='2020 Collection Forecast'!J57 -> 39424.935 | Z16: ='2020 Collection Forecast'!K57 -> 37752.384 | AA16: ='2020 Collection Forecast'!L57 -> 38074.913 | AB16: ='2020 Collection Forecast'!M57 -> 42597.078 | AC16: ='2020 Collection Forecast'!N57 -> 45918.317 | AD16: =SUM(Q16:AC16) -> 494220.15
B17: Total | C17: =SUM(C14:C16) -> 51532032 | D17: =SUM(D14:D16) -> 4.4853108e+09 | E17: =SUM(E14:E16) -> 4.5674022e+09 | F17: =SUM(F14:F16) -> 53125751 | G17: =SUM(G14:G16) -> 51238106 | H17: =SUM(H14:H16) -> -293925.16 | I17: =SUM(I14:I16) -> 904100.79 | J17: =SUM(J14:J16) -> -1198026 | O17: VTE014 | P17: Northfield Electric Dept., Village of | Q17: 0 | R17: 26645.505 | S17: 23792.016 | T17: 21869.269 | U17: 19667.728 | V17: 20264.02 | W17: 19665.422 | X17: ='2020 Collection Forecast'!I58 -> 26942.634 | Y17: ='2020 Collection Forecast'!J58 -> 22805.079 | Z17: ='2020 Collection Forecast'!K58 -> 22412.57 | AA17: ='2020 Collection Forecast'!L58 -> 21879.74 | AB17: ='2020 Collection Forecast'!M58 -> 25463.943 | AC17: ='2020 Collection Forecast'!N58 -> 24247.571 | AD17: =SUM(Q17:AC17) -> 275655.5
G18: =G17/0.99 -> 51755663 | O18: VTE016 | P18: Orleans Electric Dept., Village of | Q18: 0 | R18: 12405.18 | S18: 11673.26 | T18: 11396.496 | U18: 8344.1863 | V18: 9150.5481 | W18: 10158.923 | X18: ='2020 Collection Forecast'!I59 -> 10625.142 | Y18: ='2020 Collection Forecast'!J59 -> 10448.158 | Z18: ='2020 Collection Forecast'!K59 -> 9283.3878 | AA18: ='2020 Collection Forecast'!L59 -> 9693.739 | AB18: ='2020 Collection Forecast'!M59 -> 10656.365 | AC18: ='2020 Collection Forecast'!N59 -> 11455.637 | AD18: =SUM(Q18:AC18) -> 125291.02
B19: Note: A Negative Difference indicates a need to increase collections by that amount. | O19: VTE019 | P19: Stowe Electric Dept., Town of | Q19: 0 | R19: 80432.212 | S19: 68266.126 | T19: 56673.224 | U19: 48925.223 | V19: 46159.23 | W19: 46159.793 | X19: ='2020 Collection Forecast'!I60 -> 70510.818 | Y19: ='2020 Collection Forecast'!J60 -> 60252.726 | Z19: ='2020 Collection Forecast'!K60 -> 54407.555 | AA19: ='2020 Collection Forecast'!L60 -> 53040.256 | AB19: ='2020 Collection Forecast'!M60 -> 77976.687 | AC19: ='2020 Collection Forecast'!N60 -> 83050.011 | AD19: =SUM(Q19:AC19) -> 745853.86
B20: Note: A Positive Difference indicates a need to decrease collections by that amount. | O20: VTE020 | P20: Swanton Village Inc. Electric Dept. | Q20: 0 | R20: 48680.695 | S20: 48759.806 | T20: 47705.317 | U20: 46250.236 | V20: 49661.225 | W20: 60865.6 | X20: ='2020 Collection Forecast'!I61 -> 60608.651 | Y20: ='2020 Collection Forecast'!J61 -> 46968.923 | Z20: ='2020 Collection Forecast'!K61 -> 44424.028 | AA20: ='2020 Collection Forecast'!L61 -> 43637.221 | AB20: ='2020 Collection Forecast'!M61 -> 50275.997 | AC20: ='2020 Collection Forecast'!N61 -> 56075.249 | AD20: =SUM(Q20:AC20) -> 603912.95
O21: VTE021 | P21: Vermont Electric Cooperative, Inc. | Q21: 0 | R21: 438569.13 | S21: 406875.33 | T21: 408937.7 | U21: 353626.66 | V21: 352617.26 | W21: 403025.05 | X21: ='2020 Collection Forecast'!I62 -> 438180.97 | Y21: ='2020 Collection Forecast'!J62 -> 368907.06 | Z21: ='2020 Collection Forecast'!K62 -> 339186.95 | AA21: ='2020 Collection Forecast'!L62 -> 357270.97 | AB21: ='2020 Collection Forecast'!M62 -> 410170.72 | AC21: ='2020 Collection Forecast'!N62 -> 433897.35 | AD21: =SUM(Q21:AC21) -> 4711265.2
O22: VTE022 | P22: Washington Electric Cooperative, Inc. | Q22: 0 | R22: 90144.51 | S22: 76461.503 | T22: 68917.648 | U22: 73183.877 | V22: 65377.709 | W22: 62067.279 | X22: ='2020 Collection Forecast'!I63 -> 67798.937 | Y22: ='2020 Collection Forecast'!J63 -> 71816.207 | Z22: ='2020 Collection Forecast'!K63 -> 64681.074 | AA22: ='2020 Collection Forecast'!L63 -> 64305.243 | AB22: ='2020 Collection Forecast'!M63 -> 65811.456 | AC22: ='2020 Collection Forecast'!N63 -> 74646.466 | AD22: =SUM(Q22:AC22) -> 845211.91
B23: 2020 | C23: Over/under-collection estimate
O24: TOTAL CONTRIBUTIONS | Q24: =SUM(Q7:Q23) -> 22012.48 | R24: =SUM(R7:R22) -> 4292423.6 | S24: =SUM(S7:S22) -> 3973469.7 | T24: =SUM(T7:T22) -> 3708433.8 | U24: =SUM(U7:U22) -> 3402406 | V24: =SUM(V7:V22) -> 3515859.7 | W24: =SUM(W7:W22) -> 4073589.6 | X24: =SUM(X7:X22) -> 4300917.3 | Y24: =SUM(Y7:Y22) -> 3686138.5 | ... AD24: =SUM(AD7:AD22) -> 46479177 | AE24: 47931808 | AF24: Budget
B25: Rule 5.304 (D) | C25: 2020 EEC Calculation | F25: 2020 Collections w/o Tax (at new rates) | P25: Budget at old tax rate | R25: 4737845 | S25: 4194184.1 | T25: 3964756 | U25: 3558576.3 | V25: 3474387.2 | W25: 3975422.6 | AB25: Jul-Dec | AC25: =SUM(X24:AC24) -> 23490982 | AD25: =+AC25+W25 -> 27466405 | AE25: =AD24-AE24 -> -1452630.9
B26: Current Year | C26: Projected | D26: Projected | F26: Jan-Jun | G26: Actual/Estimated | H26: Estimated | I26: Estimated | J26: Over/(Under) | K26: Under Collections due to Tax Change | L26: Total Over/(Under) Collections | R26: =R24-R25 -> -445421.35 | S26: =S24-S25 -> -220714.39 | T26: =T24-T25 -> -256322.19 | U26: =U24-U25 -> -156170.24 | V26: =V24-V25 -> 41472.439 | W26: =W24-W25 -> 98166.974
C27: Collection | D27: kWh | F27: Allocation | G27: Jan - Jun | H27: Jul - Dec | I27: Total | J27: Collection to be | O27: EEU Fiscal Agent December 2019 Financial Report | R27: =R24/R25-1 -> -0.094013493 | S27: =S24/S25-1 -> -0.052623916 | T27: =T24/T25-1 -> -0.064650179 | U27: =U24/U25-1 -> -0.043885597 | V27: =V24/V25-1 -> 0.01193662 | W27: =W24/W25-1 -> 0.024693469
B28: Sector | C28: (w/o Tax) | J28: Adjusted in 2020 | O28: FY 1/19 - 12/19 - Collections (Net of Taxes)
N29: Source | O29: VTEEU | Q29: Additional 2018 | AD29: Fiscal Year
B30: Residential | C30: 23727446 | D30: 2017249821 | F30: 0.52552506 | G30: =G$33*F30 -> 12080873 | H30: =12365906.824677 -> 12365907 | I30: =+G30+H30 -> 24446779 | J30: =+I30-C30 -> 719333.66 | K30: =J30/J$33*K$33 -> 3432.4706 | L30: =K30+J30 -> 722766.13 | O30: CODE | P30: NAME | Q30: True-ups | R30: JAN | S30: FEB | T30: MAR | U30: APR | V30: MAY | W30: JUN | X30: JUL | Y30: AUG | Z30: SEP | AA30: OCT | AB30: NOV | AC30: DEC | AD30: To Date
B31: Commercial | C31: 18796614 | D31: 1.8547265e+09 | F31: 0.35994684 | G31: =G$33*F31 -> 8274528.1 | H31: 8345774.9 | I31: =+H31+G31 -> 16620303 | J31: =+I31-C31 -> -2176310.6 | K31: =J31/J$33*K$33 -> -10384.781 | L31: =K31+J31 -> -2186695.4 | O31: VTE001 | P31: Barton Village, Inc. Electric Dept. | Q31: 0 | R31: 16943 | S31: 15784 | T31: 14523 | U31: 13050 | V31: 15102 | W31: 13887 | X31: 12185 | Y31: 14170 | Z31: 18072 | AA31: 11447 | AB31: 13338 | AC31: 15941 | AD31: =SUM(R31:AC31) -> 174442
B32: Industrial | C32: 5419855.8 | D32: 723172968 | F32: 0.1145281 | G32: =G$33*F32 -> 2632794.2 | H32: 2747065.9 | I32: =+H32+G32 -> 5379860.1 | J32: =+I32-C32 -> -39995.723 | K32: =J32/J$33*K$33 -> -190.84904 | L32: =K32+J32 -> -40186.572 | O32: VTE005 | P32: Enosburg Falls Water & Light Dept. | Q32: 0 | R32: 29641 | S32: 26840 | T32: 26108 | U32: 28737 | V32: 26257 | W32: 22042 | X32: 26312 | Y32: 27616 | Z32: 23276 | AA32: 23048 | AB32: 22425 | AC32: 27409 | AD32: =SUM(R32:AC32) -> 309711
B33: Total | C33: =SUM(C30:C32) -> 47943915 | D33: =SUM(D30:D32) -> 4.5951493e+09 | F33: =SUM(F30:F32) -> 1 | G33: =SUM(Q24:W24) -> 22988195 | H33: =SUM(H30:H32) -> 23458748 | I33: =SUM(I30:I32) -> 46446943 | J33: =SUM(J30:J32) -> -1496972.7 | K33: =D37 -> -7143.1591 | L33: =SUM(L30:L32) -> -1504115.9 | O33: VTE006 | P33: Green Mountain Power Corporation | Q33: 0 | R33: 3949211 | S33: 3492664 | T33: 3257724 | U33: 2900084 | V33: 2932397 | W33: 3402119 | X33: 3555587 | Y33: 3127706 | Z33: 3005089 | AA33: 3140395 | AB33: 3529696 | AC33: 3746560 | AD33: =SUM(R33:AC33) -> 40039232
O34: VTE007 | P34: Hardwick Electric Dept., Town of | Q34: 0 | R34: 40142 | S34: 42287 | T34: 35181 | U34: 40583 | V34: 31929 | W34: 31190 | X34: 32785 | Y34: 35497 | Z34: 32449 | AA34: 41647 | AB34: 32514 | AC34: 37754 | AD34: =SUM(R34:AC34) -> 433958
B35: Total Collections with Old Tax Rate | D35: =C33/0.99 -> 48428197 | E35: (Case # 19-3402) | O35: VTE009 | P35: Jacksonville Electric Company, Village of | Q35: 0 | R35: 6112 | S35: 7063 | T35: 5696 | U35: 5725 | V35: 4598 | W35: 5068 | X35: 4575 | Y35: 5208 | Z35: 5172 | AA35: 4473 | AB35: 5412 | AC35: 5952 | AD35: =SUM(R35:AC35) -> 65054
B36: Total Collections with New Tax Rate | D36: =C33*1.01025 -> 48435340 | E36: Using new tax rates 0.01025% | O36: VTE010 | P36: Johnson Water & Light Dept., Village of | Q36: 0 | R36: 15050 | S36: 14079 | T36: 13243 | U36: 12721 | V36: 11063 | W36: 10631 | X36: 12009 | Y36: 12046 | Z36: 12151 | AA36: 11419 | AB36: 13677 | AC36: 11976 | AD36: =SUM(R36:AC36) -> 150065
B37: Under Collection due to Tax Change | D37: =D35-D36 -> -7143.1591 | O37: VTE011 | P37: Ludlow Electric Light Dept., Village of | Q37: 0 | R37: 82367 | S37: 65870 | T37: 58915 | U37: 45142 | V37: 39422 | W37: 36854 | X37: 0 | Y37: 86672 | Z37: 39030 | AA37: 0 | AB37: 0 | AC37: 169609 | AD37: =SUM(R37:AC37) -> 623881
O38: VTE012 | P38: Lyndonville Electric Dept., Village of | Q38: 0 | R38: 73668 | S38: 64787 | T38: 60988 | U38: 55587 | V38: 54304 | W38: 49847 | X38: 62161 | Y38: 54487 | Z38: 53081 | AA38: 65078 | AB38: 74136 | AC38: 75973.51 | AD38: =SUM(R38:AC38) -> 744097.51
B39: Note: A Negative Difference (Adjustment) indicates a need to increase collections by that amount. | O39: VTE013 | P39: Morrisville Water & Light Dept., Village of | Q39: 0 | R39: 48040 | S39: 45282 | T39: 43383 | U39: 40454 | V39: 40160 | W39: 44615 | X39: 49528 | Y39: 43726 | Z39: 41789 | AA39: 42043 | AB39: 46525 | AC39: 51303 | AD39: =SUM(R39:AC39) -> 536848
B40: Note: A Positive Difference (Adjustment) indicates a need to decrease collections by that amount. | O40: VTE014 | P40: Northfield Electric Dept., Village of | Q40: 0 | R40: 28369 | S40: 26083 | T40: 25215 | U40: 24486 | V40: 22482 | W40: 23486 | X40: 27987 | Y40: 25293 | Z40: 24809 | AA40: 24160 | AB40: 27812 | AC40: 27091 | AD40: =SUM(R40:AC40) -> 307273
O41: VTE016 | P41: Orleans Electric Dept., Village of | Q41: 0 | R41: 13586 | S41: 13710 | T41: 12516 | U41: 12052 | V41: 10737 | W41: 10700 | X41: 11037 | Y41: 11588 | Z41: 10276 | AA41: 10704 | AB41: 11639 | AC41: 12799 | AD41: =SUM(R41:AC41) -> 141344
O42: VTE019 | P42: Stowe Electric Dept., Town of | Q42: 0 | R42: 91460 | S42: 75251 | T42: 69561 | U42: 86160 | V42: 27937 | W42: 63380 | X42: 73244 | Y42: 66826 | Z42: 60225 | AA42: 58568 | AB42: 85167 | AC42: 92789 | AD42: =SUM(R42:AC42) -> 850568
O43: VTE020 | P43: Swanton Village Inc. Electric Dept. | Q43: 0 | R43: 55974 | S43: 55230 | T43: 54182 | U43: 50958 | V43: 49387 | W43: 58955 | X43: 62958 | Y43: 52093 | Z43: 49174 | AA43: 48185 | AB43: 54912 | AC43: 62651 | AD43: =SUM(R43:AC43) -> 654659
O44: VTE021 | P44: Vermont Electric Cooperative, Inc. | Q44: 0 | R44: 500284 | S44: 445810 | T44: 457939 | U44: 396244 | V44: 375054 | W44: 407616 | X44: 455166 | Y44: 409153 | Z44: 375454 | AA44: 394505 | AB44: 447993 | AC44: 484779 | AD44: =SUM(R44:AC44) -> 5149997
O45: VTE022 | P45: Washington Electric Cooperative, Inc. | Q45: 0 | R45: 96217 | S45: 79164 | T45: 90223 | U45: 78795 | V45: 72751 | W45: 68719 | X45: 70427 | Y45: 79651 | Z45: 71597 | AA45: 71007 | AB45: 71880 | AC45: 83400 | AD45: =SUM(R45:AC45) -> 933831
O47: TOTAL CONTRIBUTIONS | R47: =SUM(R31:R45) -> 5047064 | S47: =SUM(S31:S45) -> 4469904 | T47: =SUM(T31:T45) -> 4225397 | U47: =SUM(U31:U45) -> 3790778 | V47: =SUM(V31:V45) -> 3713580 | W47: =SUM(W31:W45) -> 4249109 | X47: =SUM(X31:X45) -> 4455961 | Y47: =SUM(Y31:Y45) -> 4051732 | ... AD47: =SUM(AD31:AD45) -> 51114961
R48: =R47/$AD47 -> 0.098739468 | S48: =S47/$AD47 -> 0.087448057 | T48: =T47/$AD47 -> 0.082664585 | U48: =U47/$AD47 -> 0.07416181 | V48: =V47/$AD47 -> 0.072651528 | W48: =W47/$AD47 -> 0.083128481 | X48: =X47/$AD47 -> 0.08717528 | Y48: =Y47/$AD47 -> 0.079267047 | ... AC48: =AC47/$AD47 -> 0.095979464
AB49: Jul-Dec w/o Tax Budget (old rate) | AC49: =SUM(X47:AC47)-22427 -> 25596702
AB50: Jul-Dec Budget w/Tax | AC50: =AC49/0.99 -> 25855254 | AD50: 25928191
AB51: Jul-Dec w/o Tax (new rate) | AC51: =AC50*0.98975 -> 25590238
AB52: Unbudgeted tax | AC52: =AC49-AC51 -> 6463.8135
AE55: =AD50-AC50 -> 72936.639

Sheet 2020 Collection Forecast
J3: Not received yet
B5: Budget | G5: Actual | L5: $ Over / (Under) Budget | Q5: % Over / (Under) Budget
B6: Jan | C6: Feb | D6: Mar | E6: Apr | F6: YTD | G6: Jan | H6: Feb | I6: Mar | J6: Apr | K6: YTD | L6: Jan | M6: Feb | N6: Mar | O6: Apr | P6: YTD | Q6: Jan | R6: Feb | S6: Mar | T6: Apr | U6: YTD
A7: Barton Village, Inc. Electric Dept. | B7: =C28 -> 15851.696 | C7: =D28 -> 14767.348 | D7: =E28 -> 13587.569 | E7: =F28 -> 12209.446 | F7: =SUM(B7:E7) -> 56416.059 | G7: ='EEC Collection True-Up'!R7 -> 16030.436 | H7: ='EEC Collection True-Up'!S7 -> 14020.046 | I7: 13200.7 | J7: ='EEC Collection True-Up'!U7 -> 12043.238 | K7: =SUM(G7:J7) -> 55294.421 | L7: =G7-B7 -> 178.73998 | M7: =H7-C7 -> -747.30165 | N7: =I7-D7 -> -386.86932 | O7: =J7-E7 -> -166.20727 | P7: =K7-F7 -> -1121.6383 | Q7: =G7/B7-1 -> 0.011275763 | R7: =H7/C7-1 -> -0.050605 | S7: =I7/D7-1 -> -0.028472298 | T7: =J7/E7-1 -> -0.013613007 | U7: =K7/F7-1 -> -0.019881542
A8: Enosburg Falls Water & Light Dept. | B8: =C29 -> 27731.815 | C8: =D29 -> 25111.228 | D8: =E29 -> 24426.376 | E8: =F29 -> 26886.041 | F8: =SUM(B8:E8) -> 104155.46 | G8: ='EEC Collection True-Up'!R8 -> 26166.179 | H8: ='EEC Collection True-Up'!S8 -> 23132.774 | I8: 24254.87 | J8: ='EEC Collection True-Up'!U8 -> 25837.117 | K8: =SUM(G8:J8) -> 99390.94 | L8: =G8-B8 -> -1565.6354 | M8: =H8-C8 -> -1978.4542 | N8: =I8-D8 -> -171.50608 | O8: =J8-E8 -> -1048.9245 | P8: =K8-F8 -> -4764.5202 | Q8: =G8/B8-1 -> -0.056456291 | R8: =H8/C8-1 -> -0.078787634 | S8: =I8/D8-1 -> -0.0070213476 | T8: =J8/E8-1 -> -0.03901372 | U8: =K8/F8-1 -> -0.045744315
A9: Green Mountain Power Corporation | B9: =C30 -> 3694841.2 | C9: =D30 -> 3267700.5 | D9: =E30 -> 3047893 | E9: =F30 -> 2713288.7 | F9: =SUM(B9:E9) -> 12723723 | G9: ='EEC Collection True-Up'!R9 -> 3306619.8 | H9: ='EEC Collection True-Up'!S9 -> 3073265.4 | I9: 2854568.9 | J9: ='EEC Collection True-Up'!U9 -> 2631865.3 | K9: =SUM(G9:J9) -> 11866319 | L9: =G9-B9 -> -388221.35 | M9: =H9-C9 -> -194435.1 | N9: =I9-D9 -> -193324.19 | O9: =J9-E9 -> -81423.394 | P9: =K9-F9 -> -857404.03 | Q9: =G9/B9-1 -> -0.10507119 | R9: =H9/C9-1 -> -0.059502117 | S9: =I9/D9-1 -> -0.063428798 | T9: =J9/E9-1 -> -0.030009115 | U9: =K9/F9-1 -> -0.067386252
A10: Hardwick Electric Dept., Town of | B10: =C31 -> 37556.442 | C10: =D31 -> 39563.282 | D10: =E31 -> 32914.981 | E10: =F31 -> 37969.037 | F10: =SUM(B10:E10) -> 148003.74 | G10: ='EEC Collection True-Up'!R10 -> 37307.161 | H10: ='EEC Collection True-Up'!S10 -> 34072.649 | I10: 32350.94 | J10: ='EEC Collection True-Up'!U10 -> 38787.699 | K10: =SUM(G10:J10) -> 142518.45 | L10: =G10-B10 -> -249.28061 | M10: =H10-C10 -> -5490.6334 | N10: =I10-D10 -> -564.04149 | O10: =J10-E10 -> 818.66166 | P10: =K10-F10 -> -5485.2939 | Q10: =G10/B10-1 -> -0.0066374927 | R10: =H10/C10-1 -> -0.13878104 | S10: =I10/D10-1 -> -0.017136315 | T10: =J10/E10-1 -> 0.021561296 | U10: =K10/F10-1 -> -0.037061859
A11: Hyde Park Electric Dept., Village of | B11: =C32 -> 15863.859 | C11: =D32 -> 12187.927 | D11: =E32 -> 11518.045 | E11: =F32 -> 11963.386 | F11: =SUM(B11:E11) -> 51533.217 | G11: ='EEC Collection True-Up'!R11 -> 14075.363 | H11: ='EEC Collection True-Up'!S11 -> 12471.137 | I11: 22010.27 | J11: 11963.386 | K11: =SUM(G11:J11) -> 60520.156 | L11: =G11-B11 -> -1788.4957 | M11: =H11-C11 -> 283.20991 | N11: =I11-D11 -> 10492.225 | O11: =J11-E11 -> 0 | P11: =K11-F11 -> 8986.9394 | Q11: =G11/B11-1 -> -0.11274026 | R11: =H11/C11-1 -> 0.023236922 | S11: =I11/D11-1 -> 0.91093803 | T11: =J11/E11-1 -> 0 | U11: =K11/F11-1 -> 0.1743912
A12: Jacksonville Electric Company, Village of | B12: =C33 -> 5718.3243 | C12: =D33 -> 6608.0701 | D12: =E33 -> 5329.119 | E12: =F33 -> 5356.2511 | F12: =SUM(B12:E12) -> 23011.764 | G12: ='EEC Collection True-Up'!R12 -> 5207.342 | H12: ='EEC Collection True-Up'!S12 -> 6190.9753 | I12: 4742.94 | J12: ='EEC Collection True-Up'!U12 -> 4745.9502 | K12: =SUM(G12:J12) -> 20887.208 | L12: =G12-B12 -> -510.98231 | M12: =H12-C12 -> -417.09478 | N12: =I12-D12 -> -586.17897 | O12: =J12-E12 -> -610.30085 | P12: =K12-F12 -> -2124.5569 | Q12: =G12/B12-1 -> -0.08935875 | R12: =H12/C12-1 -> -0.063119 | S12: =I12/D12-1 -> -0.10999547 | T12: =J12/E12-1 -> -0.11394179 | U12: =K12/F12-1 -> -0.092324815
A13: Johnson Water & Light Dept., Village of | B13: =C34 -> 14080.625 | C13: =D34 -> 13172.167 | D13: =E34 -> 12390.014 | E13: =F34 -> 11901.637 | F13: =SUM(B13:E13) -> 51544.444 | G13: ='EEC Collection True-Up'!R13 -> 11969.136 | H13: ='EEC Collection True-Up'!S13 -> 12957.856 | I13: 12096.46 | J13: ='EEC Collection True-Up'!U13 -> 10137.97 | K13: =SUM(G13:J13) -> 47161.422 | L13: =G13-B13 -> -2111.4893 | M13: =H13-C13 -> -214.311 | N13: =I13-D13 -> -293.55449 | O13: =J13-E13 -> -1763.667 | P13: =K13-F13 -> -4383.0218 | Q13: =G13/B13-1 -> -0.14995707 | R13: =H13/C13-1 -> -0.016269988 | S13: =I13/D13-1 -> -0.023692829 | T13: =J13/E13-1 -> -0.14818693 | U13: =K13/F13-1 -> -0.085033836
A14: Ludlow Electric Light Dept., Village of | B14: =C35 -> 77061.717 | C14: =D35 -> 61627.294 | D14: =E35 -> 55120.268 | E14: =F35 -> 42234.391 | F14: =SUM(B14:E14) -> 236043.67 | G14: ='EEC Collection True-Up'!R14 -> 73583.191 | H14: ='EEC Collection True-Up'!S14 -> 64236.873 | I14: 49515.62 | J14: ='EEC Collection True-Up'!U14 -> 34052.339 | K14: =SUM(G14:J14) -> 221388.02 | L14: =G14-B14 -> -3478.526 | M14: =H14-C14 -> 2609.5793 | N14: =I14-D14 -> -5604.6476 | O14: =J14-E14 -> -8182.0517 | P14: =K14-F14 -> -14655.646 | Q14: =G14/B14-1 -> -0.045139482 | R14: =H14/C14-1 -> 0.042344537 | S14: =I14/D14-1 -> -0.10168034 | T14: =J14/E14-1 -> -0.1937296 | U14: =K14/F14-1 -> -0.062088706
A15: Lyndonville Electric Dept., Village of | B15: =C36 -> 68923.023 | C15: =D36 -> 60614.05 | D15: =E36 -> 57059.745 | E15: =F36 -> 52006.625 | F15: =SUM(B15:E15) -> 238603.44 | G15: ='EEC Collection True-Up'!R15 -> 63084.725 | H15: ='EEC Collection True-Up'!S15 -> 56193.215 | I15: 52472.13 | J15: ='EEC Collection True-Up'!U15 -> 47976.152 | K15: =SUM(G15:J15) -> 219726.22 | L15: =G15-B15 -> -5838.2975 | M15: =H15-C15 -> -4420.8358 | N15: =I15-D15 -> -4587.6151 | O15: =J15-E15 -> -4030.4733 | P15: =K15-F15 -> -18877.222 | Q15: =G15/B15-1 -> -0.084707508 | R15: =H15/C15-1 -> -0.072934175 | S15: =I15/D15-1 -> -0.080400203 | T15: =J15/E15-1 -> -0.077499228 | U15: =K15/F15-1 -> -0.079115462
A16: Morrisville Water & Light Dept., Village of | B16: =C37 -> 44945.73 | C16: =D37 -> 42365.373 | D16: =E37 -> 40588.688 | E16: =F37 -> 37848.346 | F16: =SUM(B16:E16) -> 165748.14 | G16: ='EEC Collection True-Up'!R16 -> 41503.048 | H16: ='EEC Collection True-Up'!S16 -> 41100.754 | I16: 39058.91 | J16: ='EEC Collection True-Up'!U16 -> 36322.321 | K16: =SUM(G16:J16) -> 157985.03 | L16: =G16-B16 -> -3442.6814 | M16: =H16-C16 -> -1264.6187 | N16: =I16-D16 -> -1529.7783 | O16: =J16-E16 -> -1526.0254 | P16: =K16-F16 -> -7763.1038 | Q16: =G16/B16-1 -> -0.076596406 | R16: =H16/C16-1 -> -0.029850291 | S16: =I16/D16-1 -> -0.037689769 | T16: =J16/E16-1 -> -0.040319475 | U16: =K16/F16-1 -> -0.046836748
A17: Northfield Electric Dept., Village of | B17: =C38 -> 26541.744 | C17: =D38 -> 24402.986 | D17: =E38 -> 23590.894 | E17: =F38 -> 22908.85 | F17: =SUM(B17:E17) -> 97444.475 | G17: ='EEC Collection True-Up'!R17 -> 26645.505 | H17: ='EEC Collection True-Up'!S17 -> 23792.016 | I17: 21869.27 | J17: ='EEC Collection True-Up'!U17 -> 19667.728 | K17: =SUM(G17:J17) -> 91974.519 | L17: =G17-B17 -> 103.76073 | M17: =H17-C17 -> -610.97004 | N17: =I17-D17 -> -1721.6245 | O17: =J17-E17 -> -3241.1215 | P17: =K17-F17 -> -5469.9553 | Q17: =G17/B17-1 -> 0.0039093411 | R17: =H17/C17-1 -> -0.025036691 | S17: =I17/D17-1 -> -0.072978346 | T17: =J17/E17-1 -> -0.14147902 | U17: =K17/F17-1 -> -0.056134073
A18: Orleans Electric Dept., Village of | B18: =C39 -> 12710.922 | C18: =D39 -> 12826.935 | D18: =E39 -> 11709.841 | E18: =F39 -> 11275.727 | F18: =SUM(B18:E18) -> 48523.425 | G18: ='EEC Collection True-Up'!R18 -> 12405.18 | H18: ='EEC Collection True-Up'!S18 -> 11673.26 | I18: 11396.5 | J18: ='EEC Collection True-Up'!U18 -> 8344.1863 | K18: =SUM(G18:J18) -> 43819.126 | L18: =G18-B18 -> -305.74168 | M18: =H18-C18 -> -1153.6749 | N18: =I18-D18 -> -313.34078 | O18: =J18-E18 -> -2931.5408 | P18: =K18-F18 -> -4704.2982 | Q18: =G18/B18-1 -> -0.024053462 | R18: =H18/C18-1 -> -0.08994159 | S18: =I18/D18-1 -> -0.026758756 | T18: =J18/E18-1 -> -0.25998685 | U18: =K18/F18-1 -> -0.096949014
A19: Stowe Electric Dept., Town of | B19: =C40 -> 85569.035 | C19: =D40 -> 70404.061 | D19: =E40 -> 65080.556 | E19: =F40 -> 80610.409 | F19: =SUM(B19:E19) -> 301664.06 | G19: ='EEC Collection True-Up'!R19 -> 80432.212 | H19: ='EEC Collection True-Up'!S19 -> 68266.126 | I19: 56673.22 | J19: ='EEC Collection True-Up'!U19 -> 48925.223 | K19: =SUM(G19:J19) -> 254296.78 | L19: =G19-B19 -> -5136.8227 | M19: =H19-C19 -> -2137.9353 | N19: =I19-D19 -> -8407.3356 | O19: =J19-E19 -> -31685.186 | P19: =K19-F19 -> -47367.28 | Q19: =G19/B19-1 -> -0.060031327 | R19: =H19/C19-1 -> -0.030366648 | S19: =I19/D19-1 -> -0.12918353 | T19: =J19/E19-1 -> -0.39306569 | U19: =K19/F19-1 -> -0.15701996
A20: Swanton Village Inc. Electric Dept. | B20: =C41 -> 52368.698 | C20: =D41 -> 51672.62 | D20: =E41 -> 50692.122 | E20: =F41 -> 47675.78 | F20: =SUM(B20:E20) -> 202409.22 | G20: ='EEC Collection True-Up'!R20 -> 48680.695 | H20: ='EEC Collection True-Up'!S20 -> 48759.806 | I20: 47705.31 | J20: ='EEC Collection True-Up'!U20 -> 46250.236 | K20: =SUM(G20:J20) -> 191396.05 | L20: =G20-B20 -> -3688.0029 | M20: =H20-C20 -> -2912.8134 | N20: =I20-D20 -> -2986.8115 | O20: =J20-E20 -> -1425.5447 | P20: =K20-F20 -> -11013.173 | Q20: =G20/B20-1 -> -0.070423803 | R20: =H20/C20-1 -> -0.056370539 | S20: =I20/D20-1 -> -0.058920626 | T20: =J20/E20-1 -> -0.029900815 | U20: =K20/F20-1 -> -0.054410429
A21: Vermont Electric Cooperative, Inc. | B21: =C42 -> 468060.56 | C21: =D42 -> 417095.25 | D21: =E42 -> 428443.01 | E21: =F42 -> 370721.81 | F21: =SUM(B21:E21) -> 1684320.6 | G21: ='EEC Collection True-Up'!R21 -> 438569.13 | H21: ='EEC Collection True-Up'!S21 -> 406875.33 | I21: 408937.7 | J21: ='EEC Collection True-Up'!U21 -> 353626.66 | K21: =SUM(G21:J21) -> 1608008.8 | L21: =G21-B21 -> -29491.429 | M21: =H21-C21 -> -10219.92 | N21: =I21-D21 -> -19505.315 | O21: =J21-E21 -> -17095.149 | P21: =K21-F21 -> -76311.812 | Q21: =G21/B21-1 -> -0.063007721 | R21: =H21/C21-1 -> -0.024502604 | S21: =I21/D21-1 -> -0.045526043 | T21: =J21/E21-1 -> -0.046113146 | U21: =K21/F21-1 -> -0.045307177
A22: Washington Electric Cooperative, Inc. | B22: =C43 -> 90019.635 | C22: =D43 -> 74065.024 | D22: =E43 -> 84411.71 | E22: =F43 -> 73719.791 | F22: =SUM(B22:E22) -> 322216.16 | G22: ='EEC Collection True-Up'!R22 -> 90144.51 | H22: ='EEC Collection True-Up'!S22 -> 76461.503 | I22: 68917.65 | J22: ='EEC Collection True-Up'!U22 -> 73183.877 | K22: =SUM(G22:J22) -> 308707.54 | L22: =G22-B22 -> 124.87502 | M22: =H22-C22 -> 2396.4796 | N22: =I22-D22 -> -15494.06 | O22: =J22-E22 -> -535.91423 | P22: =K22-F22 -> -13508.62 | Q22: =G22/B22-1 -> 0.0013871976 | R22: =H22/C22-1 -> 0.032356428 | S22: =I22/D22-1 -> -0.18355344 | T22: =J22/E22-1 -> -0.0072696114 | U22: =K22/F22-1 -> -0.041924092
A23: Total | B23: =SUM(B7:B22) -> 4737845 | C23: =SUM(C7:C22) -> 4194184.1 | D23: =SUM(D7:D22) -> 3964756 | E23: =SUM(E7:E22) -> 3558576.3 | F23: =SUM(F7:F22) -> 16455361 | G23: =SUM(G7:G22) -> 4292423.6 | H23: =SUM(H7:H22) -> 3973469.7 | I23: =SUM(I7:I22) -> 3719771.3 | ... N23: =SUM(N7:N22) -> -244984.65 | O23: =J23-E23 -> -154846.84 | P23: =K23-F23 -> -1065967.2 | Q23: =G23/B23-1 -> -0.094013493 | R23: =H23/C23-1 -> -0.052623916 | S23: =I23/D23-1 -> -0.061790599 | T23: =J23/E23-1 -> -0.043513705 | U23: =K23/F23-1 -> -0.064779327
A26: 2020 Budgeted Collections $ by Month (net of taxes) at the OLD tax rates
A27: Utility | B27: True-ups | C27: JAN | D27: FEB | E27: MAR | F27: APR | G27: MAY | H27: JUN | I27: JUL | J27: AUG | K27: SEP | L27: OCT | M27: NOV | N27: DEC | O27: To Date
A28: Barton Village, Inc. Electric Dept. | C28: 15851.696 | D28: 14767.348 | E28: 13587.569 | F28: 12209.446 | G28: 14129.276 | H28: 12992.534 | I28: 11400.161 | J28: 13257.306 | K28: 16907.977 | L28: 10709.695 | M28: 12478.896 | N28: 14914.236 | O28: =SUM(C28:N28) -> 163206.14
A29: Enosburg Falls Water & Light Dept. | C29: 27731.815 | D29: 25111.228 | E29: 24426.376 | F29: 26886.041 | G29: 24565.779 | H29: 20622.268 | I29: 24617.236 | J29: 25837.245 | K29: 21776.786 | L29: 21563.472 | M29: 20980.599 | N29: 25643.578 | O29: =SUM(C29:N29) -> 289762.42
A30: Green Mountain Power Corporation | C30: 3694841.2 | D30: 3267700.5 | E30: 3047893 | F30: 2713288.7 | G30: 2743520.5 | H30: 3182987.5 | I30: 3326570.6 | J30: 2926249.5 | K30: 2811530.3 | L30: 2938121.2 | M30: 3302347.2 | N30: 3505243 | O30: =SUM(C30:N30) -> 37460293
A31: Hardwick Electric Dept., Town of | C31: 37556.442 | D31: 39563.282 | E31: 32914.981 | F31: 37969.037 | G31: 29872.444 | H31: 29181.043 | I31: 30673.309 | J31: 33210.628 | K31: 30358.95 | L31: 38964.505 | M31: 30419.764 | N31: 35322.254 | O31: =SUM(C31:N31) -> 406006.64
A32: Hyde Park Electric Dept., Village of | C32: 15863.859 | D32: 12187.927 | E32: 11518.045 | F32: 11963.386 | G32: 0 | H32: 0 | I32: 10919.267 | J32: 34192.061 | K32: 11142.873 | L32: 0 | M32: 0 | N32: 13496.639 | O32: =SUM(C32:N32) -> 121284.06
A33: Jacksonville Electric Company, Village of | C33: 5718.3243 | D33: 6608.0701 | E33: 5329.119 | F33: 5356.2511 | G33: 4301.8415 | H33: 4741.5686 | I33: 4280.3229 | J33: 4872.5512 | K33: 4838.87 | L33: 4184.8928 | M33: 5063.4115 | N33: 5568.6299 | O33: =SUM(C33:N33) -> 60863.853
A34: Johnson Water & Light Dept., Village of | C34: 14080.625 | D34: 13172.167 | E34: 12390.014 | F34: 11901.637 | G34: 10350.429 | H34: 9946.2542 | I34: 11235.497 | J34: 11270.114 | K34: 11368.351 | L34: 10683.499 | M34: 12796.06 | N34: 11204.622 | O34: =SUM(C34:N34) -> 140399.27
A35: Ludlow Electric Light Dept., Village of | C35: 77061.717 | D35: 61627.294 | E35: 55120.268 | F35: 42234.391 | G35: 36882.817 | H35: 34480.223 | I35: 0 | J35: 81089.431 | K35: 36516.066 | L35: 0 | M35: 0 | N35: 158684.43 | O35: =SUM(C35:N35) -> 583696.64
A36: Lyndonville Electric Dept., Village of | C36: 68923.023 | D36: 60614.05 | E36: 57059.745 | F36: 52006.625 | G36: 50806.263 | H36: 46636.34 | I36: 58157.192 | J36: 50977.476 | K36: 49662.037 | L36: 60886.307 | M36: 69360.879 | N36: 71080.034 | O36: =SUM(C36:N36) -> 696169.97
A37: Morrisville Water & Light Dept., Village of | C37: 44945.73 | D37: 42365.373 | E37: 40588.688 | F37: 37848.346 | G37: 37573.283 | H37: 41741.335 | I37: 46337.887 | J37: 40909.596 | K37: 39097.358 | L37: 39334.998 | M37: 43528.311 | N37: 47998.559 | O37: =SUM(C37:N37) -> 502269.46
A38: Northfield Electric Dept., Village of | C38: 26541.744 | D38: 24402.986 | E38: 23590.894 | F38: 22908.85 | G38: 21033.928 | H38: 21973.26 | I38: 26184.349 | J38: 23663.87 | K38: 23211.045 | L38: 22603.847 | M38: 26020.621 | N38: 25346.061 | O38: =SUM(C38:N38) -> 287481.46
A39: Orleans Electric Dept., Village of | C39: 12710.922 | D39: 12826.935 | E39: 11709.841 | F39: 11275.727 | G39: 10045.427 | H39: 10010.81 | I39: 10326.104 | J39: 10841.614 | K39: 9614.1198 | L39: 10014.552 | M39: 10889.329 | N39: 11974.613 | O39: =SUM(C39:N39) -> 132239.99
... A43: Washington Electric Cooperative, Inc. | C43: 90019.635 | D43: 74065.024 | E43: 84411.71 | F43: 73719.791 | G43: 68065.087 | H43: 64292.789 | I43: 65890.776 | J43: 74520.656 | K43: 66985.416 | L43: 66433.418 | M43: 67250.188 | N43: 78028.182 | O43: =SUM(C43:N43) -> 873682.67
A44: Total Collections | B44: 0 | C44: =SUM(C28:C43) -> 4737845 | D44: =SUM(D28:D43) -> 4194184.1 | E44: =SUM(E28:E43) -> 3964756 | F44: =SUM(F28:F43) -> 3558576.3 | G44: =SUM(G28:G43) -> 3474387.2 | H44: =SUM(H28:H43) -> 3975422.6 | I44: =SUM(I28:I43) -> 4179870.5 | J44: =SUM(J28:J43) -> 3824950.8 | ... O44: =SUM(O28:O43) -> 47943915
A46: 2020 Forecasted Collections $ by Month (net of taxes) at the New tax rates | E46: Actuals | F46: Estimates | G46: Sales Only
A47: Utility | B47: True-ups | C47: JAN | D47: FEB | E47: MAR | F47: APR | G47: MAY | H47: JUN | I47: JUL | J47: AUG | K47: SEP | L47: OCT | M47: NOV | N47: DEC | O47: To Date
A48: Barton Village, Inc. Electric Dept. | B48: 0 | C48: 16030.436 | D48: 14020.046 | E48: 13200.702 | F48: 12043.238 | G48: 11818.351 | H48: 14035.259 | I48: =I28/0.99*0.98975*I$66 -> 11730.303 | J48: =J28/0.99*0.98975*J$66 -> 12776.182 | K48: =K28/0.99*0.98975*K$66 -> 16326.332 | L48: =L28/0.99*0.98975*L$66 -> 10366.613 | M48: =M28/0.99*0.98975*M$66 -> 12211.925 | N48: =N28/0.99*0.98975*N$66 -> 14267.858 | O48: =SUM(B48:N48) -> 158827.25
A49: Enosburg Falls Water & Light Dept. | B49: 0 | C49: 26166.179 | D49: 23132.774 | E49: 24254.873 | F49: 25837.117 | G49: 20412.484 | H49: 22446.854 | I49: =I29/0.99*0.98975*I$66 -> 25330.138 | J49: =J29/0.99*0.98975*J$66 -> 24899.579 | K49: =K29/0.99*0.98975*K$66 -> 21027.65 | L49: =L29/0.99*0.98975*L$66 -> 20872.692 | M49: =M29/0.99*0.98975*M$66 -> 20531.746 | N49: =N29/0.99*0.98975*N$66 -> 24532.194 | O49: =SUM(B49:N49) -> 279444.28
A50: Green Mountain Power Corporation | B50: 0 | C50: 3306619.8 | D50: 3073265.4 | E50: 2854568.9 | F50: 2631865.3 | G50: 2772306.6 | H50: 3246512.9 | I50: =I30/0.99*0.98975*I$66 -> 3422906.3 | J50: =J30/0.99*0.98975*J$66 -> 2820052.2 | K50: =K30/0.99*0.98975*K$66 -> 2714811.9 | L50: =L30/0.99*0.98975*L$66 -> 2843999.4 | M50: =M30/0.99*0.98975*M$66 -> 3231697.7 | N50: =N30/0.99*0.98975*N$66 -> 3353326.9 | O50: =SUM(B50:N50) -> 36271933
A51: Hardwick Electric Dept., Town of | B51: 0 | C51: 37307.161 | D51: 34072.649 | E51: 32350.939 | F51: 38787.699 | G51: 29385.58 | H51: 29385.58 | I51: =I31/0.99*0.98975*I$66 -> 31561.591 | J51: =J31/0.99*0.98975*J$66 -> 32005.372 | K51: =K31/0.99*0.98975*K$66 -> 29314.583 | L51: =L31/0.99*0.98975*L$66 -> 37716.288 | M51: =M31/0.99*0.98975*M$66 -> 29768.972 | N51: =N31/0.99*0.98975*N$66 -> 33791.399 | O51: =SUM(B51:N51) -> 395447.81
A52: Hyde Park Electric Dept., Village of | B52: =10919.85+11092.63 -> 22012.48 | C52: 14075.363 | D52: 12471.137 | E52: 10672.722 | F52: 10639.981 | G52: 11099.012 | H52: 9800.6123 | I52: =I32/0.99*0.98975*I$66 -> 11235.483 | J52: =J32/0.99*0.98975*J$66 -> 32951.188 | K52: =K32/0.99*0.98975*K$66 -> 10759.551 | L52: =L32/0.99*0.98975*L$66 -> 0 | M52: =M32/0.99*0.98975*M$66 -> 0 | N52: =N32/0.99*0.98975*N$66 -> 12911.7 | O52: =SUM(B52:N52) -> 158629.23
A53: Jacksonville Electric Company, Village of | B53: 0 | C53: 5207.342 | D53: 6190.9753 | E53: 4742.9414 | F53: 4745.9502 | G53: 4569.5012 | H53: 4569.5012 | I53: =I33/0.99*0.98975*I$66 -> 4404.2787 | J53: =J33/0.99*0.98975*J$66 -> 4695.7202 | K53: =K33/0.99*0.98975*K$66 -> 4672.4097 | L53: =L33/0.99*0.98975*L$66 -> 4050.831 | M53: =M33/0.99*0.98975*M$66 -> 4955.0863 | N53: =N33/0.99*0.98975*N$66 -> 5327.2874 | O53: =SUM(B53:N53) -> 58131.825
A54: Johnson Water & Light Dept., Village of | B54: 0 | C54: 11969.136 | D54: 12957.856 | E54: 12096.457 | F54: 10137.97 | G54: 8923.5951 | H54: 8923.5951 | I54: =I34/0.99*0.98975*I$66 -> 11560.871 | J54: =J34/0.99*0.98975*J$66 -> 10861.107 | K54: =K34/0.99*0.98975*K$66 -> 10977.272 | L54: =L34/0.99*0.98975*L$66 -> 10341.256 | M54: =M34/0.99*0.98975*M$66 -> 12522.305 | N54: =N34/0.99*0.98975*N$66 -> 10719.018 | O54: =SUM(B54:N54) -> 131990.44
A55: Ludlow Electric Light Dept., Village of | B55: 0 | C55: 73583.191 | D55: 64236.873 | E55: 49515.619 | F55: 34052.339 | G55: 31060.148 | H55: 33922.953 | I55: =I35/0.99*0.98975*I$66 -> 0 | J55: =J35/0.99*0.98975*J$66 -> 78146.593 | K55: =K35/0.99*0.98975*K$66 -> 35259.89 | L55: =L35/0.99*0.98975*L$66 -> 0 | M55: =M35/0.99*0.98975*M$66 -> 0 | N55: =N35/0.99*0.98975*N$66 -> 151807.1 | O55: =SUM(B55:N55) -> 551584.71
A56: Lyndonville Electric Dept., Village of | B56: 0 | C56: 63084.725 | D56: 56193.215 | E56: 52472.131 | F56: 47976.152 | G56: 43916.83 | H56: 56400.158 | I56: =I36/0.99*0.98975*I$66 -> 59841.392 | J56: =J36/0.99*0.98975*J$66 -> 49127.439 | K56: =K36/0.99*0.98975*K$66 -> 47953.631 | L56: =L36/0.99*0.98975*L$66 -> 58935.832 | M56: =M36/0.99*0.98975*M$66 -> 67876.991 | N56: =N36/0.99*0.98975*N$66 -> 67999.449 | O56: =SUM(B56:N56) -> 671777.94
A57: Morrisville Water & Light Dept., Village of | B57: 0 | C57: 41503.048 | D57: 41100.754 | E57: 39058.91 | F57: 36322.321 | G57: 39137.56 | H57: 45650.123 | I57: =I37/0.99*0.98975*I$66 -> 47679.807 | J57: =J37/0.99*0.98975*J$66 -> 39424.935 | K57: =K37/0.99*0.98975*K$66 -> 37752.384 | L57: =L37/0.99*0.98975*L$66 -> 38074.913 | M57: =M37/0.99*0.98975*M$66 -> 42597.078 | N57: =N37/0.99*0.98975*N$66 -> 45918.317 | O57: =SUM(B57:N57) -> 494220.15
A58: Northfield Electric Dept., Village of | B58: 0 | C58: 26645.505 | D58: 23792.016 | E58: 21869.269 | F58: 19667.728 | G58: 20264.02 | H58: 19665.422 | I58: =I38/0.99*0.98975*I$66 -> 26942.634 | J58: =J38/0.99*0.98975*J$66 -> 22805.079 | K58: =K38/0.99*0.98975*K$66 -> 22412.57 | L58: =L38/0.99*0.98975*L$66 -> 21879.74 | M58: =M38/0.99*0.98975*M$66 -> 25463.943 | N58: =N38/0.99*0.98975*N$66 -> 24247.571 | O58: =SUM(B58:N58) -> 275655.5
A59: Orleans Electric Dept., Village of | B59: 0 | C59: 12405.18 | D59: 11673.26 | E59: 11396.496 | F59: 8344.1863 | G59: 9150.5481 | H59: 10158.923 | I59: =I39/0.99*0.98975*I$66 -> 10625.142 | J59: =J39/0.99*0.98975*J$66 -> 10448.158 | K59: =K39/0.99*0.98975*K$66 -> 9283.3878 | L59: =L39/0.99*0.98975*L$66 -> 9693.739 | M59: =M39/0.99*0.98975*M$66 -> 10656.365 | N59: =N39/0.99*0.98975*N$66 -> 11455.637 | O59: =SUM(B59:N59) -> 125291.02
A60: Stowe Electric Dept., Town of | B60: 0 | C60: 80432.212 | D60: 68266.126 | E60: 56673.224 | F60: 48925.223 | G60: 46159.23 | H60: 46159.793 | I60: =I40/0.99*0.98975*I$66 -> 70510.818 | J60: =J40/0.99*0.98975*J$66 -> 60252.726 | K60: =K40/0.99*0.98975*K$66 -> 54407.555 | L60: =L40/0.99*0.98975*L$66 -> 53040.256 | M60: =M40/0.99*0.98975*M$66 -> 77976.687 | N60: =N40/0.99*0.98975*N$66 -> 83050.011 | O60: =SUM(B60:N60) -> 745853.86
A61: Swanton Village Inc. Electric Dept. | B61: 0 | C61: 48680.695 | D61: 48759.806 | E61: 47705.317 | F61: 46250.236 | G61: 49661.225 | H61: 60865.6 | I61: =I41/0.99*0.98975*I$66 -> 60608.651 | J61: =J41/0.99*0.98975*J$66 -> 46968.923 | K61: =K41/0.99*0.98975*K$66 -> 44424.028 | L61: =L41/0.99*0.98975*L$66 -> 43637.221 | M61: =M41/0.99*0.98975*M$66 -> 50275.997 | N61: =N41/0.99*0.98975*N$66 -> 56075.249 | O61: =SUM(B61:N61) -> 603912.95
A62: Vermont Electric Cooperative,Inc. | B62: 0 | C62: 438569.13 | D62: 406875.33 | E62: 408937.7 | F62: 353626.66 | G62: 352617.26 | H62: 403025.05 | I62: =I42/0.99*0.98975*I$66 -> 438180.97 | J62: =J42/0.99*0.98975*J$66 -> 368907.06 | K62: =K42/0.99*0.98975*K$66 -> 339186.95 | L62: =L42/0.99*0.98975*L$66 -> 357270.97 | M62: =M42/0.99*0.98975*M$66 -> 410170.72 | N62: =N42/0.99*0.98975*N$66 -> 433897.35 | O62: =SUM(B62:N62) -> 4711265.2
A63: Washington Electric Cooperative, Inc. | B63: 0 | C63: 90144.51 | D63: 76461.503 | E63: 68917.648 | F63: 73183.877 | G63: 65377.709 | H63: 62067.279 | I63: =I43/0.99*0.98975*I$66 -> 67798.937 | J63: =J43/0.99*0.98975*J$66 -> 71816.207 | K63: =K43/0.99*0.98975*K$66 -> 64681.074 | L63: =L43/0.99*0.98975*L$66 -> 64305.243 | M63: =M43/0.99*0.98975*M$66 -> 65811.456 | N63: =N43/0.99*0.98975*N$66 -> 74646.466 | O63: =SUM(B63:N63) -> 845211.91
A64: Total Collections | B64: =SUM(B48:B63) -> 22012.48 | C64: =SUM(C48:C63) -> 4292423.6 | D64: =SUM(D48:D63) -> 3973469.7 | E64: =SUM(E48:E63) -> 3708433.8 | F64: =SUM(F48:F63) -> 3402406 | G64: =SUM(G48:G63) -> 3515859.7 | H64: =SUM(H48:H63) -> 4073589.6 | I64: =SUM(I48:I63) -> 4300917.3 | ... O64: =SUM(O48:O63) -> 46479177
I65: 4291140 | J65: 3677758.8 | K65: 3455378.1 | L65: 3566059.8 | M65: 4053281.7 | N65: 4393962
A66: % of Budget | C66: =C64/C68 -> 0.90828014 | D66: =D64/D68 -> 0.9497745 | E66: =E64/E68 -> 0.93771779 | F66: =F64/F68 -> 0.95853495 | G66: =G64/G68 -> 1.0144985 | H66: =H64/H68 -> 1.0272876 | I66: =I65/I68 -> 1.0292194 | J66: =J65/J68 -> 0.96395216 | K66: =K65/K68 -> 0.96584325 | L66: =L65/L68 -> 0.96820979 | M66: =M65/M68 -> 0.97885346 | N66: =N65/N68 -> 0.95690198 | O66: =O64/O44 -> 0.96944894
A67: Budget, Net of Taxes at Old Rate | C67: =C44 -> 4737845 | D67: =D44 -> 4194184.1 | E67: =E44 -> 3964756 | F67: =F44 -> 3558576.3 | G67: =G44 -> 3474387.2 | H67: =H44 -> 3975422.6 | I67: =I44 -> 4179870.5 | J67: =J44 -> 3824950.8 | ... N67: =N44 -> 4603487.1 | O67: =SUM(C67:N67) -> 47943915
A68: Budget, Net of Taxes at New Rate | C68: =C67/0.99*0.9875 -> 4725880.7 | D68: =D67/0.99*0.9875 -> 4183592.7 | E68: =E67/0.99*0.9875 -> 3954744 | F68: =F67/0.99*0.9875 -> 3549590 | G68: =G67/0.99*0.9875 -> 3465613.5 | H68: =H67/0.99*0.9875 -> 3965383.7 | I68: =I67/0.99*0.9875 -> 4169315.3 | J68: =J67/0.99*0.9875 -> 3815291.9 | ... N68: =N67/0.99*0.9875 -> 4591862.2 | O68: =SUM(C68:N68) -> 47822845

Sheet EEC Calculation
A1: EFFICIENCY VERMONT
A2: EEC Rates for the Calendar Year 2021-2023
J5: Efficiency Vermont Electric Budgets
C6: EEC to be Collected | K6: 2021 | L6: 2022 | M6: 2023 | N6: 2021-2023
A7: Amounts To Be Billed for Efficiency Vermont | J7: Electric Resource Acquisition | K7: 38528590 | L7: 38528590 | M7: 38528590 | N7: =SUM(K7:M7) -> 115585771
B8: 2021 | C8: 2022 | D8: 2023 | J8: Energy Savings Account | K8: 2000000 | L8: 2000000 | M8: 2000000 | N8: =SUM(K8:M8) -> 6000000
A9: Proposed Budget | B9: =K21 -> 46762301 | C9: 0 | D9: 0 | J9: Development & Support Services | K9: 2979409.4 | L9: 3108703.1 | M9: 3157113.7 | N9: =SUM(K9:M9) -> 9245226.2
I10: 0.0135 | J10: Operations Fees | K10: =(K7+K9)*$I10 -> 560358 | L10: =(L7+L9)*$I10 -> 562103.46 | M10: =(M7+M9)*$I10 -> 562757 | N10: =SUM(K10:M10) -> 1685218.5
A11: Prior Period Collection Adjustments | I11: 0.0365 | J11: Performance Award | K11: =SUM(K7,K9)*$I11 -> 1515042 | L11: =SUM(L7,L9)*$I11 -> 1519761.2 | M11: =SUM(M7,M9)*$I11 -> 1521528.2 | N11: =SUM(K11:M11) -> 4556331.4
A12: Over collections are shown in brackets (over) and are subtracted from the amounts to be collected in 2020 | J12: Total to Efficiency Vermont | K12: =SUM(K7:K11) -> 45583400 | L12: =SUM(L7:L11) -> 45719158 | M12: =SUM(M7:M11) -> 45769989 | N12: =SUM(N7:N11) -> 1.3707255e+08
A13: Under collections are shown without brackets and are added to the amounts to be collected in 2020
J14: PSD Evaluation | K14: 1103248 | L14: 1018531 | M14: 605203 | N14: =SUM(K14:M14) -> 2726982
A15: (1) Uncollectible | J15: EEU Advertising | K15: 6000 | L15: 6120 | M15: 6242.4 | N15: =SUM(K15:M15) -> 18362.4
A16: 2019 True-Up | B16: =-'EEC Uncollectibles'!E25 -> 9974.54 | C16: 0 | D16: 0 | J16: Fiscal Agent Cost | K16: 21500 | L16: 21930 | M16: 22368.6 | N16: =SUM(K16:M16) -> 65798.6
A17: 2020 Estimate | B17: =-'EEC Uncollectibles'!I25 -> 162453.81 | C17: 0 | D17: 0 | J17: EEU Fund Audit | K17: 22638.908 | L17: 23091.686 | M17: 23553.52 | N17: =SUM(K17:M17) -> 69284.115
A18: Sub Total-Amount To Be Allocated to Rate Class | B18: =+B16+B9+B17 -> 46934729 | C18: =+C16+C9+C17 -> 0 | D18: =+D16+D9+D17 -> 0 | J18: Triennial Audit | K18: 25514.28 | L18: 26024.566 | M18: 26545.057 | N18: =SUM(K18:M18) -> 78083.903
J19: Total Other | K19: =SUM(K14:K18) -> 1178901.2 | L19: =SUM(L14:L18) -> 1095697.3 | M19: =SUM(M14:M18) -> 683912.58 | N19: =SUM(N14:N18) -> 2958511
A20: (2) 2019 Collections True Up (Over) Under Collections Actuals (from Column J of "EEC Collection True-Up")
A21: 2019 True-up | B21: =-'EEC Collection True-Up'!J17 -> 1198026 | F21: Use Actual Collections Variance = 1 | J21: Total Budget for EEC Calculation | K21: =K19+K12 -> 46762301 | L21: =L19+L12 -> 46814855 | M21: =M19+M12 -> 46453902 | N21: =N19+N12 -> 1.4003106e+08
A22: Residential | B22: =IF(F$23=1,-'EEC Collection True-Up'!J14,B$21*F24) -> -50898.416 | C22: 0 | D22: 0 | F22: Use Custom Allocation = 0
A23: Commercial | B23: =IF(F$23=1,-'EEC Collection True-Up'!J15,B$21*F25) -> 1480359.9 | C23: 0 | D23: 0 | F23: 1
A24: Industrial | B24: =IF(F$23=1,-'EEC Collection True-Up'!J16,B$21*F26) -> -231435.48 | C24: 0 | D24: =-'EEC Collection True-Up'!K16 -> -0.0077 | F24: 0.3
B25: =SUM(B22:B24) -> 1198026 | C25: =SUM(C22:C24) -> 0 | D25: =SUM(D22:D24) -> -0.0077 | F25: 0.7
A26: (3) 2020 Collections True-Up (Over) Under Collections Estimate (from Column J of "EEC Collection True-Up") | F26: =1-F25-F24 -> 0
A27: 2020 True-up | B27: =-'EEC Collection True-Up'!L33 -> 1504115.9 | F27: =SUM(F24:F26) -> 1
A28: Residential | B28: =IF(F$23=1,-'EEC Collection True-Up'!L30,B$27*F24) -> -722766.13 | C28: 0 | D28: =-'EEC Collection True-Up'!K30 -> -3432.4706
A29: Commercial | B29: =IF(F$23=1,-'EEC Collection True-Up'!L31,B$27*F25) -> 2186695.4 | C29: 0 | D29: =-'EEC Collection True-Up'!K31 -> 10384.781
A30: Industrial | B30: =IF(F$23=1,-'EEC Collection True-Up'!L32,B$27*F26) -> 40186.572 | C30: 0 | D30: =-'EEC Collection True-Up'!K32 -> 190.84904
B31: =SUM(B28:B30) -> 1504115.9 | C31: =SUM(C28:C30) -> 0 | D31: =SUM(D28:D30) -> 7143.1591 | F31: Use 2019 Sales % = 1
A32: (4) Other: Uncommitted Funds (or Credits) | F32: Use Custom Allocation = 0
A33: Other Adjustments | B33: ='2021 Rate Factors'!B26 -> -2957168.9 | C33: 0 | D33: 0 | F33: 1
A34: Residential | B34: =IF(F$33=1,B$33*G49,B$33*F34) -> -1463792.9 | C34: =+$C$33*D34 -> 0 | D34: =+$C$33*F34 -> 0 | F34: 0
A35: Commercial | B35: =IF(F$33=1,B$33*G50,B$33*F35) -> -1146441.6 | C35: =+$C$33*D35 -> 0 | D35: =+$C$33*F35 -> 0 | F35: 1
A36: Industrial | B36: =IF(F$33=1,B$33*G51,B$33*F36) -> -346934.29 | C36: =+$C$33*D36 -> 0 | D36: =+$C$33*F36 -> 0 | F36: 0
B37: =SUM(B34:B36) -> -2957168.9 | C37: =SUM(C34:C36) -> 0 | D37: =SUM(D34:D36) -> 0 | F37: =SUM(F34:F36) -> 1
A39: Initial EEC to be Billed to Rate Class | B39: =+B31+B25+B18+B37 -> 46679702 | C39: =+C31+C25+C18+C37 -> 0 | D39: =+D31+D25+D18+D37 -> 7143.1514 | G39: =B16+B17+B25+B31+B37 -> -82598.692
A40: Gross Revenue & Weather Tax | B40: =B39*0.01025 -> 478466.95 | C40: =C41-C39 -> 0 | D40: =D41-D39 -> 90.419638
A41: Total 2019 EEC to be Billed By Utilities in Efficiency Vermont | B41: =SUM(B39:B40) -> 47158169 | C41: =C39/0.9875 -> 0 | D41: =D39/0.9875 -> 7233.571
A43: Amount To Be Billed To Each Rate Class
B45: Efficiency Vermont
A46: Revenue Based EEC Allocation | B46: EEC To Be | C46: 2019 | D46: 2020 | E46: Other | F46: EEC To Be | G46: Adjusted | H46: 2019 | I46: Excludes Non EEU Sales:
B47: Billed | C47: Over/Under | D47: Over/Under | E47: Adjustments | F47: Billed | G47: % of | H47: Total | I47: Non EEU Sales are Exclusions
A48: Percent of EEC Related Rate Revenues | B48: By Rate Class | C48: Collection | D48: Collection | E48: & Credits | F48: By Rate Class | G48: Total | H48: Rate Rev | I48: permitted by statute or PUC Order.
A49: Residential | B49: =SUM(C49:F49) -> 20995144 | C49: =B22 -> -50898.416 | D49: =B28 -> -722766.13 | E49: =B34 -> -1463792.9 | F49: =$B$18*G49 -> 23232601 | G49: =H49/H53 -> 0.49499809 | H49: ='Util Rev and Load Data'!D42 -> 3.7426211e+08
A50: Commercial (includes Pub Street and Other) | B50: =SUM(C50:F50) -> 20716371 | C50: =B23 -> 1480359.9 | D50: =B29 -> 2186695.4 | E50: =B35 -> -1146441.6 | F50: =$B$18*G50 -> 18195757 | G50: =(H50/H53) -> 0.38768217 | H50: ='Util Rev and Load Data'!P42 -> 2.9312183e+08
A51: Industrial | B51: =SUM(C51:F51) -> 4968187.2 | C51: =B24 -> -231435.48 | D51: =B30 -> 40186.572 | E51: =B36 -> -346934.29 | F51: =$B$18*G51 -> 5506370.4 | G51: =(H51/H53) -> 0.11731974 | H51: =+'Util Rev and Load Data'!AA42 -> 88704048
A52: Sub Total Com and Industrial | B52: =SUM(C52:F52) -> 25684558 | C52: =+C51+C50 -> 1248924.4 | D52: =+D51+D50 -> 2226882 | E52: =+E51+E50 -> -1493375.9 | F52: =+F51+F50 -> 23702128 | G52: =SUM(G50:G51) -> 0.50500191 | H52: =SUM(H50:H51) -> 3.8182587e+08
A53: EEU Charge To Be Billed | B53: =SUM(C53:F53) -> 46679702 | C53: =SUM(C49:C51) -> 1198026 | D53: =SUM(D49:D51) -> 1504115.9 | E53: =SUM(E49:E51) -> -2957168.9 | F53: =SUM(F49:F51) -> 46934729 | G53: =SUM(G49:G51) -> 1 | H53: =SUM(H49:H51) -> 7.5608798e+08
C54: Source: EEC Summary Template reconciled with FERC Annual Report ( Adjusted for Non EEU Sales)
C55: (see Summary-Rev and Units Worksheet)
A59: Volumetric Rate Development for energy (kWh) and demand/capacity (kw) | F59: Use Gross kWh 0=N, 1=Y | H59: 0
F60: Use Trend Forecast 0=N, 1=Y | H60: 1
A61: Rate (Customer) Class kWh Sales | C61: Projected | D61: EEC To Be | E61: RATE | F61: EVT | G61: Years | H61: Net
A62: Source: EEC Template submitted by each utility | C62: 2021 | D62: Billed | E62: per kWh | F62: Growth | H62: Impact
B63: % of Total kWh | C63: kWh | D63: By Rate Class | E63: w/o Tax | F63: Rates | H63: to Sales
A64: Residential
A65: Residential | C65: =+'Util Rev and Load Data'!C86-C66 -> 1.9849759e+09 | J65: Commercial kW Trend | K65: kW | L65: Change
A66: Net Meter Customer Adjustment | C66: ='Gross Consumption'!U33 -> 32332440 | J66: 2018 | K66: 4871856.8
A67: Sales Forecast Adjustment (2019-2021) | C67: =IF(H$60=1,H67,0) -> 0 | F67: 0 | G67: 1 | H67: =F67*G67*C$65 -> 0 | J67: 2019 | K67: ='Util Rev and Load Data'!L88 -> 4826265 | L67: =K67/K66-1 -> -0.009358187
A68: Net Residential | B68: =C68/C83 -> 0.45827294 | C68: =SUM(C65:C67) -> 2.0173084e+09 | D68: =B49 -> 20995144 | E68: =D68/C68 -> 0.010407504 | H68: =SUM(H66:H67) -> 0 | J68: 2020 | K68: 4069140 | L68: =K68/K67-1 -> -0.15687596
A70: Commercial | F70: Year | G70: kWh | H70: Change | J70: 2020 kWh Splits | K70: kWh | L70: %
A71: Commercial (excluding street lights) | C71: ='Util Rev and Load Data'!P86-'Util Rev and Load Data'!H86-C73 -> 1.8020108e+09 | F71: 2018 | G71: 1.8546925e+09 | J71: Commercial Non-Demand | K71: =315935328 -> 315935328 | L71: =K71/SUM(K71:K72) -> 0.18996941
A72: Street and Security Lights | C72: ='Util Rev and Load Data'!H86 -> 13126578 | F72: 2019 | G72: =SUM(C71:C72) -> 1.8151374e+09 | H72: =G72/G71-1 -> -0.02132705 | J72: Commercial Demand | K72: =1347149932 -> 1347149932 | L72: =1-L71 -> 0.81003059
A73: Net Meter Customer Adjustment | C73: ='Gross Consumption'!V33 -> 1912986.4 | K73: =SUM(K71:K72) -> 1663085260
A74: Sales Forecast Adjustment (2019-2021) | C74: =IF(H$60=1,H74,0) -> -1.3976558e+08 | F74: -0.077 | G74: 1 | H74: =F74*G74*(C$71+C$72) -> -1.3976558e+08
A75: Net Commercial | B75: =C75/C83 -> 0.38102961 | C75: =SUM(C71:C74) -> 1.6772848e+09 | D75: =B50 -> 20716371 | E75: =D75/C75 -> 0.012351135 | H75: =SUM(H73:H74) -> -1.3976558e+08 | J75: Industrial kW Trend | K75: kW | L75: Change
J76: 2018 | K76: 1390845.4
A77: Industrial | F77: Year | G77: kWh | H77: Change | J77: 2019 | K77: ='Util Rev and Load Data'!W86 -> 1745708.2 | L77: =K77/K76-1 -> 0.25514181
A78: Industrial | C78: =+'Util Rev and Load Data'!AA86 -> 733043458 | F78: 2018 | G78: 723172968 | J78: 2020 | K78: 1526885.5 | L78: =K78/K77-1 -> -0.12534895
A79: Net Meter Customer Adjustment | C79: =IF(H$59=1,H79,0) -> 0 | F79: 2019 | G79: =SUM(C78:C79) -> 733043458 | H79: =G79/G78-1 -> 0.013648865
A80: Sales Forecast Adjustment (2019-2021) | C80: =IF(H$60=1,H80,0) -> -25656521 | F80: -0.035 | G80: 1 | H80: =F80*G80*C$78 -> -25656521 | J80: 2020 kWh Splits | K80: kWh | L80: %
A81: Net Industrial | B81: =C81/C83 -> 0.16069744 | C81: =SUM(C78:C80) -> 7.0738694e+08 | D81: =B51 -> 4968187.2 | E81: =D81/C81 -> 0.0070232951 | H81: =SUM(H79:H80) -> -25656521 | J81: Industrial Non-Demand | K81: 6568991.2 | L81: =K81/SUM(K81:K82) -> 0.009597958
J82: Industrial Demand | K82: 6.7784651e+08 | L82: =1-L81 -> 0.99040204
A83: Total kWh | B83: =SUM(B68:B81) -> 1 | C83: =C68+C75+C81 -> 4.4019801e+09 | D83: =SUM(D68:D81) -> 46679702 | E83: =D83/C83 -> 0.010604251 | H83: =H81+H75+H68 -> -1.654221e+08 | K83: =SUM(K81:K82) -> 6.844155e+08
B85: RATE | C85: Final Rates with Gross Receipts and Wx Taxes
A86: Unit kWh rate for each customer class | B86: w/o Tax | C86: Tax Adjustment (formula=(rate w/o tax)*1.01025)
A87: Residential | B87: =E68 -> 0.010407504 | D87: =B87*1.01025 -> 0.01051418 | E87: $/kWh
A88: Commercial | B88: =E75 -> 0.012351135 | D88: =B88*1.01025 -> 0.012477734 | E88: $/kWh
A89: Industrial | B89: =E81 -> 0.0070232951 | D89: =B89*1.01025 -> 0.0070952838 | E89: $/kWh
A90: Average kWh rate all classes | B90: =E83 -> 0.010604251 | D90: =B90*1.01025 -> 0.010712945 | E90: $/kWh
D96: EEC To Be | F96: EEC
A97: COMMERCIAL CUSTOMERS | D97: Billed | E97: EEC Rate | F97: Billing Unit
A98: Total kWh for demand and non-demand customers | C98: =C75 -> 1.6772848e+09 | E98: =D88 -> 0.012477734 | F98: kwh
A99: Amount To Be Collected From Commercial Customers | C99: =C98*E98 -> 20928714 | D99: =C98*D88 -> 20928714
A101: EEC Charge for non-demand customers | C101: =C98*L71 -> 3.186328e+08 | D101: =C101*D88 -> 3975815.5 | E101: =D101/C101 -> 0.012477734 | F101: kWh
A102: Balance To Be Collected from Commercial Demand Customers | D102: =D99-D101 -> 16952898
A104: EEC Charge demand customers
A105: Apportion Balance of EEC To Be Collected Between kWh and kW | C105: =C101/(C101+B106) -> 0.18996941
A106: kWh Sales | B106: =C98-C101 -> 1.358652e+09 | E106: =D107/B106 -> 0.0079624133 | F106: kWh
A107: Reported Energy Revenue | B107: ='Util Rev and Load Data'!K42 -> 1.3914374e+08 | C107: =B107/B112 -> 0.63812973 | D107: =D102*C107 -> 10818148
A109: billed kW Sales (peak) | B109: =K68 -> 4069140 | E109: =D110/B109 -> 1.5076281 | F109: kW
A110: Reported kW Revenue (total) | B110: ='Util Rev and Load Data'!N42 -> 78905560 | C110: =B110/B112 -> 0.36187027 | D110: =D102*C110 -> 6134750
A112: Total Revenue (excluding customer chg rev) | B112: =SUM(B107,B110) -> 2.180493e+08 | C112: =SUM(C107:C110) -> 1 | D112: =SUM(D107:D110) -> 16952898
A114: INDUSTRIAL CUSTOMERS
A115: Total kWh for demand and non-demand customers | C115: =C81 -> 7.0738694e+08 | E115: =D89 -> 0.0070952838
A116: Amount to be collected from Industrial Customers | D116: =C115*D89 -> 5019111.1
A118: EEC Charge for non-demand customers | C118: =C115*L81 -> 6789470.1 | D118: =C118*D89 -> 48173.217 | E118: =D118/C118 -> 0.0070952838 | F118: kWh
A119: Balance To Be Collected from Industrial Demand Customers | D119: =D116-D118 -> 4970937.9
A121: EEC Charge demand customers
A122: Apportion Balance EEC To Be Collected Between kWh and kW
...

Sheet EEC Rates Report
A1: EFFICIENCY VERMONT
A2: Calculation of EEC Rates for 2021
C4: 2021 EVT EEC | F4: 2020 EVT EEC
A5: Rate Classifications | C5: 5.300 Methodology | F5: PUC Ordered | J5: Revenue under each Methodology
C6: Rate | D6: Unit | F6: Rate | G6: % chg | I6: Method: | J6: 2020 Rates | K6: 5.300 w/ all Credits | L6: Flat % Increase w/ all Credits | N6: Flat % Increase w/o '15-17 Carryover
A7: Customers Without Demand Charges | I7: Sector | J7: Collections | K7: Collections | L7: Collections | M7: Variance to 5.300 | N7: Collections | O7: Variance to 5.300
A8: Residential | C8: ='EEC Calculation'!D87 -> 0.01051418 | D8: $/kWh | F8: 0.011881085 | G8: =(C8-F8)/F8 -> -0.11504881 | I8: Residential | J8: =B31*C31 -> 23967812 | K8: =D31*B31 -> 21210344 | L8: =L31 -> 24355161 | M8: =L8-K8 -> 3144816.9 | N8: =O31 -> 25105600 | O8: =N8-K8 -> 3895256
A9: Commercial | C9: ='EEC Calculation'!D88 -> 0.012477734 | D9: $/kWh | F9: 0.010236808 | G9: =(+C9-F9)/F9 -> 0.21890874 | I9: Commercial | J9: =B32*C32+B37*C37+B38*C38+B44*C44 -> 16887448 | K9: =D32*B32+D37*B37+D38*B38+D44*B44 -> 20928714 | L9: =L32+L37+L38+L44 -> 17160369 | M9: =L9-K9 -> -3768344.9 | N9: =O32+O37+O38+O44 -> 17689120 | O9: =N9-K9 -> -3239594.1
A10: Industrial | C10: ='EEC Calculation'!D89 -> 0.0070952838 | D10: $/kWh | F10: 0.0075702524 | G10: =(+C10-F10)/F10 -> -0.062741438 | I10: Industrial | J10: =B33*C33+B40*C40+B41*C41 -> 5552897.9 | K10: =C10*B33+C17*B40+C18*B41 -> 5019111.1 | L10: =L33+L40+L41 -> 5642639.4 | M10: =L10-K10 -> 623528.3 | N10: =O33+O40+O41 -> 5816502.2 | O10: =N10-K10 -> 797391.15
I11: Total | J11: =SUM(J8:J10) -> 46408158 | K11: =SUM(K8:K10) -> 47158169 | L11: =SUM(L8:L10) -> 47158169 | M11: =SUM(M8:M10) -> 0.24367366 | N11: =SUM(N8:N10) -> 48611222 | O11: =SUM(O8:O10) -> 1453053.1
A12: Customers With Demand Charges
A13: Commercial | I13: Residential | J13: =B31*C31 -> 23967812 | K13: =D31*B31 -> 21210344 | L13: =L31 -> 24355161 | M13: =L13-K13 -> 3144816.9 | N13: =O31 -> 25105600 | O13: =N13-K13 -> 3895256
B14: kWh | C14: ='EEC Calculation'!E106 -> 0.0079624133 | D14: $/kWh | F14: 0.006619772 | G14: =(+C14-F14)/F14 -> 0.20282289 | I14: Commercial
B15: kW | C15: ='EEC Calculation'!E109 -> 1.5076281 | D15: $/kW | F15: 1.13825 | G15: =(+C15-F15)/F15 -> 0.32451407 | I15: Non-Demand | J15: =B32*C32+B44*C44 -> 3261782.7 | K15: =D32*B32+D44*B44 -> 3975815.5 | L15: =L32+L44 -> 3314497.1 | M15: =L15-K15 -> -661318.41 | N15: =O32+O44 -> 3416624.4 | O15: =N15-K15 -> -559191.05
A16: Industrial | I16: Demand | J16: =B37*C37+B38*C38 -> 13625665 | K16: =D37*B37+D38*B38 -> 16952898 | L16: =L37+L38 -> 13845872 | M16: =L16-K16 -> -3107026.5 | N16: =O37+O38 -> 14272495 | O16: =N16-K16 -> -2680403
B17: kWh | C17: ='EEC Calculation'!E123 -> 0.0047700573 | D17: $/kWh | F17: 0.0052086164 | G17: =(+C17-F17)/F17 -> -0.084198774 | I17: Industrial
B18: kW | C18: ='EEC Calculation'!E126 -> 1.0669089 | D18: $/kW | F18: 1.21316 | G18: =(+C18-F18)/F18 -> -0.12055381 | I18: Non-Demand | J18: =B33*C33 -> 51398.002 | K18: =D33*B33 -> 48173.217 | L18: =L33 -> 52228.655 | M18: =L18-K18 -> 4055.4379 | N18: =O33 -> 53837.942 | O18: =N18-K18 -> 5664.7243
I19: Demand | J19: =B40*C40+B41*C41 -> 5501499.9 | K19: =D40*B40+D41*B41 -> 4970937.9 | L19: =L40+L41 -> 5590410.8 | M19: =L19-K19 -> 619472.87 | N19: =O40+O41 -> 5762664.3 | O19: =N19-K19 -> 791726.42
A20: Customers with Unmetered Street and Security Lights | C20: =+C9 -> 0.012477734 | D20: $/kWh | F20: 0.010236808 | G20: =(+C20-F20)/F20 -> 0.21890874 | I20: Total | J20: =SUM(J13:J19) -> 46408158 | K20: =SUM(K13:K19) -> 47158169 | L20: =SUM(L13:L19) -> 47158169 | M20: =SUM(M13:M19) -> 0.24367366 | N20: =SUM(N13:N19) -> 48611222 | O20: =SUM(O13:O19) -> 1453053.1
A23: Total EEC to be Billed By Vermont Utilities | C23: =+'EEC Calculation'!B41 -> 47158169 | F23: 51298188 | G23: =(+C23-F23)/F23 -> -0.080704978
F25: Alternative A | H25: Alternative B
A26: 2021 EEC Rate Comparison | D26: 5.300 Methodology All Credits Included | F26: Flat % Increase All Credits Included | H26: Flat % Increase without Carryover Credit
A27: Rate Classifications | B27: 2021 Projected Retail Sales | C27: 2020 EEC Rates | D27: 2021 EEC Rates | E27: % Change 2020 to 2021 | F27: 2021 EEC Rates | G27: % Change 2020 to 2021 | H27: 2021 EEC Rates | I27: % Change 2020 to 2021 | K27: Flat % Increase with All Credits | L27: 0.0161612 | N27: Flat % Increase without 2015-17 Carryover Credit | O27: 0.04747149
A29: Customers Without Demand Charges | F29: =L27 -> 0.0161612 | H29: =O27 -> 0.04747149 | L29: Flat % | O29: Flat %
K30: 2021 Sales | L30: Collections | N30: 2021 Sales | O30: Collections
A31: Residential | B31: ='EEC Calculation'!$C$68 -> 2.0173084e+09 | C31: =F8 -> 0.011881085 | D31: =C8 -> 0.01051418 | E31: =D31/C31-1 -> -0.11504881 | F31: =$C31*(1+F$29) -> 0.012073098 | G31: =F31/C31-1 -> 0.0161612 | H31: =$C31*(1+H$29) -> 0.012445098 | I31: =H31/C31-1 -> 0.04747149 | K31: ='EEC Calculation'!C68 -> 2.0173084e+09 | L31: =F31*K31 -> 24355161 | N31: =K31 -> 2.0173084e+09 | O31: =(C31*(1+O$27))*N31 -> 25105600
A32: Commercial | B32: ='EEC Calculation'!$C$101-'EEC Calculation'!$C$72 -> 3.0550622e+08 | C32: =F9 -> 0.010236808 | D32: =C9 -> 0.012477734 | E32: =D32/C32-1 -> 0.21890874 | F32: =$C32*(1+F$29) -> 0.010402247 | G32: =F32/C32-1 -> 0.0161612 | H32: =$C32*(1+H$29) -> 0.010722764 | I32: =H32/C32-1 -> 0.04747149 | K32: ='EEC Calculation'!C101-'EEC Calculation'!C72 -> 3.0550622e+08 | L32: =F32*K32 -> 3177951.1 | N32: =K32 -> 3.0550622e+08 | O32: =(C32*(1+O$27))*N32 -> 3275871.2
A33: Industrial | B33: ='EEC Calculation'!$C$118 -> 6789470.1 | C33: =F10 -> 0.0075702524 | D33: =C10 -> 0.0070952838 | E33: =D33/C33-1 -> -0.062741438 | F33: =$C33*(1+F$29) -> 0.0076925967 | G33: =F33/C33-1 -> 0.0161612 | H33: =$C33*(1+H$29) -> 0.0079296235 | I33: =H33/C33-1 -> 0.04747149 | K33: ='EEC Calculation'!C118 -> 6789470.1 | L33: =F33*K33 -> 52228.655 | N33: =K33 -> 6789470.1 | O33: =(C33*(1+O$27))*N33 -> 53837.942
A35: Customers With Demand Charges
A36: Commercial
A37: kWh | B37: ='EEC Calculation'!$B$106 -> 1.358652e+09 | C37: =F14 -> 0.006619772 | D37: =C14 -> 0.0079624133 | E37: =D37/C37-1 -> 0.20282289 | F37: =$C37*(1+F$29) -> 0.0067267554 | G37: =F37/C37-1 -> 0.0161612 | H37: =$C37*(1+H$29) -> 0.0069340224 | I37: =H37/C37-1 -> 0.04747149 | K37: ='EEC Calculation'!B106 -> 1.358652e+09 | L37: =F37*K37 -> 9139319.5 | N37: =K37 -> 1.358652e+09 | O37: =(C37*(1+O$27))*N37 -> 9420923.2
A38: kW | B38: ='EEC Calculation'!$B$109 -> 4069140 | C38: =F15 -> 1.13825 | D38: =C15 -> 1.5076281 | E38: =D38/C38-1 -> 0.32451407 | F38: =$C38*(1+F$29) -> 1.1566455 | G38: =F38/C38-1 -> 0.0161612 | H38: =$C38*(1+H$29) -> 1.1922844 | I38: =H38/C38-1 -> 0.04747149 | K38: ='EEC Calculation'!B109 -> 4069140 | L38: =F38*K38 -> 4706552.5 | N38: =K38 -> 4069140 | O38: =(C38*(1+O$27))*N38 -> 4851572.3
A39: Industrial
A40: kWh | B40: ='EEC Calculation'!$B$123 -> 7.0059747e+08 | C40: =F17 -> 0.0052086164 | D40: =C17 -> 0.0047700573 | E40: =D40/C40-1 -> -0.084198774 | F40: =$C40*(1+F$29) -> 0.0052927939 | G40: =F40/C40-1 -> 0.0161612 | H40: =$C40*(1+H$29) -> 0.0054558772 | I40: =H40/C40-1 -> 0.04747149 | K40: ='EEC Calculation'!B123 -> 7.0059747e+08 | L40: =F40*K40 -> 3708118 | N40: =K40 -> 7.0059747e+08 | O40: =(C40*(1+O$27))*N40 -> 3822373.7
A41: kW | B41: ='EEC Calculation'!$B$126 -> 1526885.5 | C41: =F18 -> 1.21316 | D41: =C18 -> 1.0669089 | E41: =D41/C41-1 -> -0.12055381 | F41: =$C41*(1+F$29) -> 1.2327661 | G41: =F41/C41-1 -> 0.0161612 | H41: =$C41*(1+H$29) -> 1.2707505 | I41: =H41/C41-1 -> 0.04747149 | K41: ='EEC Calculation'!B126 -> 1526885.5 | L41: =F41*K41 -> 1882292.8 | N41: =K41 -> 1526885.5 | O41: =(C41*(1+O$27))*N41 -> 1940290.6
A43: Customers with Unmetered Street and Security Lights
B44: ='EEC Calculation'!$C$72 -> 13126578 | C44: =F20 -> 0.010236808 | D44: =C20 -> 0.012477734 | E44: =D44/C44-1 -> 0.21890874 | F44: =$C44*(1+F$29) -> 0.010402247 | G44: =F44/C44-1 -> 0.0161612 | H44: =$C44*(1+H$29) -> 0.010722764 | I44: =H44/C44-1 -> 0.04747149 | K44: ='EEC Calculation'!C72 -> 13126578 | L44: =F44*K44 -> 136545.91 | N44: =K44 -> 13126578 | O44: =(C44*(1+O$27))*N44 -> 140753.21
K46: Forecast | L46: =SUM(L31:L44) -> 47158169 | N46: Forecast | O46: =SUM(O31:O44) -> 48611222
K47: Target Budget | L47: ='EEC Calculation'!B41 -> 47158169 | N47: Target Budget | O47: =L47-'2021 Rate Factors'!B21 -> 48611222 | P47: =O47-L47 -> 1453053
K48: Over/(Under) | L48: =L46-L47 -> 0.24367366 | N48: Over/(Under) | O48: =O46-O47 -> 0.12494911

Sheet 2021 Rate Factors
A5: Proposed 2021 Budget | B5: ='EEC Calculation'!B9 -> 46762301
A7: Budget Adjustments (positive value means lower collections have to be added back to collections)
A8: Uncollectibles 2019 | B8: =+'EEC Calculation'!B16 -> 9974.54
A9: Uncollectibles 2020 | B9: ='EEC Calculation'!B17 -> 162453.81
A10: Actual 2019 True up (includes tax error) | B10: ='EEC Calculation'!B25 -> 1198026
A11: Estimated 2020 True up (includes tax error and sales drops) | B11: =-'EEC Collection True-Up'!L33 -> 1504115.9
A12: Credits | B12: =B26 -> -2957168.9
A13: Total Budget Adjustments | B13: =SUM(B8:B12) -> -82598.692
A15: Total Collections Net of Tax | B15: =B13+B5 -> 46679702
A16: Gross Revenue and Weatherization Tax (1.025%) | B16: =B15*0.01025 -> 478466.95
A17: Total to be Collected by Utilities with Tax | B17: =SUM(B15:B16) -> 47158169
A20: Rate Adjusters or Credits
A21: 2015-2017 Carryover (DPS) | B21: =IF(B29=1,-1903053+450000,0) -> -1453053 | C21: pending Commission approval in 20-2241-PET
A22: Unbudgeted Taxes due to Tax Change July 1, 2019 | B22: ='EEC Collection True-Up'!K33 -> -7143.1591
A23: 2020 Efficiency Vermont RA Underspend | B23: =IF(B30=1,'EEC Collection True-Up'!J33/1.045,0) -> -1432509.8
A24: 2020 Operations Fee from underspend | B24: =0.0135*B23 -> -19338.882
A25: 2020 Performance Award from under spend | B25: =B23*0.0315 -> -45124.058
A26: Total Rate Adjusters | B26: =SUM(B21:B25) -> -2957168.9
A29: 5.300 Carryover Rate Toggle: | B29: 1 | C29: 1= Include 2015-2017 Carryover, 0=No 2015-2017 carryover
A30: Alternative Methodology Rate Toggle: | B30: 1 | C30: 1= Use Alternative Method, 0=No Alternative Method
